Workbook
Name DIST: 'Sch 1- Rate Base '!$Q$1:$Q$3
Name PROD: 'Sch 1- Rate Base '!$R$1:$R$3
Name PTD: 'Sch 1- Rate Base '!$P$1:$P$3
Name Ratio: 'A-RHWM_Ratios'!$D$77:$G$87
Name Ratio: Ratios!$D$77:$G$87

Sheet Revisions_2026-28
A4: 1 | B4: Change dates in Sch 1- Rate Base Tab
C6: Cell E6 | D6: Change from: | F6: 2021 | G6: to | H6: 2023
C8: Cell E7 | D8: Change from: | F8: 44743 | G8: to | H8: 45476
A11: 2 | B11: In NLSL_Base_New_Calc Tab
C13: Cell A47 | D13: Change from | F13: 2021 cost of serving NLSLs under Endnote d | G13: to | H13: 2023 cost of serving NLSLs under Endnote d
A16: 3 | B16: In Above-RHWM_Base_New_Calc Tab
C18: Cell A47 | D18: Change from | F18: 2021 cost of serving Above-RHWM Loads under Endnote d | G18: to | H18: 2023 cost of serving Above-RHWM Loads under Endnote d
A21: 4 | B21: Updated all Footers from | F21: FY 2024-2025 ASC Filing | G21: to | H21: FY 2024-2025 ASC Filing
A24: 5 | B24: In New Resources-Individual and New Resources Group Tabs
C26: Cell B3 | D26: Change from | F26: 45566 | G26: to | H26: 46478 | I26: Midpoint is different because of the three year rate period
A28: 6 | B28: In Schedule 1 - Rate Base
C30: Check all account numbers

Sheet TOC
A1: FY 2026-2028 ASC Appendix 1
A2: Table of Contents
A4: 1 | B4: Schedule 1 - Rate Base
A5: 2 | B5: Schedule 1A - Cash Working Capital
A6: 3 | B6: Schedule 2 -Rate of Return
A7: 5 | B7: Schedule 3 - Expenses
A8: 6 | B8: Schedule 3A - Taxes
A9: 7 | B9: Schedule 3B - Other Items
A10: 8 | B10: Schedule 4 - Average System Cost
A11: 9 | B11: 3-YEAR PP & OSS Worksheet
A12: 10 | B12: Load Forecast
A13: 11 | B13: Distribution Loss Calc
A14: 12 | B14: Salaries
A15: 13 | B15: Ratios
... A24: 22 | B24: Tiered Rates

Sheet Sch 1- Rate Base 
A1: BONNEVILLE POWER ADMINISTRATION
A2: RESIDENTIAL PURCHASE AND SALES AGREEMENT
A3: 2008 Average System Cost Methodology (ASCM) Appendix 1
A5: TOC | D5: UTILITY NAME: | E5: PUGET SOUND ENERGY | I5: BPA Reviews:
A6: é | D6: End of Year Report Period: | E6: 2023
D7: ASC Filing Date: | E7: 45474
A10: Schedule 1: Plant Investment / Rate Base
A12: Account Description | C12: FERC Form 1 | E12: Functionalization | G12: Total | H12: Production | I12: Transmission | J12: Distribution/ Other | L12: Production | M12: Transmission
C13: Page | D13: Account | E13: Method | N13: Distribution/
C14: Number | D14: Numbers | E14: Default | F14: Optional | N14: Other
A15: Intangible Plant:
B16: Intangible Plant - Organization | C16: 204-207 | D16: 301 | E16: DIST | G16: ='FERC p204-207 Electric Plant'!H13 -> 114202 | H16: =VLOOKUP($E16,Ratio,2,FALSE)*$G16 -> 0 | I16: =VLOOKUP($E16,Ratio,3,FALSE)*$G16 -> 0 | J16: =VLOOKUP($E16,Ratio,4,FALSE)*$G16 -> 114202
B17: Intangible Plant - Franchises and Consents | C17: 204-207 | D17: 302 | E17: DIRECT | F17: PTD | G17: ='FERC p204-207 Electric Plant'!H14 -> 80196650 | H17: =IF($E17="DIRECT",$L17,VLOOKUP($E17,Ratio,2,FALSE)*$G17) -> 55817303 | I17: =IF($E17="DIRECT",$M17,VLOOKUP($E17,Ratio,3,FALSE)*$G17) -> 0 | J17: =IF($E17="DIRECT",$N17,VLOOKUP($E17,Ratio,4,FALSE)*$G17) -> 24379346 | L17: ='E Intangible_Summary'!G12 -> 55817303 | M17: ='E Intangible_Summary'!H12 -> 0 | N17: ='E Intangible_Summary'!I12 -> 24379346
B18: Intangible Plant - Miscellaneous | C18: 204-207 | D18: 303 | E18: DIRECT | F18: DIST | G18: ='FERC p204-207 Electric Plant'!H15 -> 75530269 | H18: =IF($E18="DIRECT",$L18,VLOOKUP($E18,Ratio,2,FALSE)*$G18) -> 10321489 | I18: =IF($E18="DIRECT",$M18,VLOOKUP($E18,Ratio,3,FALSE)*$G18) -> 0 | J18: =IF($E18="DIRECT",$N18,VLOOKUP($E18,Ratio,4,FALSE)*$G18) -> 65208779 | L18: ='E Intangible_Summary'!G19 -> 10321489 | M18: ='E Intangible_Summary'!H19 -> 0 | N18: ='E Intangible_Summary'!I19 -> 65208779
A19: Total Intangible Plant | G19: =SUM(G16:G18) -> 155841121 | H19: =SUM(H16:H18) -> 66138792 | I19: =SUM(I16:I18) -> 0 | J19: =SUM(J16:J18) -> 89702327
A21: Production Plant:
B22: Steam Production | C22: 204-207 | D22: 310-317 | E22: PROD | G22: ='FERC p204-207 Electric Plant'!H27 -> 1034308926 | H22: =VLOOKUP($E22,Ratio,2,FALSE)*$G22 -> 1034308926 | I22: =VLOOKUP($E22,Ratio,3,FALSE)*$G22 -> 0 | J22: =VLOOKUP($E22,Ratio,4,FALSE)*$G22 -> 0
B23: Nuclear Production | C23: 204-207 | D23: 320-326 | E23: PROD | G23: ='FERC p204-207 Electric Plant'!H36 -> 0 | H23: =VLOOKUP($E23,Ratio,2,FALSE)*$G23 -> 0 | I23: =VLOOKUP($E23,Ratio,3,FALSE)*$G23 -> 0 | J23: =VLOOKUP($E23,Ratio,4,FALSE)*$G23 -> 0
B24: Hydraulic Production | C24: 204-207 | D24: 330-337 | E24: PROD | G24: ='FERC p204-207 Electric Plant'!H46 -> 788941762 | H24: =VLOOKUP($E24,Ratio,2,FALSE)*$G24 -> 788941762 | I24: =VLOOKUP($E24,Ratio,3,FALSE)*$G24 -> 0 | J24: =VLOOKUP($E24,Ratio,4,FALSE)*$G24 -> 0
B25: Other Production | C25: 204-207 | D25: 340-348 | E25: PROD | G25: ='FERC p204-207 Electric Plant'!H57 -> 2079134143 | H25: =VLOOKUP($E25,Ratio,2,FALSE)*$G25 -> 2079134143 | I25: =VLOOKUP($E25,Ratio,3,FALSE)*$G25 -> 0 | J25: =VLOOKUP($E25,Ratio,4,FALSE)*$G25 -> 0
A26: Total Production Plant | G26: =SUM(G22:G25) -> 3902384831 | H26: =SUM(H22:H25) -> 3902384831 | I26: =SUM(I22:I25) -> 0 | J26: =SUM(J22:J25) -> 0
B29: Transmission Plant | C29: 204-207 | D29: 350-359.1 | E29: TRANS | G29: ='FERC p204-207 Electric Plant'!H76 -> 1992381238 | H29: =VLOOKUP($E29,Ratio,2,FALSE)*$G29 -> 0 | I29: =VLOOKUP($E29,Ratio,3,FALSE)*$G29 -> 0 | J29: =VLOOKUP($E29,Ratio,4,FALSE)*$G29 -> 1992381238
A30: Total Transmission Plant | G30: =SUM(G29) -> 1992381238 | H30: =SUM(H29) -> 0 | I30: =SUM(I29) -> 0 | J30: =SUM(J29) -> 1992381238
A32: Distribution Plant:
B33: Distribution Plant | C33: 204-207 | D33: 360-374 | E33: DIST | G33: ='FERC p204-207 Electric Plant'!H93 -> 5283922742 | H33: =VLOOKUP($E33,Ratio,2,FALSE)*$G33 -> 0 | I33: =VLOOKUP($E33,Ratio,3,FALSE)*$G33 -> 0 | J33: =VLOOKUP($E33,Ratio,4,FALSE)*$G33 -> 5283922742
A34: Total Distribution Plant | G34: =SUM(G33) -> 5283922742 | H34: =SUM(H33) -> 0 | I34: =SUM(I33) -> 0 | J34: =SUM(J33) -> 5283922742
A36: General Plant:
B37: Land and Land Rights | C37: 204-207 | D37: 389 | E37: PTD | G37: ='FERC p204-207 Electric Plant'!H104 -> 5100521 | H37: =VLOOKUP($E37,Ratio,2,FALSE)*$G37 -> 1780548.3 | I37: =VLOOKUP($E37,Ratio,3,FALSE)*$G37 -> 0 | J37: =VLOOKUP($E37,Ratio,4,FALSE)*$G37 -> 3319972.7
B38: Structures and Improvements | C38: 204-207 | D38: 390 | E38: PTD | G38: ='FERC p204-207 Electric Plant'!H105 -> 126721170 | H38: =VLOOKUP($E38,Ratio,2,FALSE)*$G38 -> 44237279 | I38: =VLOOKUP($E38,Ratio,3,FALSE)*$G38 -> 0 | J38: =VLOOKUP($E38,Ratio,4,FALSE)*$G38 -> 82483891
B39: Furniture and Equipment | C39: 204-207 | D39: 391 | E39: LABOR | G39: ='FERC p204-207 Electric Plant'!H106 -> 31597697 | H39: =VLOOKUP($E39,Ratio,2,FALSE)*$G39 -> 10737850 | I39: =VLOOKUP($E39,Ratio,3,FALSE)*$G39 -> 0 | J39: =VLOOKUP($E39,Ratio,4,FALSE)*$G39 -> 20859847
B40: Transportation Equipment | C40: 204-207 | D40: 392 | E40: TD | G40: ='FERC p204-207 Electric Plant'!H107 -> 3994065 | H40: =VLOOKUP($E40,Ratio,2,FALSE)*$G40 -> 0 | I40: =VLOOKUP($E40,Ratio,3,FALSE)*$G40 -> 0 | J40: =VLOOKUP($E40,Ratio,4,FALSE)*$G40 -> 3994065
B41: Stores Equipment | C41: 204-207 | D41: 393 | E41: PTD | G41: ='FERC p204-207 Electric Plant'!H108 -> 1969191 | H41: =VLOOKUP($E41,Ratio,2,FALSE)*$G41 -> 687427.77 | I41: =VLOOKUP($E41,Ratio,3,FALSE)*$G41 -> 0 | J41: =VLOOKUP($E41,Ratio,4,FALSE)*$G41 -> 1281763.2
B42: Tools and Garage Equipment | C42: 204-207 | D42: 394 | E42: PTD | G42: ='FERC p204-207 Electric Plant'!H109 -> 32372182 | H42: =VLOOKUP($E42,Ratio,2,FALSE)*$G42 -> 11300852 | I42: =VLOOKUP($E42,Ratio,3,FALSE)*$G42 -> 0 | J42: =VLOOKUP($E42,Ratio,4,FALSE)*$G42 -> 21071330
B43: Laboratory Equipment | C43: 204-207 | D43: 395 | E43: PTD | G43: ='FERC p204-207 Electric Plant'!H110 -> 5973622 | H43: =VLOOKUP($E43,Ratio,2,FALSE)*$G43 -> 2085340.4 | I43: =VLOOKUP($E43,Ratio,3,FALSE)*$G43 -> 0 | J43: =VLOOKUP($E43,Ratio,4,FALSE)*$G43 -> 3888281.6
B44: Power Operated Equipment | C44: 204-207 | D44: 396 | E44: TD | G44: ='FERC p204-207 Electric Plant'!H111 -> 2715513 | H44: =VLOOKUP($E44,Ratio,2,FALSE)*$G44 -> 0 | I44: =VLOOKUP($E44,Ratio,3,FALSE)*$G44 -> 0 | J44: =VLOOKUP($E44,Ratio,4,FALSE)*$G44 -> 2715513
B45: Communication Equipment | C45: 204-207 | D45: 397 | E45: PTD | G45: ='FERC p204-207 Electric Plant'!H112 -> 105832047 | H45: =VLOOKUP($E45,Ratio,2,FALSE)*$G45 -> 36945064 | I45: =VLOOKUP($E45,Ratio,3,FALSE)*$G45 -> 0 | J45: =VLOOKUP($E45,Ratio,4,FALSE)*$G45 -> 68886983
B46: Miscellaneous Equipment | C46: 204-207 | D46: 398 | E46: PTD | G46: ='FERC p204-207 Electric Plant'!H113 -> 381575 | H46: =VLOOKUP($E46,Ratio,2,FALSE)*$G46 -> 133204.57 | I46: =VLOOKUP($E46,Ratio,3,FALSE)*$G46 -> 0 | J46: =VLOOKUP($E46,Ratio,4,FALSE)*$G46 -> 248370.43
B47: Other Tangible Property | C47: 204-207 | D47: 399 | E47: DIRECT | F47: PTD | G47: ='FERC p204-207 Electric Plant'!H115 -> 0 | H47: =IF($E47="DIRECT",$L47,VLOOKUP($E47,Ratio,2,FALSE)*$G47) -> 0 | I47: =IF($E47="DIRECT",$M47,VLOOKUP($E47,Ratio,3,FALSE)*$G47) -> 0 | J47: =IF($E47="DIRECT",$N47,VLOOKUP($E47,Ratio,4,FALSE)*$G47) -> 0 | L47: 0 | M47: 0 | N47: 0
B48: Asset Retirement Costs for General Plant | C48: 204-207 | D48: 399.1 | E48: PTD | G48: ='FERC p204-207 Electric Plant'!H116 -> 0 | H48: =VLOOKUP($E48,Ratio,2,FALSE)*$G48 -> 0 | I48: =VLOOKUP($E48,Ratio,3,FALSE)*$G48 -> 0 | J48: =VLOOKUP($E48,Ratio,4,FALSE)*$G48 -> 0
A50: Total General Plant | G50: =SUM(G37:G49) -> 316657583 | H50: =SUM(H37:H49) -> 1.0790757e+08 | I50: =SUM(I37:I49) -> 0 | J50: =SUM(J37:J49) -> 2.0875002e+08
A52: Total Electric Plant In-Service | G52: =G19+G26+G30+G34+G50 -> 11651187515 | H52: =H19+H26+H30+H34+H50 -> 4.0764312e+09 | I52: =I19+I26+I30+I34+I50 -> 0 | J52: =J19+J26+J30+J34+J50 -> 7.5747563e+09
A53: (Total Intangible + Total Production + Total Transmission + Total Distribution + Total General)
A55: LESS:
A56: Depreciation and Amortization Reserve
B57: Steam Production Plant | C57: 219 | D57: 108 | E57: PROD | G57: ='FERC p219 Acc. Depr. Elec Plant'!D32 -> 953504602 | H57: =VLOOKUP($E57,Ratio,2,FALSE)*$G57 -> 953504602 | I57: =VLOOKUP($E57,Ratio,3,FALSE)*$G57 -> 0 | J57: =VLOOKUP($E57,Ratio,4,FALSE)*$G57 -> 0
B58: Nuclear Production Plant | C58: 219 | D58: 108 | E58: PROD | G58: ='FERC p219 Acc. Depr. Elec Plant'!D33 -> 0 | H58: =VLOOKUP($E58,Ratio,2,FALSE)*$G58 -> 0 | I58: =VLOOKUP($E58,Ratio,3,FALSE)*$G58 -> 0 | J58: =VLOOKUP($E58,Ratio,4,FALSE)*$G58 -> 0
B59: Hydraulic Production Plant | C59: 219 | D59: 108 | E59: PROD | G59: =SUM('FERC p219 Acc. Depr. Elec Plant'!D34:D35) -> 270525277 | H59: =VLOOKUP($E59,Ratio,2,FALSE)*$G59 -> 270525277 | I59: =VLOOKUP($E59,Ratio,3,FALSE)*$G59 -> 0 | J59: =VLOOKUP($E59,Ratio,4,FALSE)*$G59 -> 0
B60: Other Production Plant | C60: 219 | D60: 108 | E60: PROD | G60: ='FERC p219 Acc. Depr. Elec Plant'!D36 -> 1084449271 | H60: =VLOOKUP($E60,Ratio,2,FALSE)*$G60 -> 1084449271 | I60: =VLOOKUP($E60,Ratio,3,FALSE)*$G60 -> 0 | J60: =VLOOKUP($E60,Ratio,4,FALSE)*$G60 -> 0
B61: Transmission Plant (i) | C61: 219 | D61: 108 | E61: TRANS | G61: ='FERC p219 Acc. Depr. Elec Plant'!D37 -> 663408032 | H61: =VLOOKUP($E61,Ratio,2,FALSE)*$G61 -> 0 | I61: =VLOOKUP($E61,Ratio,3,FALSE)*$G61 -> 0 | J61: =VLOOKUP($E61,Ratio,4,FALSE)*$G61 -> 663408032
B62: Distribution Plant | C62: 219 | D62: 108 | E62: DIST | G62: ='FERC p219 Acc. Depr. Elec Plant'!D38 -> 2008273620 | H62: =VLOOKUP($E62,Ratio,2,FALSE)*$G62 -> 0 | I62: =VLOOKUP($E62,Ratio,3,FALSE)*$G62 -> 0 | J62: =VLOOKUP($E62,Ratio,4,FALSE)*$G62 -> 2008273620
B63: General Plant | C63: 219 | D63: 108 | E63: GP | G63: ='FERC p219 Acc. Depr. Elec Plant'!D40 -> 199145541 | H63: =VLOOKUP($E63,Ratio,2,FALSE)*$G63 -> 67862927 | I63: =VLOOKUP($E63,Ratio,3,FALSE)*$G63 -> 0 | J63: =VLOOKUP($E63,Ratio,4,FALSE)*$G63 -> 1.3128261e+08
B64: Amortization of Intangible Plant - Account 301 | C64: 219 | D64: 111 | E64: DIST | G64: ='FERC p200-201 Utility Plant'!N4 -> 0 | H64: =VLOOKUP($E64,Ratio,2,FALSE)*$G64 -> 0 | I64: =VLOOKUP($E64,Ratio,3,FALSE)*$G64 -> 0 | J64: =VLOOKUP($E64,Ratio,4,FALSE)*$G64 -> 0
B65: Amortization of Intangible Plant - Account 302 | C65: 219 | D65: 111 | E65: DIRECT | F65: PTD | G65: ='FERC p200-201 Utility Plant'!N5 -> 30864424 | H65: =IF($E65="DIRECT",$L65,VLOOKUP($E65,Ratio,2,FALSE)*$G65) -> 19280614 | I65: =IF($E65="DIRECT",$M65,VLOOKUP($E65,Ratio,3,FALSE)*$G65) -> 0 | J65: =IF($E65="DIRECT",$N65,VLOOKUP($E65,Ratio,4,FALSE)*$G65) -> 11583810 | L65: ='E Intangible_Summary'!G42 -> 19280614 | M65: ='E Intangible_Summary'!H42 -> 0 | N65: ='E Intangible_Summary'!I42 -> 11583810
B66: Amortization of Intangible Plant - Account 303 | C66: 219 | D66: 111 | E66: DIRECT | F66: DIST | G66: =SUM('FERC p200-201 Utility Plant'!N6:N7) -> 18084328 | H66: =IF($E66="DIRECT",$L66,VLOOKUP($E66,Ratio,2,FALSE)*$G66) -> 3441408.3 | I66: =IF($E66="DIRECT",$M66,VLOOKUP($E66,Ratio,3,FALSE)*$G66) -> 0 | J66: =IF($E66="DIRECT",$N66,VLOOKUP($E66,Ratio,4,FALSE)*$G66) -> 14642920 | L66: ='E Intangible_Summary'!G49+'E Intangible_Summary'!G57 -> 3441408.3 | M66: ='E Intangible_Summary'!H49+'E Intangible_Summary'!H57 -> 0 | N66: ='E Intangible_Summary'!I49+'E Intangible_Summary'!I57 -> 14642920
B67: Mining Plant Depreciation | C67: 219 | D67: 108 | E67: PROD | G67: 0 | H67: =VLOOKUP($E67,Ratio,2,FALSE)*$G67 -> 0 | I67: =VLOOKUP($E67,Ratio,3,FALSE)*$G67 -> 0 | J67: =VLOOKUP($E67,Ratio,4,FALSE)*$G67 -> 0
B68: Amortization of Plant Held for Future Use | C68: 219 | D68: 111 | E68: TRANS | G68: ='FERC p219 Acc. Depr. Elec Plant'!E37 -> 162425 | H68: =VLOOKUP($E68,Ratio,2,FALSE)*$G68 -> 0 | I68: =VLOOKUP($E68,Ratio,3,FALSE)*$G68 -> 0 | J68: =VLOOKUP($E68,Ratio,4,FALSE)*$G68 -> 162425
B69: Capital Lease - Common Plant | C69: 219 | D69: 108 | E69: DIRECT | F69: PTD | G69: 0 | H69: =IF($E69="DIRECT",$L69,VLOOKUP($E69,Ratio,2,FALSE)*$G69) -> 0 | I69: =IF($E69="DIRECT",$M69,VLOOKUP($E69,Ratio,3,FALSE)*$G69) -> 0 | J69: =IF($E69="DIRECT",$N69,VLOOKUP($E69,Ratio,4,FALSE)*$G69) -> 0
B70: Leasehold Improvements | C70: 200-201 | D70: 108 | E70: DIRECT | F70: DIST | G70: 0 | H70: =IF($E70="DIRECT",$L70,VLOOKUP($E70,Ratio,2,FALSE)*$G70) -> 0 | I70: =IF($E70="DIRECT",$M70,VLOOKUP($E70,Ratio,3,FALSE)*$G70) -> 0 | J70: =IF($E70="DIRECT",$N70,VLOOKUP($E70,Ratio,4,FALSE)*$G70) -> 0
B71: In-Service: Depreciation of Common Plant (a) | C71: 200-201 | D71: 108 | E71: DIRECT | F71: PTD | G71: ='FERC p200-201 Utility Plant'!I28*'Four Factor Allocator'!$C$5 -> 86358710 | H71: =IF($E71="DIRECT",$L71,VLOOKUP($E71,Ratio,2,FALSE)*$G71) -> 23510848 | I71: =IF($E71="DIRECT",$M71,VLOOKUP($E71,Ratio,3,FALSE)*$G71) -> 0 | J71: =IF($E71="DIRECT",$N71,VLOOKUP($E71,Ratio,4,FALSE)*$G71) -> 62847862 | L71: ='389-399 Common_Summary'!H61 -> 23510848 | M71: ='389-399 Common_Summary'!I61 -> 0 | N71: ='389-399 Common_Summary'!J61 -> 62847862
B72: Amortization of Other Utility Plant (a) | C72: 200-201 | D72: 108 | E72: DIRECT | F72: DIST | G72: =('FERC p200-201 Utility Plant'!I31-'C Intangible_Summary'!$O$33)*'Four Factor Allocator'!$C$5-G71 -> 90080743 | H72: =IF($E72="DIRECT",$L72,VLOOKUP($E72,Ratio,2,FALSE)*$G72) -> 28133790 | I72: =IF($E72="DIRECT",$M72,VLOOKUP($E72,Ratio,3,FALSE)*$G72) -> 0 | J72: =IF($E72="DIRECT",$N72,VLOOKUP($E72,Ratio,4,FALSE)*$G72) -> 61946952 | L72: ='C Intangible_Summary'!H39-L71 -> 28133790 | M72: ='C Intangible_Summary'!I39-M71 -> 0 | N72: ='C Intangible_Summary'!J39-N71 -> 61946952
B73: Amortization of Acquisition Adjustments | C73: 200-201 | D73: 115 | E73: DIRECT | F73: DIST | G73: ='FERC p200-201 Utility Plant'!C42 -> 177057826 | H73: =IF($E73="DIRECT",$L73,VLOOKUP($E73,Ratio,2,FALSE)*$G73) -> 1.758093e+08 | I73: =IF($E73="DIRECT",$M73,VLOOKUP($E73,Ratio,3,FALSE)*$G73) -> 0 | J73: =IF($E73="DIRECT",$N73,VLOOKUP($E73,Ratio,4,FALSE)*$G73) -> 1248530.3 | L73: =-'RB Adj Direct Summary'!I24 -> 1.758093e+08 | M73: =-'RB Adj Direct Summary'!J24 -> 0 | N73: =-'RB Adj Direct Summary'!K24 -> 1248530.3
A75: Depreciation and Amortization Reserve (Other) | E75: DIRECT | H75: =IF($E75="DIRECT",$L75,VLOOKUP($E75,Ratio,2,FALSE)*$G75) -> 0 | I75: =IF($E75="DIRECT",$M75,VLOOKUP($E75,Ratio,3,FALSE)*$G75) -> 0 | J75: =IF($E75="DIRECT",$N75,VLOOKUP($E75,Ratio,4,FALSE)*$G75) -> 0
A77: Total Depreciation and Amortization Reserve | G77: =SUM(G57:G75) -> 5.5819148e+09 | H77: =SUM(H57:H75) -> 2.626518e+09 | I77: =SUM(I57:I75) -> 0 | J77: =SUM(J57:J75) -> 2.9553968e+09
A79: Total Net Plant | G79: =G52-G77 -> 6.0692727e+09 | H79: =H52-H77 -> 1.4499132e+09 | I79: =I52-I77 -> 0 | J79: =J52-J77 -> 4.6193596e+09
A80: (Total Electric Plant In-Service) - (Total Depreciation & Amortization)
A82: Assets and Other Debits (Comparative Balance Sheet)
A84: Cash Working Capital (f) | C84: Calculation: Automatic Input from Sch 1A | G84: ='Sch 1A - Cash Working Capital'!C24 -> 1.0818003e+08 | H84: ='Sch 1A - Cash Working Capital'!D24 -> 61843517 | I84: ='Sch 1A - Cash Working Capital'!E24 -> 0 | J84: ='Sch 1A - Cash Working Capital'!F24 -> 46336508
A86: Utility Plant
B87: (Utility Plant) Held For Future Use | C87: 200-201 | D87: 105 | E87: DIST | G87: ='FERC p200-201 Utility Plant'!D20 -> 49315001 | H87: =VLOOKUP($E87,Ratio,2,FALSE)*$G87 -> 0 | I87: =VLOOKUP($E87,Ratio,3,FALSE)*$G87 -> 0 | J87: =VLOOKUP($E87,Ratio,4,FALSE)*$G87 -> 49315001
B88: (Utility Plant) Completed Construction - Not Classified | C88: 200-201 | D88: 106 | E88: PTD | G88: 0 | H88: =VLOOKUP($E88,Ratio,2,FALSE)*$G88 -> 0 | I88: =VLOOKUP($E88,Ratio,3,FALSE)*$G88 -> 0 | J88: =VLOOKUP($E88,Ratio,4,FALSE)*$G88 -> 0
B89: Nuclear Fuel | C89: 320-323 | D89: 120.1-120.6 | E89: PROD | G89: 0 | H89: =VLOOKUP($E89,Ratio,2,FALSE)*$G89 -> 0 | I89: =VLOOKUP($E89,Ratio,3,FALSE)*$G89 -> 0 | J89: =VLOOKUP($E89,Ratio,4,FALSE)*$G89 -> 0
B90: Construction Work in Progress (CWIP) | C90: 200-201 | D90: 107 & 120.1 | E90: DIST | G90: ='FERC p200-201 Utility Plant'!D21 -> 1060266765 | H90: =VLOOKUP($E90,Ratio,2,FALSE)*$G90 -> 0 | I90: =VLOOKUP($E90,Ratio,3,FALSE)*$G90 -> 0 | J90: =VLOOKUP($E90,Ratio,4,FALSE)*$G90 -> 1060266765
B91: Common Plant | C91: 356 | E91: DIRECT | G91: ='FERC p200-201 Utility Plant'!$I$23*'Four Factor Allocator'!$C$5 -> 8.0015891e+08 | H91: =IF($E91="DIRECT",$L91,VLOOKUP($E91,Ratio,2,FALSE)*$G91) -> 2.6336577e+08 | I91: =IF($E91="DIRECT",$M91,VLOOKUP($E91,Ratio,3,FALSE)*$G91) -> 0 | J91: =IF($E91="DIRECT",$N91,VLOOKUP($E91,Ratio,4,FALSE)*$G91) -> 5.3679314e+08 | L91: ='389-399 Common_Summary'!H28 -> 2.6336577e+08 | M91: ='389-399 Common_Summary'!I28 -> 0 | N91: ='389-399 Common_Summary'!J28 -> 5.3679314e+08
B92: Acquisition Adjustments (Electric) | C92: 200-201 | D92: 114 | E92: DIRECT | F92: DIST | G92: ='FERC p200-201 Utility Plant'!D22 -> 282791675 | H92: =IF($E92="DIRECT",$L92,VLOOKUP($E92,Ratio,2,FALSE)*$G92) -> 2.8154314e+08 | I92: =IF($E92="DIRECT",$M92,VLOOKUP($E92,Ratio,3,FALSE)*$G92) -> 0 | J92: =IF($E92="DIRECT",$N92,VLOOKUP($E92,Ratio,4,FALSE)*$G92) -> 1248530.3 | L92: ='RB Adj Direct Summary'!I17 -> 2.8154314e+08 | M92: ='RB Adj Direct Summary'!J17 -> 0 | N92: ='RB Adj Direct Summary'!K17 -> 1248530.3
B93: Total | G93: =SUM(G87:G92) -> 2.1925323e+09 | H93: =SUM(H87:H92) -> 5.4490891e+08 | I93: =SUM(I87:I92) -> 0 | J93: =SUM(J87:J92) -> 1.6476234e+09
A95: Other Property and Investments
B96: Investment in Associated Companies | C96: 110-111 | D96: 123 | E96: DIRECT | F96: DIST | G96: ='FERC p110-111 Assets'!D30 -> 0 | H96: =IF($E96="DIRECT",$L96,VLOOKUP($E96,Ratio,2,FALSE)*$G96) -> 0 | I96: =IF($E96="DIRECT",$M96,VLOOKUP($E96,Ratio,3,FALSE)*$G96) -> 0 | J96: =IF($E96="DIRECT",$N96,VLOOKUP($E96,Ratio,4,FALSE)*$G96) -> 0 | L96: ='RB Adj Direct Summary'!I26 -> 0 | M96: ='RB Adj Direct Summary'!J26 -> 0 | N96: ='RB Adj Direct Summary'!K26 -> 0
B97: Other Investment | C97: 110-111 | D97: 124 | E97: DIST | G97: ='Reconcile Other RB Items'!H19 -> 29310582 | H97: =VLOOKUP($E97,Ratio,2,FALSE)*$G97 -> 0 | I97: =VLOOKUP($E97,Ratio,3,FALSE)*$G97 -> 0 | J97: =VLOOKUP($E97,Ratio,4,FALSE)*$G97 -> 29310582
B98: Long-Term Portion of Derivative Assets | C98: 110-111 | D98: 175 | E98: DIST | G98: ='Reconcile Other RB Items'!I349 -> 30098822 | H98: =VLOOKUP($E98,Ratio,2,FALSE)*$G98 -> 0 | I98: =VLOOKUP($E98,Ratio,3,FALSE)*$G98 -> 0 | J98: =VLOOKUP($E98,Ratio,4,FALSE)*$G98 -> 30098822
B99: Long-Term Portion of Derivative Assets - Hedges | C99: 110-111 | D99: 176 | E99: DIST | G99: ='Reconcile Other RB Items'!I353 -> 0 | H99: =VLOOKUP($E99,Ratio,2,FALSE)*$G99 -> 0 | I99: =VLOOKUP($E99,Ratio,3,FALSE)*$G99 -> 0 | J99: =VLOOKUP($E99,Ratio,4,FALSE)*$G99 -> 0
B100: Total | G100: =SUM(G96:G99) -> 59409404 | H100: =SUM(H96:H99) -> 0 | I100: =SUM(I96:I99) -> 0 | J100: =SUM(J96:J99) -> 59409404
A102: Current and Accrued Assets
B103: Fuel Stock | C103: 110-111 | D103: 151 | E103: PROD | G103: ='Reconcile Other RB Items'!H51 -> 32051446 | H103: =VLOOKUP($E103,Ratio,2,FALSE)*$G103 -> 32051446 | I103: =VLOOKUP($E103,Ratio,3,FALSE)*$G103 -> 0 | J103: =VLOOKUP($E103,Ratio,4,FALSE)*$G103 -> 0
B104: Fuel Stock Expenses Undistributed | C104: 110-111 | D104: 152 | E104: PROD | G104: ='FERC p110-111 Assets'!D56 -> 0 | H104: =VLOOKUP($E104,Ratio,2,FALSE)*$G104 -> 0 | I104: =VLOOKUP($E104,Ratio,3,FALSE)*$G104 -> 0 | J104: =VLOOKUP($E104,Ratio,4,FALSE)*$G104 -> 0
B105: Plant Materials and Operating Supplies | C105: 110-111 | D105: 154 | E105: PTD | G105: ='Reconcile Other RB Items'!H66 -> 1.4776321e+08 | H105: =VLOOKUP($E105,Ratio,2,FALSE)*$G105 -> 51582876 | I105: =VLOOKUP($E105,Ratio,3,FALSE)*$G105 -> 0 | J105: =VLOOKUP($E105,Ratio,4,FALSE)*$G105 -> 96180337
B106: Merchandise (Major Only) | C106: 110-111 | D106: 155 | E106: DIST | G106: ='FERC p110-111 Assets'!D59 -> 0 | H106: =VLOOKUP($E106,Ratio,2,FALSE)*$G106 -> 0 | I106: =VLOOKUP($E106,Ratio,3,FALSE)*$G106 -> 0 | J106: =VLOOKUP($E106,Ratio,4,FALSE)*$G106 -> 0
B107: Other Materials and Supplies (Major only) | C107: 110-111 | D107: 156 | E107: DIST | G107: ='Reconcile Other RB Items'!H70 -> 0 | H107: =VLOOKUP($E107,Ratio,2,FALSE)*$G107 -> 0 | I107: =VLOOKUP($E107,Ratio,3,FALSE)*$G107 -> 0 | J107: =VLOOKUP($E107,Ratio,4,FALSE)*$G107 -> 0
B108: EPA Allowance Inventory | C108: 110-111 | D108: 158.1 | E108: PROD | G108: ='Reconcile Other RB Items'!H80 -> -93977951 | H108: =VLOOKUP($E108,Ratio,2,FALSE)*$G108 -> -93977951 | I108: =VLOOKUP($E108,Ratio,3,FALSE)*$G108 -> 0 | J108: =VLOOKUP($E108,Ratio,4,FALSE)*$G108 -> 0
B109: EPA Allowances Withheld | C109: 110-111 | D109: 158.2 | E109: PROD | G109: ='FERC p110-111 Assets'!D62-G108-'Reconcile Other RB Items'!$G$77 -> -0.23 | H109: =VLOOKUP($E109,Ratio,2,FALSE)*$G109 -> -0.23 | I109: =VLOOKUP($E109,Ratio,3,FALSE)*$G109 -> 0 | J109: =VLOOKUP($E109,Ratio,4,FALSE)*$G109 -> 0
B110: Stores Expense Undistributed | C110: 110-111 | D110: 163 | E110: PTD | G110: ='Reconcile Other RB Items'!H86 -> -861822.14 | H110: =VLOOKUP($E110,Ratio,2,FALSE)*$G110 -> -300854.75 | I110: =VLOOKUP($E110,Ratio,3,FALSE)*$G110 -> 0 | J110: =VLOOKUP($E110,Ratio,4,FALSE)*$G110 -> -560967.39
B111: Prepayments | C111: 110-111 | D111: 165 | E111: PTD | G111: ='Reconcile Other RB Items'!H334 -> 57629357 | H111: =VLOOKUP($E111,Ratio,2,FALSE)*$G111 -> 20117916 | I111: =VLOOKUP($E111,Ratio,3,FALSE)*$G111 -> 0 | J111: =VLOOKUP($E111,Ratio,4,FALSE)*$G111 -> 37511440
B112: Derivative Instrument Assets | C112: 110-111 | D112: 175 | E112: DIST | G112: ='Reconcile Other RB Items'!H342 -> 3021644.1 | H112: =VLOOKUP($E112,Ratio,2,FALSE)*$G112 -> 0 | I112: =VLOOKUP($E112,Ratio,3,FALSE)*$G112 -> 0 | J112: =VLOOKUP($E112,Ratio,4,FALSE)*$G112 -> 3021644.1
B113: (Less) Long-Term Portion of Derivative Assets | C113: 110-111 | D113: 175 | E113: DIST | G113: =G98 -> 30098822 | H113: =VLOOKUP($E113,Ratio,2,FALSE)*$G113 -> 0 | I113: =VLOOKUP($E113,Ratio,3,FALSE)*$G113 -> 0 | J113: =VLOOKUP($E113,Ratio,4,FALSE)*$G113 -> 30098822
B114: Derivative Instrument Assets - Hedges | C114: 110-111 | D114: 176 | E114: DIST | G114: ='Reconcile Other RB Items'!H353 -> 0 | H114: =VLOOKUP($E114,Ratio,2,FALSE)*$G114 -> 0 | I114: =VLOOKUP($E114,Ratio,3,FALSE)*$G114 -> 0 | J114: =VLOOKUP($E114,Ratio,4,FALSE)*$G114 -> 0
B115: (Less) Long-Term Portion of Derivative Assets - Hedges | C115: 110-111 | D115: 176 | E115: DIST | G115: =G99 -> 0 | H115: =VLOOKUP($E115,Ratio,2,FALSE)*$G115 -> 0 | I115: =VLOOKUP($E115,Ratio,3,FALSE)*$G115 -> 0 | J115: =VLOOKUP($E115,Ratio,4,FALSE)*$G115 -> 0
B116: Total | G116: =SUM(G103:G112,G114)-G113-G115 -> 1.1552707e+08 | H116: =SUM(H103:H112,H114)-H113-H115 -> 9473433.3 | I116: =SUM(I103:I112,I114)-I113-I115 -> 0 | J116: =SUM(J103:J112,J114)-J113-J115 -> 1.0605363e+08
A118: Deferred Debits
B119: Unamortized Debt Expenses | C119: 110-111 | D119: 181 | E119: PTDG | G119: ='Reconcile Other RB Items'!H389 -> 15369566 | H119: =VLOOKUP($E119,Ratio,2,FALSE)*$G119 -> 5377390 | I119: =VLOOKUP($E119,Ratio,3,FALSE)*$G119 -> 0 | J119: =VLOOKUP($E119,Ratio,4,FALSE)*$G119 -> 9992176.3
B120: Extraordinary Property Losses | C120: 110-111 | D120: 182.1 | E120: DIRECT | F120: DIST | G120: =SUM('RB Adj Direct Summary'!I47:K47) -> 95753810 | H120: =IF($E120="DIRECT",$L120,VLOOKUP($E120,Ratio,2,FALSE)*$G120) -> 0 | I120: =IF($E120="DIRECT",$M120,VLOOKUP($E120,Ratio,3,FALSE)*$G120) -> 0 | J120: =IF($E120="DIRECT",$N120,VLOOKUP($E120,Ratio,4,FALSE)*$G120) -> 95753810 | L120: ='RB Adj Direct Summary'!I47 -> 0 | M120: ='RB Adj Direct Summary'!J47 -> 0 | N120: ='RB Adj Direct Summary'!K47 -> 95753810
B121: Unrecovered Plant and Regulatory Study Costs | C121: 110-111 | D121: 182.2 | E121: DIRECT | F121: DIST | G121: =SUM('RB Adj Direct Summary'!I58:K58) -> 0 | H121: =IF($E121="DIRECT",$L121,VLOOKUP($E121,Ratio,2,FALSE)*$G121) -> 0 | I121: =IF($E121="DIRECT",$M121,VLOOKUP($E121,Ratio,3,FALSE)*$G121) -> 0 | J121: =IF($E121="DIRECT",$N121,VLOOKUP($E121,Ratio,4,FALSE)*$G121) -> 0 | L121: ='RB Adj Direct Summary'!I58 -> 0 | M121: ='RB Adj Direct Summary'!J58 -> 0 | N121: ='RB Adj Direct Summary'!K58 -> 0
...

Sheet Sch 1A - Cash Working Capital
A1: BONNEVILLE POWER ADMINISTRATION
A2: RESIDENTIAL PURCHASE AND SALE AGREEMENT
A3: 2008 Average System Cost Methodology (ASCM) Appendix 1
A5: TOC | B5: UTILITY NAME: | C5: ='Sch 1- Rate Base '!$E$5 -> PUGET SOUND ENERGY | F5: BPA Reviews:
B6: End of Year Report Period: | C6: ='Sch 1- Rate Base '!$E$6 -> 2023 | F6: ='Sch 1- Rate Base '!I6
B7: ASC Filing Date: | C7: ='Sch 1- Rate Base '!$E$7 -> 45474 | F7: ='Sch 1- Rate Base '!I7
A10: Schedule 1A: Cash Working Capital (f)
A11: (Automatic Input from Schedule 3- Expenses)
A12: Account Description | C12: Total | D12: Production | E12: Transmission | F12: Distribution/ Other
A14: Cash Working Capital Calculation:
B15: Total Production O&M | C15: ='Sch 3 - Expenses'!G36 -> 1755510842 | D15: ='Sch 3 - Expenses'!H36 -> 1755510842 | E15: ='Sch 3 - Expenses'!I36 -> 0 | F15: ='Sch 3 - Expenses'!J36 -> 0
B16: Total Transmission O&M (i) | C16: ='Sch 3 - Expenses'!G42 -> 188803479 | D16: ='Sch 3 - Expenses'!H42 -> 162583424 | E16: ='Sch 3 - Expenses'!I42 -> 0 | F16: ='Sch 3 - Expenses'!J42 -> 26220055
B17: Total Distribution O&M | C17: ='Sch 3 - Expenses'!G47 -> 108646732 | D17: ='Sch 3 - Expenses'!H47 -> 0 | E17: ='Sch 3 - Expenses'!I47 -> 0 | F17: ='Sch 3 - Expenses'!J47 -> 108646732
B18: Total Customer & Sales | C18: ='Sch 3 - Expenses'!G55 -> 208270735 | D18: ='Sch 3 - Expenses'!H55 -> 97941405 | E18: ='Sch 3 - Expenses'!I55 -> 0 | F18: ='Sch 3 - Expenses'!J55 -> 1.1032933e+08
B19: Total Administrative and General O&M | C19: ='Sch 3 - Expenses'!G75 -> 172081054 | D19: ='Sch 3 - Expenses'!H75 -> 46585106 | E19: ='Sch 3 - Expenses'!I75 -> 0 | F19: ='Sch 3 - Expenses'!J75 -> 1.2549595e+08
B20: Less Purchased Power, Public Purpose Charge, REP Reversal, Fuel Costs | C20: ='Sch 3 - Expenses'!G16+'Sch 3 - Expenses'!G20+'Sch 3 - Expenses'!G27+'Sch 3 - Expenses'!G31+'Sch 3 - Expenses'!G34+'Sch 3 - Expenses'!G35+G30 -> 1567872638 | D20: ='Sch 3 - Expenses'!H16+'Sch 3 - Expenses'!H20+'Sch 3 - Expenses'!H27+'Sch 3 - Expenses'!H31+'Sch 3 - Expenses'!H34+'Sch 3 - Expenses'!H35+H30 -> 1567872638 | E20: ='Sch 3 - Expenses'!I16+'Sch 3 - Expenses'!I20+'Sch 3 - Expenses'!I27+'Sch 3 - Expenses'!I31+'Sch 3 - Expenses'!I34+'Sch 3 - Expenses'!I35 -> 0 | F20: ='Sch 3 - Expenses'!J16+'Sch 3 - Expenses'!J20+'Sch 3 - Expenses'!J27+'Sch 3 - Expenses'!J31+'Sch 3 - Expenses'!J34+'Sch 3 - Expenses'!J35 -> 0
A21: Revised Total O&M Expenses | C21: =SUM(C15:C19)-C20 -> 865440204 | D21: =SUM(D15:D19)-D20 -> 4.9474814e+08 | E21: =SUM(E15:E19)-E20 -> 0 | F21: =SUM(F15:F19)-F20 -> 3.7069207e+08
A23: One-Eighth Revised Total O&M Expenses
A24: Allowable Functionalized Cash Working Capital | C24: =C21/8 -> 1.0818003e+08 | D24: =D21/8 -> 61843517 | E24: =E21/8 -> 0 | F24: =F21/8 -> 46336508
B30: Account 557 Disallowed Amounts | G30: ='557 Details'!$C$56 -> 24948345 | H30: =G30 -> 24948345

Sheet Sch 2 -Rate of Return
A1: BONNEVILLE POWER ADMINISTRATION
A2: RESIDENTIAL PURCHASE AND SALE AGREEMENT
A3: 2008 Average System Cost Methodology (ASCM) Appendix 1
A5: TOC | C5: UTILITY NAME: | D5: ='Sch 1- Rate Base '!$E$5 -> PUGET SOUND ENERGY | H5: BPA Reviews:
A6: é | C6: End of Year Report Period: | D6: ='Sch 1- Rate Base '!$E$6 -> 2023 | H6: ='Sch 1- Rate Base '!I6
C7: ASC Filing Date: | D7: ='Sch 1- Rate Base '!$E$7 -> 45474 | H7: ='Sch 1- Rate Base '!I7
A8: Schedule 2: Capital Structure and Rate of Return (b)
D10: SUMMARY (for use by ASC Forecast Model)
D11: Single-Jurisdiction Investor-Owned Utility Return Calculation: | E11: =E35 -> 0.083803797
D12: Multi-Jurisdiction Investor-Owned Utility Return Calculation: | E12: =E90 -> 0
D13: Consumer-Owned Utility Return Calculation: | E13: =E118 -> 0
D14: Rate of Return : | E14: =SUM(E11:E13) -> 0.083803797
A16: Single-Jurisdiction Investor-Owned Utility Return Calculation
A18: Step 1: Weighted Cost of Capital from Most Recent State Commission Rate Order
A19: Note: Multi-jurisdictional utilities must begin on Page 2
A20: Publicly-owned utilities must begin on Page 4
B22: Capitalization Structure | D22: Effective Cost
A23: Component | B23: Amount | C23: Percent | D23: Embedded | E23: Weighted
A24: Debt | B24: ='2022 GRC Compliance COC+ConvF'!C10 -> 0.51 | C24: =IF($B$27=0,0,B24/$B$27) -> 0.51 | D24: ='2022 GRC Compliance COC+ConvF'!D10 -> 0.05 | E24: =ROUNDUP(D24*C24,5) -> 0.0255
A25: Preferred Equity | B25: 0 | C25: =IF($B$27=0,0,B25/$B$27) -> 0 | E25: =ROUNDUP(D25*C25,5) -> 0
A26: Common Equity | B26: ='2022 GRC Compliance COC+ConvF'!C11 -> 0.49 | C26: =IF($B$27=0,0,B26/$B$27) -> 0.49 | D26: ='2022 GRC Compliance COC+ConvF'!D11 -> 0.094 | E26: =ROUNDUP(D26*C26,5) -> 0.04606
A27: Weighted Cost of Capital | B27: =SUM(B24:B26) -> 1 | C27: =IF($B$27=0,0,B27/$B$27) -> 1 | E27: =SUM(E24:E26) -> 0.07156
A29: Step 2: Gross Up Equity Return for Federal Income Taxes
A31: Federal Income Tax Rate (21% during Base Period) | D31: 0.21
A32: Federal Income Tax Factor | E32: =(E27-(E24))*(D31/(1-D31)) -> 0.012243797
A33: {(ROR – (Embedded Cost of Debt * (Debt / (Total Capital))} * {(Federal Tax Rate / (1- Federal Tax Rate)}
A35: Federal Income Tax Adjusted Weighted Cost of Capital | E35: =E27+E32 -> 0.083803797
A36: (Weighted Cost of Capital Plus Federal Income Tax Factor)
A38: Step 3: Calculate Return on Rate Base
E39: Total | F39: Production | G39: Transmission | H39: Other
A40: Total Rate Base from Schedule 1 | E40: ='Sch 1- Rate Base '!G161 -> 7.6025204e+09 | F40: ='Sch 1- Rate Base '!H161 -> 2.2171678e+09 | G40: ='Sch 1- Rate Base '!I161 -> 0 | H40: ='Sch 1- Rate Base '!J161 -> 5.3853526e+09
A41: Federal Income Tax Adjusted Weighted Cost of Capital | E41: =$E$35 -> 0.083803797 | F41: =$E$35 -> 0.083803797 | G41: =$E$35 -> 0.083803797 | H41: =$E$35 -> 0.083803797
A42: Federal Income Tax Adjusted Return on Rate Base | E42: =E41*E40 -> 6.3712008e+08 | F42: =F41*F40 -> 1.8580708e+08 | G42: =G41*G40 -> 0 | H42: =H41*H40 -> 4.51313e+08
A43: (Total Rate Base * Federal Income Tax Adjusted Weighted Cost of Capital)
A47: Multi-Jurisdiction Investor-Owned Utility Return Calculation
A48: Step 1:
A49: Weighted Cost of Capital from Most Recent State Commission Rate Order in Jurisdiction 1
B51: Capitalization Structure | D51: Effective Cost | F51: Jurisdictional | G51: Effective Cost -
A52: Component | B52: Amount | C52: Percent | D52: Embedded | E52: Weighted | F52: Allocation | G52: Weighted State Allocation
A53: Debt | C53: =IF($B$56=0,0,B53/$B$56) -> 0 | E53: =ROUNDUP(D53*C53,5) -> 0 | F53: =IF(B75=0,"0",B75/$B$78) -> 0 | G53: =E53*$F$53 -> 0 | H53: =C53*$F$53 -> 0
A54: Preferred Equity | C54: =IF($B$56=0,0,B54/$B$56) -> 0 | E54: =ROUNDUP(D54*C54,5) -> 0 | G54: =E54*$F$53 -> 0 | H54: =C54*$F$53 -> 0
A55: Common Equity | C55: =IF($B$56=0,0,B55/$B$56) -> 0 | E55: =ROUNDUP(D55*C55,5) -> 0 | G55: =E55*$F$53 -> 0 | H55: =C55*$F$53 -> 0
A56: Weighted Cost of Capital | B56: =SUM(B53:B55) -> 0 | C56: =SUM(C53:C55) -> 0 | E56: =SUM(E53:E55) -> 0 | G56: =SUM(G53:G55) -> 0 | H56: =SUM(H53:H55) -> 0
A58: Weighted Cost of Capital from Most Recent State Commission Rate Order in Jurisdiction 2
A60: Component | B60: Amount | C60: Percent | D60: Embedded | E60: Weighted
A61: Debt | C61: =IF($B$64=0,0,B61/$B$64) -> 0 | E61: =ROUNDUP(D61*C61,5) -> 0 | F61: =IF(B76=0,"0",B76/$B$78) -> 0 | G61: =E61*$F$61 -> 0 | H61: =C61*$F$61 -> 0
A62: Preferred Equity | C62: =IF($B$64=0,0,B62/$B$64) -> 0 | E62: =ROUNDUP(D62*C62,5) -> 0 | G62: =E62*$F$61 -> 0 | H62: =C62*$F$61 -> 0
A63: Common Equity | C63: =IF($B$64=0,0,B63/$B$64) -> 0 | E63: =ROUNDUP(D63*C63,5) -> 0 | G63: =E63*$F$61 -> 0 | H63: =C63*$F$61 -> 0
A64: Weighted Cost of Capital | B64: =SUM(B61:B63) -> 0 | C64: =SUM(C61:C63) -> 0 | E64: =SUM(E61:E63) -> 0 | G64: =SUM(G61:G63) -> 0 | H64: =SUM(H61:H63) -> 0
A66: Weighted Cost of Capital from Most Recent State Commission Rate Order in Jurisdiction 3
A68: Component | B68: Amount | C68: Percent | D68: Embedded | E68: Weighted
A69: Debt | C69: =IF($B$72=0,0,B69/$B$72) -> 0 | E69: =ROUNDUP(D69*C69,5) -> 0 | F69: =IF(B77=0,"0",B77/$B$78) -> 0 | G69: =E69*$F$69 -> 0 | H69: =C69*$F$69 -> 0
A70: Preferred Equity | C70: =IF($B$72=0,0,B70/$B$72) -> 0 | E70: =ROUNDUP(D70*C70,5) -> 0 | G70: =E70*$F$69 -> 0 | H70: =C70*$F$69 -> 0
A71: Common Equity | C71: =IF($B$72=0,0,B71/$B$72) -> 0 | E71: =ROUNDUP(D71*C71,5) -> 0 | G71: =E71*$F$69 -> 0 | H71: =C71*$F$69 -> 0
A72: Weighted Cost of Capital | B72: =SUM(B69:B71) -> 0 | C72: =SUM(C69:C71) -> 0 | E72: =SUM(E69:E71) -> 0 | G72: =SUM(G69:G71) -> 0 | H72: =SUM(H69:H71) -> 0
A74: Jurisdiction | B74: Rate Base | C74: Weighted cost | D74: % | E74: Weighted Return
C75: =E56 -> 0 | D75: =C75*F53 -> 0 | E75: =$D$78*B75 -> 0 | G75: =G56 -> 0
C76: =E64 -> 0 | D76: =C76*F61 -> 0 | E76: =$D$78*B76 -> 0 | G76: =G64 -> 0
C77: =E72 -> 0 | D77: =C77*F69 -> 0 | E77: =$D$78*B77 -> 0 | G77: =G72 -> 0
A78: Total | B78: =SUM(B75:B77) -> 0 | D78: =SUM(D75:D77) -> 0 | E78: =SUM(E75:E77) -> 0 | F78: =SUM(F53:F77) -> 0 | G78: =SUM(G75:G77) -> 0
A81: Multi-Jurisdiction Investor-Owned Utility Return Calculation (continued)
A84: Step 2: Gross Up Equity Return for Federal Income Taxes
A86: Federal Income Tax Rate (21% during Base Period) | D86: 0.21
A87: Federal Income Tax Factor | E87: =(G78-(G53+G61+G69))*(D86/(1-D86)) -> 0
A88: {(ROR – (Embedded Cost of Debt * (Debt / (Total Capital))} * {(Federal Tax Rate / (1- Federal Tax Rate)}
A90: Federal Income Tax Adjusted Weighted Cost of Capital | E90: =G78+E87 -> 0
A91: (Weighted Cost of Capital Plus Federal Income Tax Factor)
A93: Step 3: Calculate Return on Rate Base
E94: Total | F94: Production | G94: Transmission | H94: Other
A96: Total Rate Base from Schedule 1 | E96: ='Sch 1- Rate Base '!G161 -> 7.6025204e+09 | F96: ='Sch 1- Rate Base '!H161 -> 2.2171678e+09 | G96: ='Sch 1- Rate Base '!I161 -> 0 | H96: ='Sch 1- Rate Base '!J161 -> 5.3853526e+09
A97: Federal Income Tax Adjusted Weighted Cost of Capital | E97: =$E$90 -> 0 | F97: =$E$90 -> 0 | G97: =$E$90 -> 0 | H97: =$E$90 -> 0
A98: Federal Income Tax Adjusted Return on Rate Base | E98: =E97*E96 -> 0 | F98: =F97*F96 -> 0 | G98: =G97*G96 -> 0 | H98: =H97*H96 -> 0
A99: (Total Rate Base * Federal Income Tax Adjusted Weighted Cost of Capital)
A101: Consumer-Owned Utility Return Calculation
A103: Step 1: Weighted Cost of Debt
B107: Original | C107: Year | D107: Year | E107: Interest | F107: Interest
A108: Debt Issue | B108: Amount | C108: Issued | D108: Due | E108: Rate | F108: Expense
F109: =E109*B109 -> 0
F110: =E110*B110 -> 0
F111: =E111*B111 -> 0
F112: =E112*B112 -> 0
F113: =E113*B113 -> 0
F114: =E114*B114 -> 0
F115: =E115*B115 -> 0
F116: =E116*B116 -> 0
F117: =E117*B117 -> 0
A118: Weighted Cost of Debt | B118: =SUM(B109:B117) -> 0 | E118: =IF(B118=0,0,F118/B118) -> 0 | F118: =SUM(F109:F117) -> 0
A121: Step 2: Calculate Return on Rate Base
E122: Total | F122: Production | G122: Transmission | H122: Other
A123: Total Rate Base from Schedule 1 | E123: ='Sch 1- Rate Base '!G161 -> 7.6025204e+09 | F123: ='Sch 1- Rate Base '!H161 -> 2.2171678e+09 | G123: ='Sch 1- Rate Base '!I161 -> 0 | H123: ='Sch 1- Rate Base '!J161 -> 5.3853526e+09
A124: Weighted Cost of Debt | E124: =$E$118 -> 0 | F124: =$E$118 -> 0 | G124: =$E$118 -> 0 | H124: =$E$118 -> 0
A125: Return on Rate Base | E125: =E124*E123 -> 0 | F125: =F124*F123 -> 0 | G125: =G124*G123 -> 0 | H125: =H124*H123 -> 0

Sheet Sch 3 - Expenses
A1: BONNEVILLE POWER ADMINISTRATION
A2: RESIDENTIAL PURCHASE AND SALE AGREEMENT
A3: 2008 Average System Cost Methodology (ASCM) Appendix 1
A5: TOC | D5: UTILITY NAME: | E5: ='Sch 1- Rate Base '!$E$5 -> PUGET SOUND ENERGY | I5: BPA Reviews:
A6: é | D6: End of Year Report Period: | E6: ='Sch 1- Rate Base '!$E$6 -> 2023 | I6: ='Sch 1- Rate Base '!I6
D7: ASC Filing Date: | E7: ='Sch 1- Rate Base '!$E$7 -> 45474 | I7: ='Sch 1- Rate Base '!I7
A9: Schedule 3: Expenses
A11: Account Description | C11: Form 1 | E11: Functionalization | G11: Total | H11: Production | I11: Transmission | J11: Distribution/ Other | L11: Production | M11: Transmission | N11: Distribution/ Other
C12: Page | D12: Account | E12: Method
C13: Number | D13: Numbers | E13: Default | F13: Optional
A14: Power Production Expenses:
B15: Steam Power Generation
B16: Steam Power - Fuel | C16: 320-323 | D16: 501 | E16: PROD | G16: ='FERC p320-323 Elec. O&M'!C16 -> 60636604 | H16: =VLOOKUP($E16,Ratio,2,FALSE)*$G16 -> 60636604 | I16: =VLOOKUP($E16,Ratio,3,FALSE)*$G16 -> 0 | J16: =VLOOKUP($E16,Ratio,4,FALSE)*$G16 -> 0
B17: Steam Power - Operations (Excluding 501 - Fuel) | C17: 320-323 | D17: 500-509 | E17: PROD | G17: ='FERC p320-323 Elec. O&M'!C24-G16 -> 20123737 | H17: =VLOOKUP($E17,Ratio,2,FALSE)*$G17 -> 20123737 | I17: =VLOOKUP($E17,Ratio,3,FALSE)*$G17 -> 0 | J17: =VLOOKUP($E17,Ratio,4,FALSE)*$G17 -> 0
B18: Steam Power - Maintenance | C18: 320-323 | D18: 510-515 | E18: PROD | G18: ='FERC p320-323 Elec. O&M'!C31 -> 23219450 | H18: =VLOOKUP($E18,Ratio,2,FALSE)*$G18 -> 23219450 | I18: =VLOOKUP($E18,Ratio,3,FALSE)*$G18 -> 0 | J18: =VLOOKUP($E18,Ratio,4,FALSE)*$G18 -> 0
B19: Nuclear Power Generation
B20: Nuclear - Fuel | C20: 320-323 | D20: 518 | E20: PROD | G20: ='FERC p320-323 Elec. O&M'!C36 -> 0 | H20: =VLOOKUP($E20,Ratio,2,FALSE)*$G20 -> 0 | I20: =VLOOKUP($E20,Ratio,3,FALSE)*$G20 -> 0 | J20: =VLOOKUP($E20,Ratio,4,FALSE)*$G20 -> 0
B21: Nuclear - Operation ( Excluding 518 - Fuel) | C21: 320-323 | D21: 517-525 | E21: PROD | G21: ='FERC p320-323 Elec. O&M'!C44-G20 -> 0 | H21: =VLOOKUP($E21,Ratio,2,FALSE)*$G21 -> 0 | I21: =VLOOKUP($E21,Ratio,3,FALSE)*$G21 -> 0 | J21: =VLOOKUP($E21,Ratio,4,FALSE)*$G21 -> 0
B22: Nuclear - Maintenance | C22: 320-323 | D22: 528-532 | E22: PROD | G22: ='FERC p320-323 Elec. O&M'!C51 -> 0 | H22: =VLOOKUP($E22,Ratio,2,FALSE)*$G22 -> 0 | I22: =VLOOKUP($E22,Ratio,3,FALSE)*$G22 -> 0 | J22: =VLOOKUP($E22,Ratio,4,FALSE)*$G22 -> 0
B23: Hydraulic Power Generation
B24: Hydraulic - Operation | C24: 320-323 | D24: 535-540.1 | E24: PROD | G24: ='FERC p320-323 Elec. O&M'!C61 -> 7020837 | H24: =VLOOKUP($E24,Ratio,2,FALSE)*$G24 -> 7020837 | I24: =VLOOKUP($E24,Ratio,3,FALSE)*$G24 -> 0 | J24: =VLOOKUP($E24,Ratio,4,FALSE)*$G24 -> 0
B25: Hydraulic - Maintenance | C25: 320-323 | D25: 541-545.1 | E25: PROD | G25: ='FERC p320-323 Elec. O&M'!C69 -> 6951788 | H25: =VLOOKUP($E25,Ratio,2,FALSE)*$G25 -> 6951788 | I25: =VLOOKUP($E25,Ratio,3,FALSE)*$G25 -> 0 | J25: =VLOOKUP($E25,Ratio,4,FALSE)*$G25 -> 0
B26: Other Power Generation
B27: Other Power - Fuel | C27: 320-323 | D27: 547 | E27: PROD | G27: ='FERC p320-323 Elec. O&M'!C81 -> 396650165 | H27: =VLOOKUP($E27,Ratio,2,FALSE)*$G27 -> 396650165 | I27: =VLOOKUP($E27,Ratio,3,FALSE)*$G27 -> 0 | J27: =VLOOKUP($E27,Ratio,4,FALSE)*$G27 -> 0
B28: Other Power - Operations (Excluding 547 - Fuel) | C28: 320-323 | D28: 546-550.1 | E28: PROD | G28: ='FERC p320-323 Elec. O&M'!C86-G27 -> 33443518 | H28: =VLOOKUP($E28,Ratio,2,FALSE)*$G28 -> 33443518 | I28: =VLOOKUP($E28,Ratio,3,FALSE)*$G28 -> 0 | J28: =VLOOKUP($E28,Ratio,4,FALSE)*$G28 -> 0
B29: Other Power - Maintenance | C29: 320-323 | D29: 551-554.1 | E29: PROD | G29: ='FERC p320-323 Elec. O&M'!C93 -> 27656590 | H29: =VLOOKUP($E29,Ratio,2,FALSE)*$G29 -> 27656590 | I29: =VLOOKUP($E29,Ratio,3,FALSE)*$G29 -> 0 | J29: =VLOOKUP($E29,Ratio,4,FALSE)*$G29 -> 0
B30: Other Power Supply Expenses
B31: Purchased Power (Excluding REP Reversal) | C31: 320-323 | D31: 555 | E31: PROD | G31: ='3-YEAR PP & OSS Worksheet'!D21 -> 1085637524 | H31: =VLOOKUP($E31,Ratio,2,FALSE)*$G31 -> 1085637524 | I31: =VLOOKUP($E31,Ratio,3,FALSE)*$G31 -> 0 | J31: =VLOOKUP($E31,Ratio,4,FALSE)*$G31 -> 0
B32: System Control and Load Dispatching | C32: 320-323 | D32: 556 | E32: PROD | G32: ='FERC p320-323 Elec. O&M'!C98 -> 28612 | H32: =VLOOKUP($E32,Ratio,2,FALSE)*$G32 -> 28612 | I32: =VLOOKUP($E32,Ratio,3,FALSE)*$G32 -> 0 | J32: =VLOOKUP($E32,Ratio,4,FALSE)*$G32 -> 0
B33: Other Expenses | C33: 320-323 | D33: 557 | E33: PROD | G33: ='FERC p320-323 Elec. O&M'!C99 -> 94142017 | H33: =VLOOKUP($E33,Ratio,2,FALSE)*$G33 -> 94142017 | I33: =VLOOKUP($E33,Ratio,3,FALSE)*$G33 -> 0 | J33: =VLOOKUP($E33,Ratio,4,FALSE)*$G33 -> 0
B34: BPA REP Reversal | C34: 326-327 | D34: 555 | E34: PROD | G34: 0 | H34: =VLOOKUP($E34,Ratio,2,FALSE)*$G34 -> 0 | I34: =VLOOKUP($E34,Ratio,3,FALSE)*$G34 -> 0 | J34: =VLOOKUP($E34,Ratio,4,FALSE)*$G34 -> 0
B35: Public Purpose Charges (h) | E35: DIRECT | F35: DIST | G35: 0 | H35: =IF($E35="DIRECT",$L35,VLOOKUP($E35,Ratio,2,FALSE)*$G35) -> 0 | I35: =IF($E35="DIRECT",$M35,VLOOKUP($E35,Ratio,3,FALSE)*$G35) -> 0 | J35: =IF($E35="DIRECT",$N35,VLOOKUP($E35,Ratio,4,FALSE)*$G35) -> 0
A36: Total Production Expense | G36: =SUM(G16:G35) -> 1755510842 | H36: =SUM(H16:H35) -> 1755510842 | I36: =SUM(I16:I35) -> 0 | J36: =SUM(J16:J35) -> 0
A38: Transmission Expenses: (i)
B39: Transmission of Electricity by Others (Wheeling) | C39: 320-323 | D39: 565 | E39: prod | G39: ='FERC p320-323 Elec. O&M'!C118 -> 162583424 | H39: =VLOOKUP($E39,Ratio,2,FALSE)*$G39 -> 162583424 | I39: =VLOOKUP($E39,Ratio,3,FALSE)*$G39 -> 0 | J39: =VLOOKUP($E39,Ratio,4,FALSE)*$G39 -> 0
B40: Total Operations less Wheeling | C40: 320-323 | D40: 560-567.1 | E40: TRANS | G40: ='FERC p320-323 Elec. O&M'!C121-G39 -> 14310154 | H40: =VLOOKUP($E40,Ratio,2,FALSE)*$G40 -> 0 | I40: =VLOOKUP($E40,Ratio,3,FALSE)*$G40 -> 0 | J40: =VLOOKUP($E40,Ratio,4,FALSE)*$G40 -> 14310154
B41: Total Maintenance | C41: 320-323 | D41: 568-574 | E41: TRANS | G41: ='FERC p320-323 Elec. O&M'!C134 -> 11909901 | H41: =VLOOKUP($E41,Ratio,2,FALSE)*$G41 -> 0 | I41: =VLOOKUP($E41,Ratio,3,FALSE)*$G41 -> 0 | J41: =VLOOKUP($E41,Ratio,4,FALSE)*$G41 -> 11909901
A42: Total Transmission Expense | G42: =SUM(G39:G41) -> 188803479 | H42: =SUM(H39:H41) -> 162583424 | I42: =SUM(I39:I41) -> 0 | J42: =SUM(J39:J41) -> 26220055
A44: Distribution Expense:
B45: Total Operations | C45: 320-323 | D45: 580-589 | E45: DIST | G45: ='FERC p320-323 Elec. O&M'!C175 -> 44589259 | H45: =VLOOKUP($E45,Ratio,2,FALSE)*$G45 -> 0 | I45: =VLOOKUP($E45,Ratio,3,FALSE)*$G45 -> 0 | J45: =VLOOKUP($E45,Ratio,4,FALSE)*$G45 -> 44589259
B46: Total Maintenance | C46: 320-323 | D46: 590-598 | E46: DIST | G46: ='FERC p320-323 Elec. O&M'!C187 -> 64057473 | H46: =VLOOKUP($E46,Ratio,2,FALSE)*$G46 -> 0 | I46: =VLOOKUP($E46,Ratio,3,FALSE)*$G46 -> 0 | J46: =VLOOKUP($E46,Ratio,4,FALSE)*$G46 -> 64057473
A47: Total Distribution Expense | G47: =SUM(G45:G46) -> 108646732 | H47: =SUM(H45:H46) -> 0 | I47: =SUM(I45:I46) -> 0 | J47: =SUM(J45:J46) -> 108646732
A49: Customer and Sales Expenses:
B50: Total Customer Accounts | C50: 320-323 | D50: 901-905 | E50: DIST | G50: ='FERC p320-323 Elec. O&M'!C196 -> 59970042 | H50: =VLOOKUP($E50,Ratio,2,FALSE)*$G50 -> 0 | I50: =VLOOKUP($E50,Ratio,3,FALSE)*$G50 -> 0 | J50: =VLOOKUP($E50,Ratio,4,FALSE)*$G50 -> 59970042
B51: Customer Service and Information | C51: 320-323 | D51: 906-907 | E51: DIST | G51: ='FERC p320-323 Elec. O&M'!C206 -> 0 | H51: =VLOOKUP($E51,Ratio,2,FALSE)*$G51 -> 0 | I51: =VLOOKUP($E51,Ratio,3,FALSE)*$G51 -> 0 | J51: =VLOOKUP($E51,Ratio,4,FALSE)*$G51 -> 0
B52: Customer Assistance Expenses (Major only) | C52: 320-323 | D52: 908 | E52: DIRECT | F52: DIST | G52: ='FERC p320-323 Elec. O&M'!C207 -> 144569269 | H52: =IF($E52="DIRECT",$L52,VLOOKUP($E52,Ratio,2,FALSE)*$G52) -> 97941405 | I52: =IF($E52="DIRECT",$M52,VLOOKUP($E52,Ratio,3,FALSE)*$G52) -> 0 | J52: =IF($E52="DIRECT",$N52,VLOOKUP($E52,Ratio,4,FALSE)*$G52) -> 46627864 | L52: ='DIRECT 908'!E29 -> 97941405 | M52: 0 | N52: =SUM('DIRECT 908'!E27:E28) -> 46627864
B53: Customer Service and Information | C53: 320-323 | D53: 909-910 | E53: DIST | F53: DIRECT | G53: =SUM('FERC p320-323 Elec. O&M'!C208:C209) -> 2499626 | H53: =IF($E53="DIRECT",$L53,VLOOKUP($E53,Ratio,2,FALSE)*$G53) -> 0 | I53: =IF($E53="DIRECT",$M53,VLOOKUP($E53,Ratio,3,FALSE)*$G53) -> 0 | J53: =IF($E53="DIRECT",$N53,VLOOKUP($E53,Ratio,4,FALSE)*$G53) -> 2499626
B54: Total Sales Expense | C54: 320-323 | D54: 911-917 | E54: DIST | G54: ='FERC p320-323 Elec. O&M'!C217 -> 1231798 | H54: =VLOOKUP($E54,Ratio,2,FALSE)*$G54 -> 0 | I54: =VLOOKUP($E54,Ratio,3,FALSE)*$G54 -> 0 | J54: =VLOOKUP($E54,Ratio,4,FALSE)*$G54 -> 1231798
A55: Total Customer and Sales Expenses | G55: =SUM(G50:G54) -> 208270735 | H55: =SUM(H50:H54) -> 97941405 | I55: =SUM(I50:I54) -> 0 | J55: =SUM(J50:J54) -> 1.1032933e+08
A57: Administration and General Expense:
B58: Operation
B59: Administration and General Salaries | C59: 320-323 | D59: 920 | E59: LABOR | G59: ='FERC p320-323 Elec. O&M'!C220 -> 78570677 | H59: =VLOOKUP($E59,Ratio,2,FALSE)*$G59 -> 26700684 | I59: =VLOOKUP($E59,Ratio,3,FALSE)*$G59 -> 0 | J59: =VLOOKUP($E59,Ratio,4,FALSE)*$G59 -> 51869993
B60: Office Supplies & Expenses | C60: 320-323 | D60: 921 | E60: LABOR | G60: ='FERC p320-323 Elec. O&M'!C221 -> 7463412 | H60: =VLOOKUP($E60,Ratio,2,FALSE)*$G60 -> 2536292.3 | I60: =VLOOKUP($E60,Ratio,3,FALSE)*$G60 -> 0 | J60: =VLOOKUP($E60,Ratio,4,FALSE)*$G60 -> 4927119.7
B61: (Less) Administration Expenses Transferred - Credit | C61: 320-323 | D61: 922 | E61: LABOR | G61: ='FERC p320-323 Elec. O&M'!C222 -> 32365661 | H61: =VLOOKUP($E61,Ratio,2,FALSE)*$G61 -> 10998827 | I61: =VLOOKUP($E61,Ratio,3,FALSE)*$G61 -> 0 | J61: =VLOOKUP($E61,Ratio,4,FALSE)*$G61 -> 21366834
B62: Outside Services Employed | C62: 320-323 | D62: 923 | E62: LABOR | G62: ='FERC p320-323 Elec. O&M'!C223 -> 20765085 | H62: =VLOOKUP($E62,Ratio,2,FALSE)*$G62 -> 7056601.6 | I62: =VLOOKUP($E62,Ratio,3,FALSE)*$G62 -> 0 | J62: =VLOOKUP($E62,Ratio,4,FALSE)*$G62 -> 13708483
B63: Property Insurance | C63: 320-323 | D63: 924 | E63: PTDG | G63: ='FERC p320-323 Elec. O&M'!C224 -> 6318020 | H63: =VLOOKUP($E63,Ratio,2,FALSE)*$G63 -> 2210502 | I63: =VLOOKUP($E63,Ratio,3,FALSE)*$G63 -> 0 | J63: =VLOOKUP($E63,Ratio,4,FALSE)*$G63 -> 4107518
B64: Injuries and Damages | C64: 320-323 | D64: 925 | E64: Labor | G64: ='FERC p320-323 Elec. O&M'!C225 -> 8919311 | H64: =VLOOKUP($E64,Ratio,2,FALSE)*$G64 -> 3031050.6 | I64: =VLOOKUP($E64,Ratio,3,FALSE)*$G64 -> 0 | J64: =VLOOKUP($E64,Ratio,4,FALSE)*$G64 -> 5888260.4
B65: Employee Pensions & Benefits | C65: 320-323 | D65: 926 | E65: LABOR | G65: ='FERC p320-323 Elec. O&M'!C226 -> 28392494 | H65: =VLOOKUP($E65,Ratio,2,FALSE)*$G65 -> 9648625 | I65: =VLOOKUP($E65,Ratio,3,FALSE)*$G65 -> 0 | J65: =VLOOKUP($E65,Ratio,4,FALSE)*$G65 -> 18743869
B66: Franchise Requirements | C66: 320-323 | D66: 927 | E66: DIST | G66: ='FERC p320-323 Elec. O&M'!C227 -> 0 | H66: =VLOOKUP($E66,Ratio,2,FALSE)*$G66 -> 0 | I66: =VLOOKUP($E66,Ratio,3,FALSE)*$G66 -> 0 | J66: =VLOOKUP($E66,Ratio,4,FALSE)*$G66 -> 0
B67: Regulatory Commission Expenses | C67: 320-323 | D67: 928 | E67: DIST | G67: ='FERC p320-323 Elec. O&M'!C228 -> 16043545 | H67: =VLOOKUP($E67,Ratio,2,FALSE)*$G67 -> 0 | I67: =VLOOKUP($E67,Ratio,3,FALSE)*$G67 -> 0 | J67: =VLOOKUP($E67,Ratio,4,FALSE)*$G67 -> 16043545
B68: (Less) Duplicate Charges - Credit | C68: 320-323 | D68: 929 | E68: PTDG | G68: ='FERC p320-323 Elec. O&M'!C229 -> 0 | H68: =VLOOKUP($E68,Ratio,2,FALSE)*$G68 -> 0 | I68: =VLOOKUP($E68,Ratio,3,FALSE)*$G68 -> 0 | J68: =VLOOKUP($E68,Ratio,4,FALSE)*$G68 -> 0
B69: General Advertising Expenses | C69: 320-323 | D69: 930.1 | E69: DIST | F69: DIRECT | G69: ='FERC p320-323 Elec. O&M'!C230 -> 56129 | H69: =IF($E69="DIRECT",$L69,VLOOKUP($E69,Ratio,2,FALSE)*$G69) -> 0 | I69: =IF($E69="DIRECT",$M69,VLOOKUP($E69,Ratio,3,FALSE)*$G69) -> 0 | J69: =IF($E69="DIRECT",$N69,VLOOKUP($E69,Ratio,4,FALSE)*$G69) -> 56129
B70: Miscellaneous General Expenses | C70: 320-323 | D70: 930.2 | E70: DIST | F70: DIRECT | G70: ='FERC p320-323 Elec. O&M'!C231 -> 9187393 | H70: =IF($E70="DIRECT",$L70,VLOOKUP($E70,Ratio,2,FALSE)*$G70) -> 0 | I70: =IF($E70="DIRECT",$M70,VLOOKUP($E70,Ratio,3,FALSE)*$G70) -> 0 | J70: =IF($E70="DIRECT",$N70,VLOOKUP($E70,Ratio,4,FALSE)*$G70) -> 9187393
B71: Rents | C71: 320-323 | D71: 931 | E71: DIST | G71: ='FERC p320-323 Elec. O&M'!C232 -> 10338554 | H71: =VLOOKUP($E71,Ratio,2,FALSE)*$G71 -> 0 | I71: =VLOOKUP($E71,Ratio,3,FALSE)*$G71 -> 0 | J71: =VLOOKUP($E71,Ratio,4,FALSE)*$G71 -> 10338554
B72: Transportation Expenses (Non Major) | C72: 320-324 | D72: 933 | E72: DIST | G72: 0 | H72: =VLOOKUP($E72,Ratio,2,FALSE)*$G72 -> 0 | I72: =VLOOKUP($E72,Ratio,3,FALSE)*$G72 -> 0 | J72: =VLOOKUP($E72,Ratio,4,FALSE)*$G72 -> 0
B73: Maintenance
B74: Maintenance of General Plant | C74: 320-323 | D74: 935 | E74: GPM | G74: ='FERC p320-323 Elec. O&M'!C235 -> 18392095 | H74: =VLOOKUP($E74,Ratio,2,FALSE)*$G74 -> 6400177.3 | I74: =VLOOKUP($E74,Ratio,3,FALSE)*$G74 -> 0 | J74: =VLOOKUP($E74,Ratio,4,FALSE)*$G74 -> 11991918
A75: Total Administration and General Expenses | G75: =SUM(G59:G60,G62:G67,G69:G72,G74)-G61-G68 -> 172081054 | H75: =SUM(H59:H60,H62:H67,H69:H72,H74)-H61-H68 -> 46585106 | I75: =SUM(I59:I60,I62:I67,I69:I72,I74)-I61-I68 -> 0 | J75: =SUM(J59:J60,J62:J67,J69:J72,J74)-J61-J68 -> 1.2549595e+08
A77: Total Operations and Maintenance | G77: =G36+G42+G47+G55+G75 -> 2433312842 | H77: =H36+H42+H47+H55+H75 -> 2.0626208e+09 | I77: =I36+I42+I47+I55+I75 -> 0 | J77: =J36+J42+J47+J55+J75 -> 3.7069207e+08
A78: (Total Expenses: Production + Transmission + Distribution + Customer and Sales +Total Administration and General Expenses)
A80: Depreciation and Amortization:
B81: Amortization of Intangible Plant - Account 301 | C81: 336 | D81: 404 | E81: DIST | G81: 0 | H81: =VLOOKUP($E81,Ratio,2,FALSE)*$G81 -> 0 | I81: =VLOOKUP($E81,Ratio,3,FALSE)*$G81 -> 0 | J81: =VLOOKUP($E81,Ratio,4,FALSE)*$G81 -> 0
B82: Amortization of Intangible Plant - Account 302 | C82: 336 | D82: 404 | E82: DIRECT | F82: PTD | G82: =SUM('DIRECT Int Amort E302 and E303'!$F$8:$F$9) -> 3046815.7 | H82: =IF($E82="DIRECT",$L82,VLOOKUP($E82,Ratio,2,FALSE)*$G82) -> 2120600.2 | I82: =IF($E82="DIRECT",$M82,VLOOKUP($E82,Ratio,3,FALSE)*$G82) -> 0 | J82: =IF($E82="DIRECT",$N82,VLOOKUP($E82,Ratio,4,FALSE)*$G82) -> 926215.41 | L82: =SUM('DIRECT Int Amort E302 and E303'!H8:H9) -> 2120600.2 | M82: =SUM('DIRECT Int Amort E302 and E303'!I8:I9) -> 0 | N82: =SUM('DIRECT Int Amort E302 and E303'!J8:J9) -> 926215.41
B83: Amortization of Intangible Plant - Account 303 | C83: 336 | D83: 404 | E83: DIRECT | F83: DIST | G83: =SUM('DIRECT Int Amort E302 and E303'!$F$10:$F$11) -> 9732326.5 | H83: =IF($E83="DIRECT",$L83,VLOOKUP($E83,Ratio,2,FALSE)*$G83) -> 0 | I83: =IF($E83="DIRECT",$M83,VLOOKUP($E83,Ratio,3,FALSE)*$G83) -> 0 | J83: =IF($E83="DIRECT",$N83,VLOOKUP($E83,Ratio,4,FALSE)*$G83) -> 9732326.5 | L83: =SUM('DIRECT Int Amort E302 and E303'!H10:H11) -> 0 | M83: =SUM('DIRECT Int Amort E302 and E303'!I10:I11) -> 0 | N83: =SUM('DIRECT Int Amort E302 and E303'!J10:J11) -> 9732326.5
B84: Steam Production Plant | C84: 336 | D84: 403 | E84: PROD | G84: ='FERC p336 Dep & Amort'!C12 -> 39706645 | H84: =VLOOKUP($E84,Ratio,2,FALSE)*$G84 -> 39706645 | I84: =VLOOKUP($E84,Ratio,3,FALSE)*$G84 -> 0 | J84: =VLOOKUP($E84,Ratio,4,FALSE)*$G84 -> 0
B85: Nuclear Production Plant | C85: 336 | D85: 403 | E85: PROD | G85: ='FERC p336 Dep & Amort'!C13 -> 0 | H85: =VLOOKUP($E85,Ratio,2,FALSE)*$G85 -> 0 | I85: =VLOOKUP($E85,Ratio,3,FALSE)*$G85 -> 0 | J85: =VLOOKUP($E85,Ratio,4,FALSE)*$G85 -> 0
B86: Hydraulic Production Plant - Conventional | C86: 336 | D86: 403 | E86: PROD | G86: ='FERC p336 Dep & Amort'!C14 -> 20380239 | H86: =VLOOKUP($E86,Ratio,2,FALSE)*$G86 -> 20380239 | I86: =VLOOKUP($E86,Ratio,3,FALSE)*$G86 -> 0 | J86: =VLOOKUP($E86,Ratio,4,FALSE)*$G86 -> 0
B87: Hydraulic Production Plant - Pumped Storage | C87: 336 | D87: 403 | E87: PROD | G87: ='FERC p336 Dep & Amort'!C15 -> 0 | H87: =VLOOKUP($E87,Ratio,2,FALSE)*$G87 -> 0 | I87: =VLOOKUP($E87,Ratio,3,FALSE)*$G87 -> 0 | J87: =VLOOKUP($E87,Ratio,4,FALSE)*$G87 -> 0
B88: Other Production Plant | C88: 336 | D88: 403 | E88: PROD | G88: ='FERC p336 Dep & Amort'!C16 -> 91335455 | H88: =VLOOKUP($E88,Ratio,2,FALSE)*$G88 -> 91335455 | I88: =VLOOKUP($E88,Ratio,3,FALSE)*$G88 -> 0 | J88: =VLOOKUP($E88,Ratio,4,FALSE)*$G88 -> 0
B89: Transmission Plant (i) | C89: 336 | D89: 403 | E89: TRANS | G89: ='FERC p336 Dep & Amort'!C17 -> 37267959 | H89: =VLOOKUP($E89,Ratio,2,FALSE)*$G89 -> 0 | I89: =VLOOKUP($E89,Ratio,3,FALSE)*$G89 -> 0 | J89: =VLOOKUP($E89,Ratio,4,FALSE)*$G89 -> 37267959
B90: Distribution Plant | C90: 336 | D90: 403 | E90: DIST | G90: ='FERC p336 Dep & Amort'!C18 -> 171427092 | H90: =VLOOKUP($E90,Ratio,2,FALSE)*$G90 -> 0 | I90: =VLOOKUP($E90,Ratio,3,FALSE)*$G90 -> 0 | J90: =VLOOKUP($E90,Ratio,4,FALSE)*$G90 -> 171427092
B91: General Plant | C91: 336 | D91: 403 | E91: GP | G91: ='FERC p336 Dep & Amort'!C20 -> 15618734 | H91: =VLOOKUP($E91,Ratio,2,FALSE)*$G91 -> 5322403.9 | I91: =VLOOKUP($E91,Ratio,3,FALSE)*$G91 -> 0 | J91: =VLOOKUP($E91,Ratio,4,FALSE)*$G91 -> 10296330
B92: Common Plant - Electric | C92: 336 | D92: 403 | E92: DIRECT | G92: =SUM('FERC p336 Dep & Amort'!$C$21:$D$21) -> 18119462 | H92: =IF($E92="DIRECT",$L92,VLOOKUP($E92,Ratio,2,FALSE)*$G92) -> 6138737.1 | I92: =IF($E92="DIRECT",$M92,VLOOKUP($E92,Ratio,3,FALSE)*$G92) -> 0 | J92: =IF($E92="DIRECT",$N92,VLOOKUP($E92,Ratio,4,FALSE)*$G92) -> 11980725 | L92: ='DIRECT Common Depr & Amort Exp'!D35*$G$92 -> 6138737.1 | M92: ='DIRECT Common Depr & Amort Exp'!E35*$G$92 -> 0 | N92: ='DIRECT Common Depr & Amort Exp'!F35*$G$92 -> 11980725
B93: Common Plant - Electric | C93: 336 | D93: 404 | E93: DIRECT | G93: ='FERC p336 Dep & Amort'!E21 -> 44095861 | H93: =IF($E93="DIRECT",$L93,VLOOKUP($E93,Ratio,2,FALSE)*$G93) -> 11880278 | I93: =IF($E93="DIRECT",$M93,VLOOKUP($E93,Ratio,3,FALSE)*$G93) -> 0 | J93: =IF($E93="DIRECT",$N93,VLOOKUP($E93,Ratio,4,FALSE)*$G93) -> 32215583 | L93: ='DIRECT Common Depr & Amort Exp'!D39*$G$93 -> 11880278 | M93: ='DIRECT Common Depr & Amort Exp'!E39*$G$93 -> 0 | N93: ='DIRECT Common Depr & Amort Exp'!F39*$G$93 -> 32215583
B94: Depreciation Expense for Asset Retirement Costs | C94: 336 | D94: 403.1 | E94: DIRECT | G94: ='FERC p336 Dep & Amort'!$D$22-'FERC p336 Dep & Amort'!$D$21 -> 3659244 | H94: =IF($E94="DIRECT",$L94,VLOOKUP($E94,Ratio,2,FALSE)*$G94) -> 3364796 | I94: =IF($E94="DIRECT",$M94,VLOOKUP($E94,Ratio,3,FALSE)*$G94) -> 0 | J94: =IF($E94="DIRECT",$N94,VLOOKUP($E94,Ratio,4,FALSE)*$G94) -> 294448 | L94: =SUM('FERC p336 Dep & Amort'!D12:D16) -> 3364796 | M94: =0 -> 0 | N94: ='FERC p336 Dep & Amort'!$D$18+'FERC p336 Dep & Amort'!$D$17 -> 294448
B95: Amortization of Limited Term Electric Plant | C95: 336 | D95: 404 | E95: DIRECT | G95: ='FERC p336 Dep & Amort'!E14-'DIRECT Int Amort E302 and E303'!F9 -> -0.12 | H95: =IF($E95="DIRECT",$L95,VLOOKUP($E95,Ratio,2,FALSE)*$G95) -> 0 | I95: =IF($E95="DIRECT",$M95,VLOOKUP($E95,Ratio,3,FALSE)*$G95) -> 0 | J95: =IF($E95="DIRECT",$N95,VLOOKUP($E95,Ratio,4,FALSE)*$G95) -> 0
B96: Amortization of Plant Acquisition Adjustments (Electric) | C96: 200-201 | D96: 406 | E96: DIRECT | G96: ='FERC p114-117a Income'!H21+'FERC p114-117a Income'!H22 -> 43464024 | H96: =IF($E96="DIRECT",$L96,VLOOKUP($E96,Ratio,2,FALSE)*$G96) -> 7550389.1 | I96: =IF($E96="DIRECT",$M96,VLOOKUP($E96,Ratio,3,FALSE)*$G96) -> 0 | J96: =IF($E96="DIRECT",$N96,VLOOKUP($E96,Ratio,4,FALSE)*$G96) -> 35913635 | L96: ='DIRECT 406E & 407E'!G35 -> 7550389.1 | M96: ='DIRECT 406E & 407E'!H35 -> 0 | N96: ='DIRECT 406E & 407E'!I35 -> 35913635
A97: Total Depreciation and Amortization | G97: =SUM(G81:G96) -> 4.9785386e+08 | H97: =SUM(H81:H96) -> 1.8779954e+08 | I97: =SUM(I81:I96) -> 0 | J97: =SUM(J81:J96) -> 3.1005431e+08
A100: Total Operating Expenses | G100: =G77+G97 -> 2.9311667e+09 | H100: =H77+H97 -> 2.2504203e+09 | I100: =I77+I97 -> 0 | J100: =J77+J97 -> 6.8074638e+08
A101: (Total O&M + Total Depreciation & Amortization)

Sheet Sch 3A - Taxes
A1: BONNEVILLE POWER ADMINISTRATION
A2: RESIDENTIAL PURCHASE AND SALE AGREEMENT
A3: 2008 Average System Cost Methodology (ASCM) Appendix 1
A5: TOC | D5: UTILITY NAME: | E5: ='Sch 1- Rate Base '!$E$5 -> PUGET SOUND ENERGY | I5: BPA Reviews:
D6: End of Year Report Period: | E6: ='Sch 1- Rate Base '!$E$6 -> 2023 | I6: ='Sch 1- Rate Base '!I6
D7: ASC Filing Date: | E7: ='Sch 1- Rate Base '!$E$7 -> 45474 | I7: ='Sch 1- Rate Base '!I7
A9: Schedule 3A Items: Taxes (Including Income Taxes)
A11: Account Description | C11: FERC Form 1 | E11: Funct. Method | F11: Total | G11: Production | H11: Transmission | I11: Distribution/ Other
C12: Page | D12: Account
C13: Number | D13: Numbers
A15: FEDERAL
B16: Income Tax (Included on Schedule 2) | C16: 262-263 | D16: 409.1 | E16: DIST | F16: ='FERC p262 Taxes'!M39 -> 181201019 | G16: =VLOOKUP($E16,Ratio,2,FALSE)*$F16 -> 0 | H16: =VLOOKUP($E16,Ratio,3,FALSE)*$F16 -> 0 | I16: =VLOOKUP($E16,Ratio,4,FALSE)*$F16 -> 181201019
B17: Employment Tax | C17: 262-263 | D17: 408.1 | E17: LABOR | F17: ='FERC p262 Taxes'!M75 -> 10966229 | G17: =VLOOKUP($E17,Ratio,2,FALSE)*$F17 -> 3726655.1 | H17: =VLOOKUP($E17,Ratio,3,FALSE)*$F17 -> 0 | I17: =VLOOKUP($E17,Ratio,4,FALSE)*$F17 -> 7239573.9
B18: Other Federal Taxes | C18: 262-263 | D18: 408.1 | E18: DIST | F18: ='FERC p262 Taxes'!M57 -> 0 | G18: =VLOOKUP($E18,Ratio,2,FALSE)*$F18 -> 0 | H18: =VLOOKUP($E18,Ratio,3,FALSE)*$F18 -> 0 | I18: =VLOOKUP($E18,Ratio,4,FALSE)*$F18 -> 0
A19: TOTAL FEDERAL | F19: =SUM(F16:F18) -> 192167248 | G19: =SUM(G16:G18) -> 3726655.1 | H19: =SUM(H16:H18) -> 0 | I19: =SUM(I16:I18) -> 1.8844059e+08
A21: STATE AND OTHER
B22: Property | C22: 262-263 | D22: 408.1 | E22: PTDG | F22: ='FERC p262 Taxes'!M27 -> 47092120 | G22: =VLOOKUP($E22,Ratio,2,FALSE)*$F22 -> 16476242 | H22: =VLOOKUP($E22,Ratio,3,FALSE)*$F22 -> 0 | I22: =VLOOKUP($E22,Ratio,4,FALSE)*$F22 -> 30615878
B23: Unemployment | C23: 262-263 | D23: 408.1 | E23: LABOR | F23: ='FERC p262 Taxes'!M33 -> 0 | G23: =VLOOKUP($E23,Ratio,2,FALSE)*$F23 -> 0 | H23: =VLOOKUP($E23,Ratio,3,FALSE)*$F23 -> 0 | I23: =VLOOKUP($E23,Ratio,4,FALSE)*$F23 -> 0
B24: State Income, B&O, et. | C24: 262-263 | D24: 409.1 | E24: DIST | F24: ='FERC p262 Taxes'!M42 -> 104687355 | G24: =VLOOKUP($E24,Ratio,2,FALSE)*$F24 -> 0 | H24: =VLOOKUP($E24,Ratio,3,FALSE)*$F24 -> 0 | I24: =VLOOKUP($E24,Ratio,4,FALSE)*$F24 -> 104687355
B25: Franchise Fees | C25: 262-263 | D25: 408.1 | E25: DIST | F25: 0 | G25: =VLOOKUP($E25,Ratio,2,FALSE)*$F25 -> 0 | H25: =VLOOKUP($E25,Ratio,3,FALSE)*$F25 -> 0 | I25: =VLOOKUP($E25,Ratio,4,FALSE)*$F25 -> 0
B26: Regulatory Commission | C26: 262-263 | D26: 408.1 | E26: DIST | F26: 0 | G26: =VLOOKUP($E26,Ratio,2,FALSE)*$F26 -> 0 | H26: =VLOOKUP($E26,Ratio,3,FALSE)*$F26 -> 0 | I26: =VLOOKUP($E26,Ratio,4,FALSE)*$F26 -> 0
B27: City/Municipal | C27: 262-263 | D27: 408.1 | E27: DIST | F27: ='FERC p262 Taxes'!M21 -> 103454099 | G27: =VLOOKUP($E27,Ratio,2,FALSE)*$F27 -> 0 | H27: =VLOOKUP($E27,Ratio,3,FALSE)*$F27 -> 0 | I27: =VLOOKUP($E27,Ratio,4,FALSE)*$F27 -> 103454099
B28: Other | C28: 262-263 | D28: 408.1 | E28: DIST | F28: ='FERC p262 Taxes'!M24 -> 879365 | G28: =VLOOKUP($E28,Ratio,2,FALSE)*$F28 -> 0 | H28: =VLOOKUP($E28,Ratio,3,FALSE)*$F28 -> 0 | I28: =VLOOKUP($E28,Ratio,4,FALSE)*$F28 -> 879365
A29: TOTAL STATE AND OTHER TAXES | F29: =SUM(F22:F28) -> 256112939 | G29: =SUM(G22:G28) -> 16476242 | H29: =SUM(H22:H28) -> 0 | I29: =SUM(I22:I28) -> 2.396367e+08
A31: TOTAL TAXES | F31: =F29+F19 -> 448280187 | G31: =G29+G19 -> 20202897 | H31: =H29+H19 -> 0 | I31: =I29+I19 -> 4.2807729e+08

Sheet Sch 3B - Other Items
A1: BONNEVILLE POWER ADMINISTRATION
A2: RESIDENTIAL PURCHASE AND SALE AGREEMENT
A3: 2008 Average System Cost Methodology (ASCM) Appendix 1
A5: TOC | D5: UTILITY NAME: | E5: ='Sch 1- Rate Base '!$E$5 -> PUGET SOUND ENERGY | I5: BPA Reviews:
D6: End of Year Report Period: | E6: ='Sch 1- Rate Base '!$E$6 -> 2023 | I6: ='Sch 1- Rate Base '!I6
D7: ASC Filing Date: | E7: ='Sch 1- Rate Base '!$E$7 -> 45474 | I7: ='Sch 1- Rate Base '!I7
A9: Schedule 3B Other Included Items
A11: Account Description | C11: FERC Form 1 | E11: Functionalization | G11: Total | H11: Production | I11: Transmission | J11: Distribution/ Other | L11: Production | M11: Transmission | N11: Distribution/ Other
C12: Page | D12: Account | E12: Method
C13: Number | D13: Numbers | E13: Default | F13: Optional
A14: Other Included Items:
B15: Regulatory Credits | C15: 114-117 | D15: 407.4 | E15: DIRECT | F15: PROD | G15: ='FERC p114-117a Income'!H25 -> 134166092 | H15: =IF($E15="DIRECT",$L15,VLOOKUP($E15,Ratio,2,FALSE)*$G15) -> 1.0117803e+08 | I15: =IF($E15="DIRECT",$M15,VLOOKUP($E15,Ratio,3,FALSE)*$G15) -> 0 | J15: =IF($E15="DIRECT",$N15,VLOOKUP($E15,Ratio,4,FALSE)*$G15) -> 32988060 | L15: =-'DIRECT 4073 & 4074'!H126 -> 1.0117803e+08 | M15: =-'DIRECT 4073 & 4074'!I126 -> 0 | N15: =-'DIRECT 4073 & 4074'!J126 -> 32988060
B16: (Less) Regulatory Debits | C16: 114-117 | D16: 407.3 | E16: DIRECT | F16: DIST | G16: ='FERC p114-117a Income'!H24 -> 66572207 | H16: =IF($E16="DIRECT",$L16,VLOOKUP($E16,Ratio,2,FALSE)*$G16) -> 35561739 | I16: =IF($E16="DIRECT",$M16,VLOOKUP($E16,Ratio,3,FALSE)*$G16) -> 0 | J16: =IF($E16="DIRECT",$N16,VLOOKUP($E16,Ratio,4,FALSE)*$G16) -> 31010468 | L16: ='DIRECT 4073 & 4074'!H45 -> 35561739 | M16: ='DIRECT 4073 & 4074'!I45 -> 0 | N16: ='DIRECT 4073 & 4074'!J45 -> 31010468
B17: Gain from Disposition of Utility Plant | C17: 114-117 | D17: 411.6 | E17: DIRECT | F17: PROD | G17: ='FERC p114-117a Income'!H32 -> 611696 | H17: =IF($E17="DIRECT",$L17,VLOOKUP($E17,Ratio,2,FALSE)*$G17) -> 213537.99 | I17: =IF($E17="DIRECT",$M17,VLOOKUP($E17,Ratio,3,FALSE)*$G17) -> 0 | J17: =IF($E17="DIRECT",$N17,VLOOKUP($E17,Ratio,4,FALSE)*$G17) -> 398158.4 | L17: =-SUM('DIRECT 411.6 & 411.7'!I7:I9) -> 213537.99 | M17: =-SUM('DIRECT 411.6 & 411.7'!J7:J9) -> 0 | N17: =-SUM('DIRECT 411.6 & 411.7'!K7:K9) -> 398158.4
B18: (Less) Loss from Disposition of Utility Plant | C18: 114-117 | D18: 411.7 | E18: DIRECT | F18: DIST | G18: ='FERC p114-117a Income'!H33 -> 5519 | H18: =IF($E18="DIRECT",$L18,VLOOKUP($E18,Ratio,2,FALSE)*$G18) -> 1926.566 | I18: =IF($E18="DIRECT",$M18,VLOOKUP($E18,Ratio,3,FALSE)*$G18) -> 0 | J18: =IF($E18="DIRECT",$N18,VLOOKUP($E18,Ratio,4,FALSE)*$G18) -> 3592.234 | L18: =SUM('DIRECT 411.6 & 411.7'!I10:I12) -> 1926.566 | M18: =SUM('DIRECT 411.6 & 411.7'!J10:J12) -> 0 | N18: =SUM('DIRECT 411.6 & 411.7'!K10:K12) -> 3592.234
B19: Gain from Disposition of Allowances | C19: 114-117 | D19: 411.8 | E19: PROD | G19: ='FERC p114-117a Income'!H34 -> 0 | H19: =VLOOKUP($E19,Ratio,2,FALSE)*$G19 -> 0 | I19: =VLOOKUP($E19,Ratio,3,FALSE)*$G19 -> 0 | J19: =VLOOKUP($E19,Ratio,4,FALSE)*$G19 -> 0
B20: (Less) Loss from Disposition of Allowances | C20: 114-117 | D20: 411.9 | E20: PROD | G20: ='FERC p114-117a Income'!H35 -> 0 | H20: =VLOOKUP($E20,Ratio,2,FALSE)*$G20 -> 0 | I20: =VLOOKUP($E20,Ratio,3,FALSE)*$G20 -> 0 | J20: =VLOOKUP($E20,Ratio,4,FALSE)*$G20 -> 0
B21: Miscellaneous Nonoperating Income | C21: 114-117 | D21: 421 | E21: DIRECT | F21: PROD | G21: ='FERC p114-117a Income'!D53-'DIRECT 421'!$F$9 -> -261571031 | H21: =IF($E21="DIRECT",$L21,VLOOKUP($E21,Ratio,2,FALSE)*$G21) -> 11756.069 | I21: =IF($E21="DIRECT",$M21,VLOOKUP($E21,Ratio,3,FALSE)*$G21) -> 0 | J21: =IF($E21="DIRECT",$N21,VLOOKUP($E21,Ratio,4,FALSE)*$G21) -> -2.6158279e+08 | L21: =-'DIRECT 421'!I39 -> 11756.069 | M21: =-'DIRECT 421'!J39 -> 0 | N21: =-'DIRECT 421'!K39 -> -2.6158279e+08
A22: Total Other Included Items | G22: =G15-G16+G17-G18+G19-G20+G21 -> -193370969 | H22: =H15-H16+H17-H18+H19-H20+H21 -> 65839660 | I22: =I15-I16+I17-I18+I19-I20+I21 -> 0 | J22: =J15-J16+J17-J18+J19-J20+J21 -> -2.5921063e+08
A24: Sales for Resale:
B25: Sales for Resale | C25: 310 | D25: 447 | E25: PROD | G25: ='3-YEAR PP & OSS Worksheet'!D36 -> 640830574 | H25: =VLOOKUP($E25,Ratio,2,FALSE)*$G25 -> 640830574 | I25: =VLOOKUP($E25,Ratio,3,FALSE)*$G25 -> 0 | J25: =VLOOKUP($E25,Ratio,4,FALSE)*$G25 -> 0
A26: Total Sales for Resale | G26: =SUM(G25) -> 640830574 | H26: =SUM(H25) -> 640830574 | I26: =SUM(I25) -> 0 | J26: =SUM(J25) -> 0
A28: Other Revenues:
B29: Forfeited Discounts | C29: 300 | D29: 450 | E29: DIST | G29: ='FERC p300-301 Op Revenues'!C28 -> -758 | H29: =VLOOKUP($E29,Ratio,2,FALSE)*$G29 -> 0 | I29: =VLOOKUP($E29,Ratio,3,FALSE)*$G29 -> 0 | J29: =VLOOKUP($E29,Ratio,4,FALSE)*$G29 -> -758
B30: Miscellaneous Service Revenues | C30: 300 | D30: 451 | E30: DIST | G30: ='FERC p300-301 Op Revenues'!C29 -> 16254690 | H30: =VLOOKUP($E30,Ratio,2,FALSE)*$G30 -> 0 | I30: =VLOOKUP($E30,Ratio,3,FALSE)*$G30 -> 0 | J30: =VLOOKUP($E30,Ratio,4,FALSE)*$G30 -> 16254690
B31: Sales of Water and Water Power | C31: 300 | D31: 453 | E31: PROD | G31: ='FERC p300-301 Op Revenues'!$C$30 -> 0 | H31: =VLOOKUP($E31,Ratio,2,FALSE)*$G31 -> 0 | I31: =VLOOKUP($E31,Ratio,3,FALSE)*$G31 -> 0 | J31: =VLOOKUP($E31,Ratio,4,FALSE)*$G31 -> 0
B32: Rent from Electric Property | C32: 300 | D32: 454 | E32: TD | G32: ='FERC p300-301 Op Revenues'!C31 -> 16990858 | H32: =VLOOKUP($E32,Ratio,2,FALSE)*$G32 -> 0 | I32: =VLOOKUP($E32,Ratio,3,FALSE)*$G32 -> 0 | J32: =VLOOKUP($E32,Ratio,4,FALSE)*$G32 -> 16990858
B33: Interdepartmental Rents | C33: 300 | D33: 455 | E33: DIST | G33: ='FERC p300-301 Op Revenues'!C32 -> 0 | H33: =VLOOKUP($E33,Ratio,2,FALSE)*$G33 -> 0 | I33: =VLOOKUP($E33,Ratio,3,FALSE)*$G33 -> 0 | J33: =VLOOKUP($E33,Ratio,4,FALSE)*$G33 -> 0
B34: Other Electric Revenues | C34: 300 | D34: 456 | E34: DIRECT | F34: PROD | G34: ='FERC p300-301 Op Revenues'!C33 -> 33809167 | H34: =IF($E34="DIRECT",$L34,VLOOKUP($E34,Ratio,2,FALSE)*$G34) -> 46941386 | I34: =IF($E34="DIRECT",$M34,VLOOKUP($E34,Ratio,3,FALSE)*$G34) -> 0 | J34: =IF($E34="DIRECT",$N34,VLOOKUP($E34,Ratio,4,FALSE)*$G34) -> -13132219 | L34: =-'DIRECT 456'!G93 -> 46941386 | M34: =-'DIRECT 456'!H93 -> 0 | N34: =-'DIRECT 456'!I93 -> -13132219
B35: Revenues from Transmission of Electricity of Others (i) | C35: 330 | D35: 456.1 | E35: TRANS | G35: ='FERC p300-301 Op Revenues'!C34 -> 34371414 | H35: =VLOOKUP($E35,Ratio,2,FALSE)*$G35 -> 0 | I35: =VLOOKUP($E35,Ratio,3,FALSE)*$G35 -> 0 | J35: =VLOOKUP($E35,Ratio,4,FALSE)*$G35 -> 34371414
A37: Total Other Revenues | G37: =SUM(G29:G36) -> 101425371 | H37: =SUM(H29:H36) -> 46941386 | I37: =SUM(I29:I36) -> 0 | J37: =SUM(J29:J36) -> 54483985
A39: Total Other Included Items | G39: =+G37+G26+G22 -> 548884976 | H39: =+H37+H26+H22 -> 7.5361162e+08 | I39: =+I37+I26+I22 -> 0 | J39: =+J37+J26+J22 -> -2.0472664e+08
A40: (Total Disposition of Plant + Total Sales for Resale + Total Other Revenue)

Sheet Sch 4 - Average System Cost
A1: BONNEVILLE POWER ADMINISTRATION
A2: RESIDENTIAL PURCHASE AND SALE AGREEMENT
A3: 2008 Average System Cost Methodology (ASCM) Appendix 1
A5: TOC | B5: UTILITY NAME: | C5: ='Sch 1- Rate Base '!$E$5 -> PUGET SOUND ENERGY | F5: BPA Reviews:
B6: End of Year Report Period: | C6: ='Sch 1- Rate Base '!$E$6 -> 2023 | F6: ='Sch 1- Rate Base '!I6
B7: ASC Filing Date: | C7: ='Sch 1- Rate Base '!$E$7 -> 45474 | F7: ='Sch 1- Rate Base '!I7
A9: Schedule 4: Average System Cost
C12: Total | D12: Production | E12: Transmission | F12: Distribution/Other
A13: Total Operating Expenses | C13: ='Sch 3 - Expenses'!G100 -> 2.9311667e+09 | D13: ='Sch 3 - Expenses'!H100 -> 2.2504203e+09 | E13: ='Sch 3 - Expenses'!I100 -> 0 | F13: ='Sch 3 - Expenses'!J100 -> 6.8074638e+08
A14: (From Schedule 3)
A16: Federal Income Tax Adjusted Return on Rate Base | C16: =IF('Sch 2 -Rate of Return'!E42>0,'Sch 2 -Rate of Return'!E42,IF('Sch 2 -Rate of Return'!E98>0,'Sch 2 -Rate of Return'!E98,IF('Sch 2 -Rate of Return'!E125>0,'Sch 2 -Rate of Return'!E125,0))) -> 6.3712008e+08 | D16: =IF('Sch 2 -Rate of Return'!F42>0,'Sch 2 -Rate of Return'!F42,IF('Sch 2 -Rate of Return'!F98>0,'Sch 2 -Rate of Return'!F98,IF('Sch 2 -Rate of Return'!F125>0,'Sch 2 -Rate of Return'!F125,0))) -> 1.8580708e+08 | E16: =IF('Sch 2 -Rate of Return'!G42>0,'Sch 2 -Rate of Return'!G42,IF('Sch 2 -Rate of Return'!G98>0,'Sch 2 -Rate of Return'!G98,IF('Sch 2 -Rate of Return'!G125>0,'Sch 2 -Rate of Return'!G125,0))) -> 0 | F16: =IF('Sch 2 -Rate of Return'!H42>0,'Sch 2 -Rate of Return'!H42,IF('Sch 2 -Rate of Return'!H98>0,'Sch 2 -Rate of Return'!H98,IF('Sch 2 -Rate of Return'!H125>0,'Sch 2 -Rate of Return'!H125,0))) -> 4.51313e+08
A17: (From Schedule 2)
A19: State and Other Taxes | C19: ='Sch 3A - Taxes'!F31 -> 448280187 | D19: ='Sch 3A - Taxes'!G31 -> 20202897 | E19: ='Sch 3A - Taxes'!H31 -> 0 | F19: ='Sch 3A - Taxes'!I31 -> 4.2807729e+08
A20: (From Schedule 3a)
A22: Total Other Included Items | C22: ='Sch 3B - Other Items'!G39 -> 548884976 | D22: ='Sch 3B - Other Items'!H39 -> 7.5361162e+08 | E22: ='Sch 3B - Other Items'!I39 -> 0 | F22: ='Sch 3B - Other Items'!J39 -> -2.0472664e+08
A23: (From Schedule 3b)
A25: Total Cost | C25: =C13+C16+C19-C22 -> 3.467682e+09 | D25: =D13+D16+D19-D22 -> 1.7028187e+09 | E25: =E13+E16+E19-E22 -> 0 | F25: =F13+F16+F19-F22 -> 1.7648633e+09
A26: (Total Operating Expenses + Return on Rate Base + State and Other Taxes - Total Other Included Items)
H29: Without NLSL | J29: With | K29: With NLSL and
H30: or Above-RHWM Load | I30: With NLSL | J30: Above-RHWM Load | K30: Above-RHWM Load
A31: Contract System Cost | H31: Removed | I31: Removed | J31: Removed | K31: Removed
A32: Production | D32: =D25 -> 1.7028187e+09 | F32: NLSL Fully Alloc. Cost ($/MWh) | H32: =$D$25 -> 1.7028187e+09 | I32: =$D$25 -> 1.7028187e+09 | J32: =$D$25 -> 1.7028187e+09 | K32: =$D$25 -> 1.7028187e+09
A33: Transmission | D33: =E25 -> 0 | H33: =$E$25 -> 0 | I33: =$E$25 -> 0 | J33: =$E$25 -> 0 | K33: =$E$25 -> 0
A34: (Less) New Large Single Load Costs (d) | D34: =F34*D40 -> 0 | E34: NLSL | F34: ='NLSL_Base_New-Calc'!AA43+'NLSL_Base_New-Calc'!AA46 -> 61.165569 | H34: 0 | I34: =F34*F45 -> 0 | J34: 0 | K34: =F34*K40 -> 0
A35: (Less) Above-RHWM Load Costs (d) | D35: =F35*D43 -> 0 | E35: Above-RHWM | F35: ='Above-RHWM_Base_Calc'!AA43+'Above-RHWM_Base_Calc'!AA46 -> 108.08009 | H35: 0 | I35: 0 | J35: =F35*F48 -> 0 | K35: =F35*K43 -> 0
A36: Total Contract System Cost | D36: =D32+D33-D34-D35 -> 1.7028187e+09 | H36: =H32+H33-H34-H35 -> 1.7028187e+09 | I36: =I32+I33-I34-I35 -> 1.7028187e+09 | J36: =J32+J33-J34-J35 -> 1.7028187e+09 | K36: =K32+K33-K34-K35 -> 1.7028187e+09
A38: Contract System Load (MWh)
A39: Total Retail Load | D39: ='FERC p401a Energy Acct BP - 23'!C31 -> 21165762 | H39: =D39 -> 21165762 | I39: =D39 -> 21165762 | J39: =D39 -> 21165762 | K39: =D39 -> 21165762
A40: (Less) New Large Single Load | D40: =IF(F34>MIN(H46,J46),F45,0) -> 0 | H40: 0 | I40: =F45 -> 0 | J40: 0 | K40: =F45 -> 0
A41: Total Retail Load (Net of NLSL) (d) | D41: =D39-D40 -> 21165762 | F41: Distribution Losses (%) | H41: =H39-H40 -> 21165762 | I41: =I39-I40 -> 21165762 | J41: =J39-J40 -> 21165762 | K41: =K39-K40 -> 21165762
A42: Distribution Loss (f) (See Distribution Loss Schedule) | D42: =D39*F42 -> 982091.36 | F42: ='Distribution Loss Calc'!F26 -> 0.0464 | H42: =H39*F42 -> 982091.36 | I42: =I39*F42 -> 982091.36 | J42: =J39*F42 -> 982091.36 | K42: =K39*F42 -> 982091.36
A43: (Less) Above-RHWM Load | D43: =IF(F35>MIN(H46,I46),F48,0) -> 0 | H43: 0 | I43: 0 | J43: =F48 -> 0 | K43: =F48 -> 0
A44: Total Contract System Load | D44: =D41+D42-D43 -> 22147853 | F44: NLSL MWH | H44: =H41+H42 -> 22147853 | I44: =I41+I42-I43 -> 22147853 | J44: =J41+J42-J43 -> 22147853 | K44: =K41+K42-K43 -> 22147853
A46: Average System Cost $/MWh | D46: =IF(D44=0,"$0",D36/D44) -> 76.884141 | H46: =IF(H44=0,"$0",H36/H44) -> 76.884141 | I46: =IF(I44=0,"$0",I36/I44) -> 76.884141 | J46: =IF(J44=0,"$0",J36/J44) -> 76.884141 | K46: =IF(K44=0,"$0",K36/K44) -> 76.884141
F47: Above-RHWM Load MWh

Sheet 3-YEAR PP & OSS Worksheet
A1: BONNEVILLE POWER ADMINISTRATION
A2: RESIDENTIAL PURCHASE AND SALE AGREEMENT
A3: 2008 Average System Cost Methodology (ASCM) Appendix 1
F4: UTILITY NAME: | G4: ='Sch 1- Rate Base '!$E$5 -> PUGET SOUND ENERGY | K4: BPA Reviews:
B5: TOC | F5: End of Year Report Period: | G5: ='Sch 1- Rate Base '!$E$6 -> 2023 | K5: ='Sch 1- Rate Base '!I6
F6: ASC Filing Date: | G6: ='Sch 1- Rate Base '!$E$7 -> 45474 | K6: ='Sch 1- Rate Base '!I7
A7: Purchased Power & Sales for Resale
B8: FERC Form 1 | D8: Purchased Power | G8: Purchased Power - Base Period Minus 1 | J8: Purchased Power - Base Period Minus 2
B9: Statistical | C9: Page
B10: Classification | C10: Number | D10: Settlement Total | E10: MWh Purchased | G10: Settlement Total | H10: MWh Purchased | J10: Settlement Total | K10: MWh Purchased
B11: RQ | C11: 326-327
B12: LF | C12: 326-327 | D12: ='FERC p326-327 Purchased Pwr 23'!T3 -> 20964343 | E12: ='FERC p326-327 Purchased Pwr 23'!U3 -> 243042 | G12: =GETPIVOTDATA("Sum of (n)",'FERC p326-327 Purchased Pwr 22'!$S$2,"(b)","LF") -> 21047048 | H12: =GETPIVOTDATA("Sum of (g)",'FERC p326-327 Purchased Pwr 22'!$S$2,"(b)","LF") -> 244785 | J12: ='FERC p326-327 Purchased Pwr 21'!T7 -> 117812219 | K12: ='FERC p326-327 Purchased Pwr 21'!U7 -> 3458996
B13: IF | C13: 326-327 | D13: ='FERC p326-327 Purchased Pwr 23'!T4 -> 195413332 | E13: ='FERC p326-327 Purchased Pwr 23'!U4 -> 1716317 | G13: =GETPIVOTDATA("Sum of (n)",'FERC p326-327 Purchased Pwr 22'!$S$2,"(b)","IF") -> 109977591 | H13: =GETPIVOTDATA("Sum of (g)",'FERC p326-327 Purchased Pwr 22'!$S$2,"(b)","IF") -> 996550 | J13: ='FERC p326-327 Purchased Pwr 21'!T5 -> 967549 | K13: ='FERC p326-327 Purchased Pwr 21'!U5 -> 18119
B14: SF | C14: 326-327
B15: LU | C15: 326-327 | D15: ='FERC p326-327 Purchased Pwr 23'!T5 -> 503086094 | E15: ='FERC p326-327 Purchased Pwr 23'!U5 -> 9891590 | G15: =GETPIVOTDATA("Sum of (n)",'FERC p326-327 Purchased Pwr 22'!$S$2,"(b)","LU") -> 427708427 | H15: =GETPIVOTDATA("Sum of (g)",'FERC p326-327 Purchased Pwr 22'!$S$2,"(b)","LU") -> 9438020 | J15: ='FERC p326-327 Purchased Pwr 21'!T8 -> 263063266 | K15: ='FERC p326-327 Purchased Pwr 21'!U8 -> 4962210
B16: IU | C16: 326-327 | D16: ='FERC p326-327 Purchased Pwr 23'!T6 -> 36868643 | E16: ='FERC p326-327 Purchased Pwr 23'!U6 -> 498674 | G16: =GETPIVOTDATA("Sum of (n)",'FERC p326-327 Purchased Pwr 22'!$S$2,"(b)","IU") -> 8423625 | H16: =GETPIVOTDATA("Sum of (g)",'FERC p326-327 Purchased Pwr 22'!$S$2,"(b)","IU") -> 234450 | J16: ='FERC p326-327 Purchased Pwr 21'!T6 -> 123482 | K16: ='FERC p326-327 Purchased Pwr 21'!U6 -> 3144
B17: OS | C17: 326-327 | D17: ='FERC p326-327 Purchased Pwr 23'!T7 -> 227867672 | E17: ='FERC p326-327 Purchased Pwr 23'!U7 -> 4250173 | G17: =GETPIVOTDATA("Sum of (n)",'FERC p326-327 Purchased Pwr 22'!$S$2,"(b)","OS") -> 550550865 | H17: =GETPIVOTDATA("Sum of (g)",'FERC p326-327 Purchased Pwr 22'!$S$2,"(b)","OS") -> 7019328 | J17: ='FERC p326-327 Purchased Pwr 21'!T9 -> 393915086 | K17: ='FERC p326-327 Purchased Pwr 21'!U9 -> 7991092
B18: EX | C18: 326-327 | D18: ='FERC p326-327 Purchased Pwr 23'!$T$8 -> 1141967 | E18: 0 | G18: =GETPIVOTDATA("Sum of (n)",'FERC p326-327 Purchased Pwr 22'!$S$2,"(b)","EX") -> 1154053 | H18: =GETPIVOTDATA("Sum of (g)",'FERC p326-327 Purchased Pwr 22'!$S$2,"(b)","EX") -> 0 | J18: ='FERC p326-327 Purchased Pwr 21'!T4 -> 948565 | K18: ='FERC p326-327 Purchased Pwr 21'!U4 -> 0
B19: NA | C19: 326-327
B20: AD | C20: 326-327 | D20: ='FERC p326-327 Purchased Pwr 23'!T9 -> 100295473 | E20: ='FERC p326-327 Purchased Pwr 23'!U9 -> 3958 | G20: =GETPIVOTDATA("Sum of (n)",'FERC p326-327 Purchased Pwr 22'!$S$2,"(b)","AD") -> 1860982 | H20: =GETPIVOTDATA("Sum of (g)",'FERC p326-327 Purchased Pwr 22'!$S$2,"(b)","AD") -> -879 | J20: ='FERC p326-327 Purchased Pwr 21'!T3 -> -3435473 | K20: ='FERC p326-327 Purchased Pwr 21'!U3 -> -1058
B21: TOTAL | D21: =SUM(D11:D20) -> 1085637524 | E21: =SUM(E11:E20) -> 16603754 | G21: =SUM(G11:G20) -> 1120722591 | H21: =SUM(H11:H20) -> 17932254 | J21: =SUM(J11:J20) -> 773394694 | K21: =SUM(K11:K20) -> 16432503
B23: FERC Form 1 | D23: Sales for Resale | G23: Sales for Resale - Base Period Minus 1 | J23: Sales for Resale - Base Period Minus 2
B24: Statistical | C24: Page
B25: Classification | C25: Number | D25: Settlement Total | E25: MWh Sold | G25: Settlement Total | H25: MWh Sold | J25: Settlement Total | K25: MWh Sold
B26: RQ | C26: 310-311 | D26: ='FERC p310-311 Sales for Rsl 23'!O3 -> 324999 | E26: ='FERC p310-311 Sales for Rsl 23'!P3 -> 6700 | G26: ='FERC p310-311 Sales for Rsl 22'!O5 -> 343677 | H26: ='FERC p310-311 Sales for Rsl 22'!P5 -> 7136 | J26: ='FERC p310-311 Sales for Rsl 21'!O5 -> 349832 | K26: ='FERC p310-311 Sales for Rsl 21'!P5 -> 7204
B27: LF | C27: 310-311
B28: IF | C28: 310-311
B29: SF | C29: 310-311
B30: LU | C30: 310-311
B31: IU | C31: 310-311
B32: OS | C32: 310-311 | D32: ='FERC p310-311 Sales for Rsl 23'!O4 -> 640780730 | E32: ='FERC p310-311 Sales for Rsl 23'!P4 -> 9027709 | G32: ='FERC p310-311 Sales for Rsl 22'!O4 -> 546361826 | H32: ='FERC p310-311 Sales for Rsl 22'!P4 -> 6037163 | J32: ='FERC p310-311 Sales for Rsl 21'!O4 -> 292596957 | K32: ='FERC p310-311 Sales for Rsl 21'!P4 -> 6641435
B33: EX | C33: 310-311
B34: NA | C34: 310-311
B35: AD | C35: 310-311 | D35: ='FERC p310-311 Sales for Rsl 23'!O5 -> -275155 | E35: ='FERC p310-311 Sales for Rsl 23'!P5 -> -785 | G35: ='FERC p310-311 Sales for Rsl 22'!O3 -> 255176 | H35: ='FERC p310-311 Sales for Rsl 22'!P3 -> 134 | J35: ='FERC p310-311 Sales for Rsl 21'!O3 -> 60369 | K35: ='FERC p310-311 Sales for Rsl 21'!P3 -> 1309
B36: TOTAL | D36: =SUM(D26:D35) -> 640830574 | E36: =SUM(E26:E35) -> 9033624 | G36: =SUM(G26:G35) -> 546960679 | H36: =SUM(H26:H35) -> 6044433 | J36: =SUM(J26:J35) -> 293007158 | K36: =SUM(K26:K35) -> 6649948
D69: Average PP | E69: =IF((E14+E17+E18)=0,0,(D14+D17+D18)/(E14+E17+E18)) -> 53.882428 | F69: =IF((H14+H17+H18)=0,0,(G14+G17+G18)/(H14+H17+H18)) -> 78.597968 | G69: =IF((K14+K17+K18)=0,0,(J14+J17+J18)/(K14+K17+K18)) -> 49.412978
D70: Average SS | E70: =IF((E29+E32+E33)=0,0,(D29+D32+D33)/(E29+E32+E33)) -> 70.979329 | F70: =IF((H29+H32+H33)=0,0,(G29+G32+G33)/(H29+H32+H33)) -> 90.499764 | G70: =IF((K29+K32+K33)=0,0,(J29+J32+J33)/(K29+K32+K33)) -> 44.056286
D71: 1/2 difference | E71: =(E69-E70)/2 -> -8.5484508 | F71: =(F69-F70)/2 -> -5.9508979 | G71: =(G69-G70)/2 -> 2.6783461
D72: Mid Point | E72: =AVERAGE(E69:E70) -> 62.430878 | F72: =AVERAGE(F69:F70) -> 84.548866 | G72: =AVERAGE(G69:G70) -> 46.734632
E73: =IF(E72=0,0,((E72+E71)/E72)-1) -> -0.13692665 | F73: =IF(F72=0,0,((F72+F71)/F72)-1) -> -0.070384124 | G73: =IF(G72=0,0,((G72+G71)/G72)-1) -> 0.057309665
D75: Percentage Spread | E75: =(E73*3+F73*2+G73*1)/6 -> -0.082373087
D79: Purchases from BPA Included in Power Purchases Above
D81: Cost | E81: MWh Purchased
B82: PF
B83: Slice
B84: Tier 1
B85: BPA Purch-Other
B86: Refund Amount
B87: TOTAL | D87: =SUM(D82:D86) -> 0 | E87: =SUM(E82:E86) -> 0

Sheet Load Forecast
A1: Fiscal Year Load Forecast
A2: Fiscal Year MWh | B2: Base Period MWh | C2: Forecast Fiscal Year MWh
A3: FY | B3: ='Sch 1- Rate Base '!E6 -> 2023 | C3: =B3+1 -> 2024 | D3: =C3+1 -> 2025 | E3: =D3+1 -> 2026 | F3: =E3+1 -> 2027 | G3: =F3+1 -> 2028
A4: Total Retail Sales @ Meter | B4: ='Sch 4 - Average System Cost'!D39 -> 21165762 | C4: ='PSE F24 Forecast Load'!J7 -> 21133873 | D4: ='PSE F24 Forecast Load'!J8 -> 21226594 | E4: ='PSE F24 Forecast Load'!J9 -> 21400392 | F4: ='PSE F24 Forecast Load'!J10 -> 21558214 | G4: ='PSE F24 Forecast Load'!J11 -> 21854080
A5: Distribution Losses | B5: ='Sch 4 - Average System Cost'!D42 -> 982091.36 | C5: =IF($B$4=0,0,C4*$B$16) -> 980611.71 | D5: =IF($B$4=0,0,D4*$B$16) -> 984913.96 | E5: =IF($B$4=0,0,E4*$B$16) -> 992978.19 | F5: =IF($B$4=0,0,F4*$B$16) -> 1000301.1 | G5: =IF($B$4=0,0,G4*$B$16) -> 1014029.3
A6: Contract System Load | B6: =B4+B5 -> 22147853 | C6: =IF('Tiered Rates'!C14>0,'Tiered Rates'!C14*8784,C4+C5) -> 22114485 | D6: =IF('Tiered Rates'!D14>0,'Tiered Rates'!D14*8760,D4+D5) -> 22211508 | E6: =IF('Tiered Rates'!E14>0,'Tiered Rates'!E14*8784,E4+E5) -> 22393370 | F6: =IF('Tiered Rates'!E14>0,'Tiered Rates'!E14*8760,F4+F5) -> 22558515 | G6: =IF('Tiered Rates'!F14>0,'Tiered Rates'!F14*8760,G4+G5) -> 22868109
A7: Load for Dist Plant Adds | B7: =B6 -> 22147853 | C7: =MAX(C6,B7) -> 22147853 | D7: =MAX(D6,C7) -> 22211508 | E7: =MAX(E6,D7) -> 22393370 | F7: =MAX(F6,E7) -> 22558515 | G7: =MAX(G6,F7) -> 22868109
A9: Base Period NLSL MWh | B9: ='Sch 4 - Average System Cost'!F45 -> 0
A10: New NLSL MWh
A11: Total NLSL MWh | B11: =B9 -> 0 | C11: =C10+B11 -> 0 | D11: =D10+C11 -> 0 | E11: =E10+D11 -> 0 | F11: =F10+E11 -> 0 | G11: =G10+F11 -> 0
A14: Annual Load Change | C14: =C6-B6 -> -33368.65 | D14: =D6-C6 -> 97023.254 | E14: =E6-D6 -> 181862.23 | F14: =F6-E6 -> 165144.94 | G14: =G6-F6 -> 309594.18
A16: Distribution Loss Percentage | B16: =ROUND('Sch 4 - Average System Cost'!F42,4) -> 0.0464
A20: TOC | D20: ='Sch 1- Rate Base '!E5 -> PUGET SOUND ENERGY
D21: ='Sch 1- Rate Base '!E6 -> 2023
D22: ='Sch 1- Rate Base '!E7 -> 45474
C25: BONNEVILLE POWER ADMINISTRATION
C26: RESIDENTIAL PURCHASE AND SALE AGREEMENT
C27: 2008 Average System Cost Methodology (ASCM) Appendix 1

Sheet Distribution Loss Calc
A1: BONNEVILLE POWER ADMINISTRATION
A2: RESIDENTIAL PURCHASE AND SALE AGREEMENT
A3: 2008 Average System Cost (ASCM) Appendix 1
A5: TOC | C5: UTILITY NAME: | D5: ='Sch 1- Rate Base '!$E$5 -> PUGET SOUND ENERGY
C6: End of Year Report Period: | D6: ='Sch 1- Rate Base '!$E$6 -> 2023
C7: ASC Filing Date: | D7: ='Sch 1- Rate Base '!$E$7 -> 45474
A10: Distribution Loss Calculation
C12: Base Year | D12: pg 401 losses | E12: pg 401 sales to ultimate consumers | F12: Loss Factor
B13: 1 | C13: 2023 | D13: ='FERC p401a Energy Acct BP - 23'!C36 -> 1090701 | E13: ='FERC p401a Energy Acct BP - 23'!$C$31 -> 21165762 | F13: =ROUND(+D13/E13,4) -> 0.0515
B14: 2 | C14: 2022 | D14: ='FERC p401a Energy Acct BP - 22'!C36 -> 1343941 | E14: ='FERC p401a Energy Acct BP - 22'!$C$31 -> 21613415 | F14: =ROUND(+D14/E14,4) -> 0.0622
B15: 3 | C15: 2021 | D15: ='FERC p401a Energy Acct BP - 21'!C36 -> 1459849 | E15: ='FERC p401a Energy Acct BP - 21'!C31 -> 21036614 | F15: =ROUND(+D15/E15,4) -> 0.0694
B16: 4 | C16: 2020 | D16: ='FERC p401a Energy Acct BP - 20'!F28 -> 1588951 | E16: ='FERC p401a Energy Acct BP - 20'!F23 -> 20088222 | F16: =ROUND(+D16/E16,4) -> 0.0791
B17: 5 | C17: 2019 | D17: ='FERC p401a Energy Acct BP - 19'!F28 -> 1275898 | E17: ='FERC p401a Energy Acct BP - 19'!F23 -> 20833230 | F17: =ROUND(+D17/E17,4) -> 0.0612
C19: 5 year Total | D19: =SUM(D13:D17) -> 6759340 | E19: =SUM(E13:E17) -> 1.0473724e+08 | F19: =ROUND(+D19/E19,4) -> 0.0645
C20: Average | D20: =AVERAGE(D13:D17) -> 1351868 | E20: =AVERAGE(E13:E17) -> 20947449 | F20: =ROUND(+D20/E20,4) -> 0.0645
B22: Loss Factor (5 year Average) | F22: =F20 -> 0.0645
B23: Less:
B24: Loss factor for BPA's transmission system. | F24: 0.0181
B26: Method 3 Default Loss factor for 2023 Base ASC | F26: =ROUND(+F22-F24,4) -> 0.0464

Sheet Salaries
A1: BONNEVILLE POWER ADMINISTRATION
A2: RESIDENTIAL PURCHASE AND SALE AGREEMENT
A3: 2008 Average System Cost Methodology (ASCM) Appendix 1
A5: TOC | B5: UTILITY NAME: | C5: ='Sch 1- Rate Base '!$E$5 -> PUGET SOUND ENERGY
B6: End of Year Report Period: | C6: ='Sch 1- Rate Base '!$E$6 -> 2023
A7: 2/19/2010 | B7: ASC Filing Date: | C7: ='Sch 1- Rate Base '!$E$7 -> 45474
A10: Distribution of Salaries and Wages (For Labor Ratio Calculation)
A11: Description | C11: Form 1 | D11: Amount
C12: Page
C13: Number
A14: Electric
A15: Operation
A16: 1 | B16: Production | C16: 354-355 | D16: ='FERC p354-355 Salaries & Wages'!C12 -> 27351096
A17: 2 | B17: Transmission | C17: 354-355 | D17: ='FERC p354-355 Salaries & Wages'!C13 -> 8264727
A18: 3 | B18: Distribution | C18: 354-355 | D18: ='FERC p354-355 Salaries & Wages'!C15 -> 30436062
A19: 4 | B19: Customer Accounts | C19: 354-355 | D19: ='FERC p354-355 Salaries & Wages'!C16 -> 10042836
A20: 5 | B20: Customer Service and Information | C20: 354-355 | D20: ='FERC p354-355 Salaries & Wages'!C17 -> 2377648
A21: 6 | B21: Sales | C21: 354-355 | D21: ='FERC p354-355 Salaries & Wages'!C18 -> 834733
A22: 7 | B22: Administrative and General | C22: 354-355 | D22: ='FERC p354-355 Salaries & Wages'!C19 -> 42501370
A23: TOTAL Operation | D23: =SUM(D16:D22) -> 121808472
A25: Maintenance
A26: 9 | B26: Production | C26: 354-355 | D26: ='FERC p354-355 Salaries & Wages'!C22 -> 5284488
A27: 10 | B27: Transmission | C27: 354-355 | D27: ='FERC p354-355 Salaries & Wages'!C23 -> 2233833
A28: 11 | B28: Distribution | C28: 354-355 | D28: ='FERC p354-355 Salaries & Wages'!C25 -> 10369106
A29: 12 | B29: Administrative and General | C29: 354-355 | D29: ='FERC p354-355 Salaries & Wages'!C26 -> 46045
A30: TOTAL Maintenance | D30: =SUM(D26:D29) -> 17933472
A32: Operation and Maintenance
B33: Production (Enter Total of lines 1 and 9) | C33: 354-355 | D33: =+D16+D26 -> 32635584
B34: Transmission (Enter Total of lines 2 and 10) | C34: 354-355 | D34: =+D17+D27 -> 10498560
B35: Distribution (Enter Total of lines 3 and 11) | C35: 354-355 | D35: =+D18+D28 -> 40805168
B36: Customer Accounts (Transcribe from line 4) | C36: 354-355 | D36: =+D19 -> 10042836
B37: Customer Service and Information (Transcribe from line 5) | C37: 354-355 | D37: =+D20 -> 2377648
B38: Sales (Transcribe from line 6) | C38: 354-355 | D38: =+D21 -> 834733
B39: Administrative and General (Enter Total of lines 7 and 12) | C39: 354-355 | D39: =+D22+D29 -> 42547415
A40: TOTAL Operation and Maintenance | D40: =SUM(D33:D39) -> 139741944

Sheet Ratios
A1: BONNEVILLE POWER ADMINISTRATION | M1: NLSL Production Plant | R1: =R46 -> 3.1039243e+09
A2: RESIDENTIAL PURCHASE AND SALE AGREEMENT | M2: Total Production Plant | R2: =E46 -> 3902384831
A3: 2008 Average System Cost Methodology (ASCM) Appendix 1 | M3: NLSL Production Plant percent of Total Prod. Plant | R3: =IF(R2=0,0,R1/R2) -> 0.79539165
M4: Non-NLSL Production plant percent of Total Prod. Plant | R4: =IF(R2=0,0,(R2-R1)/R2) -> 0.20460835
A5: TOC | B5: UTILITY NAME: | C5: ='Sch 1- Rate Base '!$E$5 -> PUGET SOUND ENERGY
A6: é | B6: End of Year Report Period: | C6: ='Sch 1- Rate Base '!$E$6 -> 2023 | M6: NLSL Production Plant O&M | R6: ='NLSL_Base_New-Calc'!AA33+'NLSL_Base_New-Calc'!AA34 -> 1.0118364e+08
B7: ASC Filing Date: | C7: ='Sch 1- Rate Base '!$E$7 -> 45474 | M7: Total Production Plant O&M | R7: ='Sch 3 - Expenses'!H17+'Sch 3 - Expenses'!H18+'Sch 3 - Expenses'!H21+'Sch 3 - Expenses'!H22+'Sch 3 - Expenses'!H24+'Sch 3 - Expenses'!H25+'Sch 3 - Expenses'!H28+'Sch 3 - Expenses'!H29 -> 118415920
M8: NLSL Production Plant O&M percent of Total Prod. Plant O&M | R8: =IF(R7=0,0,R6/R7) -> 0.85447663
A9: Ratio Table | M9: Non-NLSL Production Plant O&M percent of Total Prod. Plant O&M | R9: =IF(R7=0,0,(R7-R6)/R7) -> 0.14552337
Q11: Production
A12: Labor Ratio Input: | C12: Ratio Used | D12: Total | E12: Production | F12: Transmission | G12: Distribution | Q12: Non-NLSL | R12: NLSL | S12: Total
B13: Production | C13: PROD | D13: =Salaries!D33 -> 32635584 | E13: =VLOOKUP($C13,Ratio,2,FALSE)*$D13 -> 32635584 | F13: =VLOOKUP($C13,Ratio,3,FALSE)*$D13 -> 0 | G13: =VLOOKUP($C13,Ratio,4,FALSE)*$D13 -> 0 | Q13: =E13*R9 -> 4749240.1 | R13: =E13*R8 -> 27886344 | S13: =SUM(Q13:R13) -> 32635584
B14: Transmission | C14: TRANS | D14: =Salaries!D34 -> 10498560 | E14: =VLOOKUP($C14,Ratio,2,FALSE)*$D14 -> 0 | F14: =VLOOKUP($C14,Ratio,3,FALSE)*$D14 -> 0 | G14: =VLOOKUP($C14,Ratio,4,FALSE)*$D14 -> 10498560 | Q14: 0 | R14: 0
B15: Distribution | C15: DIST | D15: =Salaries!D35 -> 40805168 | E15: =VLOOKUP($C15,Ratio,2,FALSE)*$D15 -> 0 | F15: =VLOOKUP($C15,Ratio,3,FALSE)*$D15 -> 0 | G15: =VLOOKUP($C15,Ratio,4,FALSE)*$D15 -> 40805168 | Q15: 0 | R15: 0
B16: Customer Accounts | C16: DIST | D16: =Salaries!D36 -> 10042836 | E16: =VLOOKUP($C16,Ratio,2,FALSE)*$D16 -> 0 | F16: =VLOOKUP($C16,Ratio,3,FALSE)*$D16 -> 0 | G16: =VLOOKUP($C16,Ratio,4,FALSE)*$D16 -> 10042836 | I16: Prod. | J16: Trans. | K16: Dist. | Q16: 0 | R16: 0
B17: Customer Service and Informational | C17: DIST | D17: =Salaries!D37 -> 2377648 | E17: =IF($C17="DIRECT",I17,VLOOKUP($C17,Ratio,2,FALSE)*$D17) -> 0 | F17: =IF($C17="DIRECT",J17,VLOOKUP($C17,Ratio,3,FALSE)*$D17) -> 0 | G17: =IF($C17="DIRECT",K17,VLOOKUP($C17,Ratio,4,FALSE)*$D17) -> 2377648 | Q17: =E17 -> 0 | R17: 0 | S17: =SUM(Q17:R17) -> 0
B18: Sales | C18: DIST | D18: =Salaries!D38 -> 834733 | E18: =VLOOKUP($C18,Ratio,2,FALSE)*$D18 -> 0 | F18: =VLOOKUP($C18,Ratio,3,FALSE)*$D18 -> 0 | G18: =VLOOKUP($C18,Ratio,4,FALSE)*$D18 -> 834733 | Q18: 0 | R18: 0
B19: Administrative & General | C19: PTD | D19: =Salaries!D39 -> 42547415 | E19: =VLOOKUP($C19,Ratio,2,FALSE)*$D19 -> 14852939 | F19: =VLOOKUP($C19,Ratio,3,FALSE)*$D19 -> 0 | G19: =VLOOKUP($C19,Ratio,4,FALSE)*$D19 -> 27694476 | Q19: =D19*Q50 -> 3039035.4 | R19: =D19*R50 -> 11813904 | S19: =SUM(Q19:R19) -> 14852939
A21: Total Labor | D21: =SUM(D13:D20) -> 139741944 | E21: =SUM(E13:E20) -> 47488523 | F21: =SUM(F13:F20) -> 0 | G21: =SUM(G13:G20) -> 92253421 | Q21: =SUM(Q13:Q19) -> 7788275.5 | R21: =SUM(R13:R19) -> 39700248 | S21: =SUM(Q21:R21) -> 47488523
B22: Labor Ratio | D22: =IF($D21=0,0,D21/$D21) -> 1 | E22: =IF($D21=0,0,E21/$D21) -> 0.33983013 | F22: 0 | G22: =IF($D21=0,0,G21/$D21)+IF($D21=0,0,F21/$D21) -> 0.66016987 | O22: Labor Ratio | Q22: =IF(D21=0,0,Q21/D21) -> 0.05573327 | R22: =IF(D21=0,0,R21/D21) -> 0.28409686 | S22: =SUM(Q22:R22) -> 0.33983013
A24: GP | B24: General Plant Ratio | C24: Ratio Used | D24: Total | E24: Production | F24: Transmission | G24: Distribution | Q24: Non-NLSL | R24: NLSL | S24: Total
B25: Land and Land Rights | C25: PTD | D25: ='Sch 1- Rate Base '!G37 -> 5100521 | E25: ='Sch 1- Rate Base '!H37 -> 1780548.3 | F25: ='Sch 1- Rate Base '!I37 -> 0 | G25: ='Sch 1- Rate Base '!J37 -> 3319972.7 | Q25: =D25*Q$50 -> 364315.05 | R25: =D25*R$50 -> 1416233.3 | S25: =SUM(Q25:R25) -> 1780548.3
B26: Structures and Improvements | C26: PTD | D26: ='Sch 1- Rate Base '!G38 -> 126721170 | E26: ='Sch 1- Rate Base '!H38 -> 44237279 | F26: ='Sch 1- Rate Base '!I38 -> 0 | G26: ='Sch 1- Rate Base '!J38 -> 82483891 | Q26: =D26*Q$50 -> 9051316.5 | R26: =D26*R$50 -> 35185962 | S26: =SUM(Q26:R26) -> 44237279
B27: Furniture and Equipment | C27: LABOR | D27: ='Sch 1- Rate Base '!G39 -> 31597697 | E27: ='Sch 1- Rate Base '!H39 -> 10737850 | F27: ='Sch 1- Rate Base '!I39 -> 0 | G27: ='Sch 1- Rate Base '!J39 -> 20859847 | Q27: =D27*Q$22 -> 1761043 | R27: =D27*R$22 -> 8976806.6 | S27: =SUM(Q27:R27) -> 10737850
B28: Transportation Equipment | C28: TD | D28: ='Sch 1- Rate Base '!G40 -> 3994065 | E28: ='Sch 1- Rate Base '!H40 -> 0 | F28: ='Sch 1- Rate Base '!I40 -> 0 | G28: ='Sch 1- Rate Base '!J40 -> 3994065 | Q28: 0 | R28: 0
B29: Stores Equipment | C29: PTD | D29: ='Sch 1- Rate Base '!G41 -> 1969191 | E29: ='Sch 1- Rate Base '!H41 -> 687427.77 | F29: ='Sch 1- Rate Base '!I41 -> 0 | G29: ='Sch 1- Rate Base '!J41 -> 1281763.2 | Q29: =D29*Q$50 -> 140653.46 | R29: =D29*R$50 -> 546774.31 | S29: =SUM(Q29:R29) -> 687427.77
B30: Tools and Garage Equipment | C30: PTD | D30: ='Sch 1- Rate Base '!G42 -> 32372182 | E30: ='Sch 1- Rate Base '!H42 -> 11300852 | F30: ='Sch 1- Rate Base '!I42 -> 0 | G30: ='Sch 1- Rate Base '!J42 -> 21071330 | Q30: =D30*Q$50 -> 2312248.7 | R30: =D30*R$50 -> 8988603.6 | S30: =SUM(Q30:R30) -> 11300852
B31: Laboratory Equipment | C31: PTD | D31: ='Sch 1- Rate Base '!G43 -> 5973622 | E31: ='Sch 1- Rate Base '!H43 -> 2085340.4 | F31: ='Sch 1- Rate Base '!I43 -> 0 | G31: ='Sch 1- Rate Base '!J43 -> 3888281.6 | Q31: =D31*Q$50 -> 426678.06 | R31: =D31*R$50 -> 1658662.4 | S31: =SUM(Q31:R31) -> 2085340.4
B32: Power Operated Equipment | C32: TD | D32: ='Sch 1- Rate Base '!G44 -> 2715513 | E32: ='Sch 1- Rate Base '!H44 -> 0 | F32: ='Sch 1- Rate Base '!I44 -> 0 | G32: ='Sch 1- Rate Base '!J44 -> 2715513 | Q32: 0 | R32: 0
B33: Communication Equipment | C33: PTD | D33: ='Sch 1- Rate Base '!G45 -> 105832047 | E33: ='Sch 1- Rate Base '!H45 -> 36945064 | F33: ='Sch 1- Rate Base '!I45 -> 0 | G33: ='Sch 1- Rate Base '!J45 -> 68886983 | Q33: =D33*Q$50 -> 7559268.5 | R33: =D33*R$50 -> 29385796 | S33: =SUM(Q33:R33) -> 36945064
B34: Miscellaneous Equipment | C34: PTD | D34: ='Sch 1- Rate Base '!G46 -> 381575 | E34: ='Sch 1- Rate Base '!H46 -> 133204.57 | F34: ='Sch 1- Rate Base '!I46 -> 0 | G34: ='Sch 1- Rate Base '!J46 -> 248370.43 | Q34: =D34*Q$50 -> 27254.768 | R34: =D34*R$50 -> 105949.81 | S34: =SUM(Q34:R34) -> 133204.57
B35: Other Tangible Property | C35: ='Sch 1- Rate Base '!E47 -> DIRECT | D35: ='Sch 1- Rate Base '!G47 -> 0 | E35: ='Sch 1- Rate Base '!H47 -> 0 | F35: ='Sch 1- Rate Base '!I47 -> 0 | G35: ='Sch 1- Rate Base '!J47 -> 0 | Q35: =E35*R4 -> 0 | R35: =E35*R3 -> 0
B36: Asset Retirement Costs for General Plant | C36: PTD | D36: ='Sch 1- Rate Base '!G48 -> 0 | E36: ='Sch 1- Rate Base '!H48 -> 0 | F36: ='Sch 1- Rate Base '!I48 -> 0 | G36: ='Sch 1- Rate Base '!J48 -> 0 | Q36: =D36*Q$50 -> 0 | R36: =D36*R$50 -> 0 | S36: =SUM(Q36:R36) -> 0
B37: TOTAL | D37: =SUM(D25:D36) -> 316657583 | E37: =SUM(E25:E36) -> 1.0790757e+08 | F37: =SUM(F25:F36) -> 0 | G37: =SUM(G25:G36) -> 2.0875002e+08 | Q37: =SUM(Q25:Q36) -> 21642778 | R37: =SUM(R25:R36) -> 86264788 | S37: =SUM(Q37:R37) -> 1.0790757e+08
B38: RATIO (GP) | D38: =IF($D37=0,0,D37/$D37) -> 1 | E38: =IF($D37=0,0,E37/$D37) -> 0.34077051 | F38: 0 | G38: =IF($D37=0,0,G37/$D37)+IF($D37=0,0,F37/$D37) -> 0.65922949 | O38: GP Ratio | Q38: =IF(D37=0,0,Q37/D37) -> 0.068347576 | R38: =IF(D37=0,0,R37/D37) -> 0.27242293 | S38: =SUM(Q38:R38) -> 0.34077051
A41: PTD | B41: Production, Transmission, Distribution Ratio | C41: Ratio Used | D41: Total | E41: Production | F41: Transmission | G41: Distribution | Q41: Non-NLSL | R41: NLSL | S41: Total
B42: Steam Production | C42: PROD | D42: ='Sch 1- Rate Base '!G22 -> 1034308926 | E42: ='Sch 1- Rate Base '!H22 -> 1034308926 | F42: ='Sch 1- Rate Base '!I22 -> 0 | G42: ='Sch 1- Rate Base '!J22 -> 0 | Q42: =D42-R42 -> 4.5494879e+08 | R42: =SUMIF('NLSL_Base_New-Calc'!B$11:N$11,1,'NLSL_Base_New-Calc'!B$17:N$17) -> 5.7936014e+08
B43: Nuclear Production | C43: PROD | D43: ='Sch 1- Rate Base '!G23 -> 0 | E43: ='Sch 1- Rate Base '!H23 -> 0 | F43: ='Sch 1- Rate Base '!I23 -> 0 | G43: ='Sch 1- Rate Base '!J23 -> 0 | Q43: =D43-R43 -> 0
B44: Hydraulic Production | C44: PROD | D44: ='Sch 1- Rate Base '!G24 -> 788941762 | E44: ='Sch 1- Rate Base '!H24 -> 788941762 | F44: ='Sch 1- Rate Base '!I24 -> 0 | G44: ='Sch 1- Rate Base '!J24 -> 0 | Q44: =D44-R44 -> 788941762 | R44: =SUMIF('NLSL_Base_New-Calc'!B$11:N$11,2,'NLSL_Base_New-Calc'!B$17:N$17) -> 0
B45: Other Production | C45: PROD | D45: ='Sch 1- Rate Base '!G25 -> 2079134143 | E45: ='Sch 1- Rate Base '!H25 -> 2079134143 | F45: ='Sch 1- Rate Base '!I25 -> 0 | G45: ='Sch 1- Rate Base '!J25 -> 0 | Q45: =D45-R45 -> -4.4543003e+08 | R45: =SUMIF('NLSL_Base_New-Calc'!B$11:N$11,3,'NLSL_Base_New-Calc'!B$17:N$17) -> 2.5245642e+09
B46: Total Production Plant | D46: =SUM(D42:D45) -> 3902384831 | E46: =SUM(E42:E45) -> 3902384831 | F46: =SUM(F42:F45) -> 0 | G46: =SUM(G42:G45) -> 0 | Q46: =SUM(Q42:Q45) -> 7.9846051e+08 | R46: =SUM(R42:R45) -> 3.1039243e+09 | S46: =Q46+R46 -> 3902384831
B47: Transmission Plant | C47: TRANS | D47: ='Sch 1- Rate Base '!G30 -> 1992381238 | E47: ='Sch 1- Rate Base '!H30 -> 0 | F47: ='Sch 1- Rate Base '!I30 -> 0 | G47: ='Sch 1- Rate Base '!J30 -> 1992381238
B48: Total Distribution Plant | C48: DIST | D48: ='Sch 1- Rate Base '!G34 -> 5283922742 | E48: ='Sch 1- Rate Base '!H34 -> 0 | F48: ='Sch 1- Rate Base '!I34 -> 0 | G48: ='Sch 1- Rate Base '!J34 -> 5283922742
B49: TOTAL | D49: =D46+D47+D48 -> 11178688811 | E49: =E46+E47+E48 -> 3902384831 | F49: =F46+F47+F48 -> 0 | G49: =G46+G47+G48 -> 7276303980 | Q49: =Q46 -> 7.9846051e+08 | R49: =R46 -> 3.1039243e+09 | S49: =Q49+R49 -> 3902384831
B50: PTD Ratio | D50: =IF($D49=0,0,D49/$D49) -> 1 | E50: =IF($D49=0,0,E49/$D49) -> 0.34909146 | F50: 0 | G50: =IF($D49=0,0,G49/$D49)+IF($D49=0,0,F49/$D49) -> 0.65090854 | O50: PTD Ratio | Q50: =IF(D49=0,0,Q46/D49) -> 0.071427027 | R50: =IF(D49=0,0,R46/D49) -> 0.27766444 | S50: =Q50+R50 -> 0.34909146
A52: PTDG | B52: Production, Transmission, Distribution and General Plant Ratio | C52: Ratio Used | D52: Total | E52: Production | F52: Transmission | G52: Distribution | Q52: Non-NLSL | R52: NLSL | S52: Total
B53: PTD Total | D53: =D49 -> 11178688811 | E53: =E49 -> 3902384831 | F53: =F49 -> 0 | G53: =G49 -> 7276303980 | Q53: =Q49 -> 7.9846051e+08 | R53: =R49 -> 3.1039243e+09 | S53: =Q53+R53 -> 3902384831
B54: Intangible Plant - Organization | C54: DIST | D54: ='Sch 1- Rate Base '!G16 -> 114202 | E54: ='Sch 1- Rate Base '!H16 -> 0 | F54: ='Sch 1- Rate Base '!I16 -> 0 | G54: ='Sch 1- Rate Base '!J16 -> 114202
B55: Intangible Plant - Franchises and Consents | C55: DIRECT | D55: ='Sch 1- Rate Base '!G17 -> 80196650 | E55: ='Sch 1- Rate Base '!H17 -> 55817303 | F55: ='Sch 1- Rate Base '!I17 -> 0 | G55: ='Sch 1- Rate Base '!J17 -> 24379346 | Q55: =E55*R$4 -> 11420686 | R55: =E55*R$3 -> 44396617 | S55: =Q55+R55 -> 55817303
B56: Intangible Plant - Miscellaneous | C56: DIRECT | D56: ='Sch 1- Rate Base '!G18 -> 75530269 | E56: ='Sch 1- Rate Base '!H18 -> 10321489 | F56: ='Sch 1- Rate Base '!I18 -> 0 | G56: ='Sch 1- Rate Base '!J18 -> 65208779 | Q56: =E56*R$4 -> 2111862.7 | R56: =E56*R$3 -> 8209625.8 | S56: =Q56+R56 -> 10321489
B57: General Plant Total | D57: =D37 -> 316657583 | E57: =E37 -> 1.0790757e+08 | F57: =F37 -> 0 | G57: =G37 -> 2.0875002e+08 | Q57: =Q37 -> 21642778 | R57: =R37 -> 86264788 | S57: =Q57+R57 -> 1.0790757e+08
B58: TOTAL | D58: =SUM(D53:D57) -> 11651187515 | E58: =SUM(E53:E57) -> 4.0764312e+09 | F58: =SUM(F53:F57) -> 0 | G58: =SUM(G53:G57) -> 7.5747563e+09 | Q58: =SUM(Q53:Q57) -> 8.3363584e+08 | R58: =SUM(R53:R57) -> 3.2427953e+09 | S58: =Q58+R58 -> 4.0764312e+09
B59: PTDG RATIO | D59: =IF($D58=0,0,D58/$D58) -> 1 | E59: =IF($D58=0,0,E58/$D58) -> 0.34987259 | F59: 0 | G59: =IF($D58=0,0,G58/$D58)+IF($D58=0,0,F58/$D58) -> 0.65012741 | O59: PTDG Ratio | Q59: =IF(D58=0,0,Q58/D58) -> 0.071549431 | R59: =IF(D58=0,0,R58/D58) -> 0.27832316 | S59: =Q59+R59 -> 0.34987259
A61: TD | B61: Transmission and Distribution Plant Ratio | C61: Ratio Used | D61: Total | E61: Production | F61: Transmission | G61: Distribution | Q61: Non-NLSL | R61: NLSL | S61: Total
B62: Total Transmission Plant | C62: TRANS | D62: =D47 -> 1992381238 | E62: =E47 -> 0 | F62: =F47 -> 0 | G62: =G47 -> 1992381238
B63: Total Distribution Plant | C63: DIST | D63: =D48 -> 5283922742 | E63: =E48 -> 0 | F63: =F48 -> 0 | G63: =G48 -> 5283922742
B64: TOTAL | D64: =SUM(D62:D63) -> 7276303980 | E64: =SUM(E62:E63) -> 0 | F64: =SUM(F62:F63) -> 0 | G64: =SUM(G62:G63) -> 7276303980 | Q64: =SUM(Q62:Q63) -> 0 | R64: =SUM(R62:R63) -> 0 | S64: =Q64+R64 -> 0
B65: TD RATIO | D65: =IF($D64=0,0,D64/$D64) -> 1 | E65: =IF($D64=0,0,E64/$D64) -> 0 | F65: 0 | G65: =IF($D64=0,0,G64/$D64)+IF($D64=0,0,F64/$D64) -> 1 | O65: TD Ratio | Q65: =IF(D64=0,0,Q64/D64) -> 0 | R65: =IF(D64=0,0,R64/D64) -> 0 | S65: =Q65+R65 -> 0
A68: GPM | B68: Maintenance of General Plant Ratio | C68: Ratio Used | D68: Total | E68: Production | F68: Transmission | G68: Distribution | Q68: Non-NLSL | R68: NLSL | S68: Total
B69: Structures and Improvements | C69: =C26 -> PTD | D69: =D26 -> 126721170 | E69: =E26 -> 44237279 | F69: =F26 -> 0 | G69: =G26 -> 82483891 | Q69: =D69*Q$50 -> 9051316.5 | R69: =D69*R$50 -> 35185962 | S69: =Q69+R69 -> 44237279
B70: Furniture and Equipment | C70: =C27 -> LABOR | D70: =D27 -> 31597697 | E70: =E27 -> 10737850 | F70: =F27 -> 0 | G70: =G27 -> 20859847 | Q70: =D70*Q$22 -> 1761043 | R70: =D70*R$22 -> 8976806.6 | S70: =Q70+R70 -> 10737850
B71: Communication Equipment | C71: =C33 -> PTD | D71: =D33 -> 105832047 | E71: =E33 -> 36945064 | F71: =F33 -> 0 | G71: =G33 -> 68886983 | Q71: =D71*Q$50 -> 7559268.5 | R71: =D71*R$50 -> 29385796 | S71: =Q71+R71 -> 36945064
B72: Miscellaneous Equipment | C72: =C34 -> PTD | D72: =D34 -> 381575 | E72: =E34 -> 133204.57 | F72: =F34 -> 0 | G72: =G34 -> 248370.43 | Q72: =D72*Q$50 -> 27254.768 | R72: =D72*R$50 -> 105949.81 | S72: =Q72+R72 -> 133204.57
B73: TOTAL | D73: =SUM(D69:D72) -> 264532489 | E73: =SUM(E69:E72) -> 92053397 | F73: =SUM(F69:F72) -> 0 | G73: =SUM(G69:G72) -> 1.7247909e+08 | Q73: =SUM(Q69:Q72) -> 18398883 | R73: =SUM(R69:R72) -> 73654514 | S73: =Q73+R73 -> 92053397
B74: GPM RATIO | D74: =IF($D73=0,0,D73/$D73) -> 1 | E74: =IF($D73=0,0,E73/$D73) -> 0.34798522 | F74: 0 | G74: =IF($D73=0,0,G73/$D73)+IF($D73=0,0,F73/$D73) -> 0.65201478 | O74: GPM Ratio | Q74: =IF(D73=0,0,Q73/D73) -> 0.06955245 | R74: =IF(D73=0,0,R73/D73) -> 0.27843277 | S74: =Q74+R74 -> 0.34798522
B76: SUMMARY RATIO TABLE | Q76: Non-NLSL | R76: NLSL | S76: Total
P77: CONS
B78: Direct to Distribution | D78: DIST | E78: 0 | F78: 0 | G78: 1 | H78: =ROW() -> 78 | J78: DIST | K78: =VLOOKUP(J78,$D$78:$H$87,5,FALSE) -> 78 | P78: DIST | Q78: 0
B79: Direct to Production | D79: PROD | E79: 1 | F79: 0 | G79: 0 | H79: =ROW() -> 79 | J79: PROD | K79: =VLOOKUP(J79,$D$78:$H$87,5,FALSE) -> 79 | P79: PROD
B80: Direct to Transmission | D80: TRANS | E80: 0 | F80: 0 | G80: 1 | H80: =ROW() -> 80 | J80: TRANS | K80: =VLOOKUP(J80,$D$78:$H$87,5,FALSE) -> 80 | P80: TRANS | Q80: 0
B81: Direct Allocation | D81: DIRECT | E81: 0 | F81: 0 | G81: 0 | H81: =ROW() -> 81 | J81: DIRECT | K81: =VLOOKUP(J81,$D$78:$H$87,5,FALSE) -> 81 | P81: DIRECT
B82: General Plant | D82: GP | E82: =E38 -> 0.34077051 | F82: =F38 -> 0 | G82: =G38 -> 0.65922949 | H82: =ROW() -> 82 | J82: GP | K82: =VLOOKUP(J82,$D$78:$H$87,5,FALSE) -> 82 | P82: GP | Q82: =Q38 -> 0.068347576 | R82: =R38 -> 0.27242293 | S82: =Q82+R82 -> 0.34077051
B83: Maintenance of General Plant | D83: GPM | E83: =E74 -> 0.34798522 | F83: =F74 -> 0 | G83: =G74 -> 0.65201478 | H83: =ROW() -> 83 | J83: GPM | K83: =VLOOKUP(J83,$D$78:$H$87,5,FALSE) -> 83 | P83: GPM | Q83: =Q74 -> 0.06955245 | R83: =R74 -> 0.27843277 | S83: =Q83+R83 -> 0.34798522
B84: Labor Ratios | D84: LABOR | E84: =E22 -> 0.33983013 | F84: =F22 -> 0 | G84: =G22 -> 0.66016987 | H84: =ROW() -> 84 | J84: LABOR | K84: =VLOOKUP(J84,$D$78:$H$87,5,FALSE) -> 84 | P84: LABOR | Q84: =Q22 -> 0.05573327 | R84: =R22 -> 0.28409686 | S84: =Q84+R84 -> 0.33983013
B85: Production, Transmission, Distribution | D85: PTD | E85: =E50 -> 0.34909146 | F85: =F50 -> 0 | G85: =G50 -> 0.65090854 | H85: =ROW() -> 85 | J85: PTD | K85: =VLOOKUP(J85,$D$78:$H$87,5,FALSE) -> 85 | P85: PTD | Q85: =Q50 -> 0.071427027 | R85: =R50 -> 0.27766444 | S85: =Q85+R85 -> 0.34909146
B86: Production, Transmission, Distribution, General | D86: PTDG | E86: =E59 -> 0.34987259 | F86: =F59 -> 0 | G86: =G59 -> 0.65012741 | H86: =ROW() -> 86 | J86: PTDG | K86: =VLOOKUP(J86,$D$78:$H$87,5,FALSE) -> 86 | P86: PTDG | Q86: =Q59 -> 0.071549431 | R86: =R59 -> 0.27832316 | S86: =Q86+R86 -> 0.34987259
B87: Transmission, Distribution | D87: TD | E87: =E65 -> 0 | F87: =F65 -> 0 | G87: =G65 -> 1 | H87: =ROW() -> 87 | J87: TD | K87: =VLOOKUP(J87,$D$78:$H$87,5,FALSE) -> 87 | P87: TD | Q87: =Q65 -> 0 | R87: =R65 -> 0 | S87: =Q87+R87 -> 0

Sheet A-RHWM_Ratios
A1: BONNEVILLE POWER ADMINISTRATION | M1: Above-RHWM Production Plant | R1: =R46 -> 454201098
A2: RESIDENTIAL PURCHASE AND SALE AGREEMENT | M2: Total Production Plant | R2: =E46 -> 3902384831
A3: 2008 Average System Cost Methodology (ASCM) Appendix 1 | M3: Above-RHWM Production Plant percent of Total Prod. Plant | R3: =IF(R2=0,0,R1/R2) -> 0.11639065
M4: Non-NLSL Production plant percent of Total Prod. Plant | R4: =IF(R2=0,0,(R2-R1)/R2) -> 0.88360935
A5: TOC | B5: UTILITY NAME: | C5: ='Sch 1- Rate Base '!$E$5 -> PUGET SOUND ENERGY
A6: é | B6: End of Year Report Period: | C6: ='Sch 1- Rate Base '!$E$6 -> 2023 | M6: Above-RHWM Production Plant O&M | R6: ='Above-RHWM_Base_Calc'!AA33+'Above-RHWM_Base_Calc'!AA34 -> 11078189
B7: ASC Filing Date: | C7: ='Sch 1- Rate Base '!$E$7 -> 45474 | M7: Total Production Plant O&M | R7: ='Sch 3 - Expenses'!H17+'Sch 3 - Expenses'!H18+'Sch 3 - Expenses'!H21+'Sch 3 - Expenses'!H22+'Sch 3 - Expenses'!H24+'Sch 3 - Expenses'!H25+'Sch 3 - Expenses'!H28+'Sch 3 - Expenses'!H29 -> 118415920
M8: Above-RHWM Production Plant O&M percent of Total Prod. Plant O&M | R8: =IF(R7=0,0,R6/R7) -> 0.093553203
A9: Ratio Table | M9: Non-NLSL Production Plant O&M percent of Total Prod. Plant O&M | R9: =IF(R7=0,0,(R7-R6)/R7) -> 0.9064468
Q11: Production
A12: Labor Ratio Input: | C12: Ratio Used | D12: Total | E12: Production | F12: Transmission | G12: Distribution | Q12: Non-NLSL | R12: NLSL | S12: Total
B13: Production | C13: PROD | D13: =Salaries!D33 -> 32635584 | E13: =VLOOKUP($C13,Ratio,2,FALSE)*$D13 -> 32635584 | F13: =VLOOKUP($C13,Ratio,3,FALSE)*$D13 -> 0 | G13: =VLOOKUP($C13,Ratio,4,FALSE)*$D13 -> 0 | Q13: =E13*R9 -> 29582421 | R13: =E13*R8 -> 3053163.4 | S13: =SUM(Q13:R13) -> 32635584
B14: Transmission | C14: TRANS | D14: =Salaries!D34 -> 10498560 | E14: =VLOOKUP($C14,Ratio,2,FALSE)*$D14 -> 0 | F14: =VLOOKUP($C14,Ratio,3,FALSE)*$D14 -> 10498560 | G14: =VLOOKUP($C14,Ratio,4,FALSE)*$D14 -> 0 | Q14: 0 | R14: 0
B15: Distribution | C15: DIST | D15: =Salaries!D35 -> 40805168 | E15: =VLOOKUP($C15,Ratio,2,FALSE)*$D15 -> 0 | F15: =VLOOKUP($C15,Ratio,3,FALSE)*$D15 -> 0 | G15: =VLOOKUP($C15,Ratio,4,FALSE)*$D15 -> 40805168 | Q15: 0 | R15: 0
B16: Customer Accounts | C16: DIST | D16: =Salaries!D36 -> 10042836 | E16: =VLOOKUP($C16,Ratio,2,FALSE)*$D16 -> 0 | F16: =VLOOKUP($C16,Ratio,3,FALSE)*$D16 -> 0 | G16: =VLOOKUP($C16,Ratio,4,FALSE)*$D16 -> 10042836 | I16: Prod. | J16: Trans. | K16: Dist. | Q16: 0 | R16: 0
B17: Customer Service and Informational | C17: DIST | D17: =Salaries!D37 -> 2377648 | E17: =IF($C17="DIRECT",I17,VLOOKUP($C17,Ratio,2,FALSE)*$D17) -> 0 | F17: =IF($C17="DIRECT",J17,VLOOKUP($C17,Ratio,3,FALSE)*$D17) -> 0 | G17: =IF($C17="DIRECT",K17,VLOOKUP($C17,Ratio,4,FALSE)*$D17) -> 2377648 | Q17: =E17 -> 0 | R17: 0 | S17: =SUM(Q17:R17) -> 0
B18: Sales | C18: DIST | D18: =Salaries!D38 -> 834733 | E18: =VLOOKUP($C18,Ratio,2,FALSE)*$D18 -> 0 | F18: =VLOOKUP($C18,Ratio,3,FALSE)*$D18 -> 0 | G18: =VLOOKUP($C18,Ratio,4,FALSE)*$D18 -> 834733 | Q18: 0 | R18: 0
B19: Administrative & General | C19: PTD | D19: =Salaries!D39 -> 42547415 | E19: =VLOOKUP($C19,Ratio,2,FALSE)*$D19 -> 14852939 | F19: =VLOOKUP($C19,Ratio,3,FALSE)*$D19 -> 0 | G19: =VLOOKUP($C19,Ratio,4,FALSE)*$D19 -> 27694476 | Q19: =D19*Q50 -> 13124196 | R19: =D19*R50 -> 1728743.2 | S19: =SUM(Q19:R19) -> 14852939
A21: Total Labor | D21: =SUM(D13:D20) -> 139741944 | E21: =SUM(E13:E20) -> 47488523 | F21: =SUM(F13:F20) -> 10498560 | G21: =SUM(G13:G20) -> 81754861 | Q21: =SUM(Q13:Q19) -> 42706617 | R21: =SUM(R13:R19) -> 4781906.7 | S21: =SUM(Q21:R21) -> 47488523
B22: Labor Ratio | D22: =IF($D21=0,0,D21/$D21) -> 1 | E22: =IF($D21=0,0,E21/$D21) -> 0.33983013 | F22: =IF($D21=0,0,F21/$D21) -> 0.075128195 | G22: =IF($D21=0,0,G21/$D21) -> 0.58504167 | O22: Labor Ratio | Q22: =IF(D21=0,0,Q21/D21) -> 0.30561058 | R22: =IF(D21=0,0,R21/D21) -> 0.034219552 | S22: =SUM(Q22:R22) -> 0.33983013
A24: GP | B24: General Plant Ratio | C24: Ratio Used | D24: Total | E24: Production | F24: Transmission | G24: Distribution | Q24: Non-NLSL | R24: NLSL | S24: Total
B25: Land and Land Rights | C25: PTD | D25: ='Sch 1- Rate Base '!G37 -> 5100521 | E25: ='Sch 1- Rate Base '!H37 -> 1780548.3 | F25: ='Sch 1- Rate Base '!I37 -> 0 | G25: ='Sch 1- Rate Base '!J37 -> 3319972.7 | Q25: =D25*Q$50 -> 1573309.2 | R25: =D25*R$50 -> 207239.17 | S25: =SUM(Q25:R25) -> 1780548.3
B26: Structures and Improvements | C26: PTD | D26: ='Sch 1- Rate Base '!G38 -> 126721170 | E26: ='Sch 1- Rate Base '!H38 -> 44237279 | F26: ='Sch 1- Rate Base '!I38 -> 0 | G26: ='Sch 1- Rate Base '!J38 -> 82483891 | Q26: =D26*Q$50 -> 39088473 | R26: =D26*R$50 -> 5148805.5 | S26: =SUM(Q26:R26) -> 44237279
B27: Furniture and Equipment | C27: LABOR | D27: ='Sch 1- Rate Base '!G39 -> 31597697 | E27: ='Sch 1- Rate Base '!H39 -> 10737850 | F27: ='Sch 1- Rate Base '!I39 -> 0 | G27: ='Sch 1- Rate Base '!J39 -> 20859847 | Q27: =D27*Q$22 -> 9656590.5 | R27: =D27*R$22 -> 1081259 | S27: =SUM(Q27:R27) -> 10737850
B28: Transportation Equipment | C28: TD | D28: ='Sch 1- Rate Base '!G40 -> 3994065 | E28: ='Sch 1- Rate Base '!H40 -> 0 | F28: ='Sch 1- Rate Base '!I40 -> 0 | G28: ='Sch 1- Rate Base '!J40 -> 3994065 | Q28: 0 | R28: 0
B29: Stores Equipment | C29: PTD | D29: ='Sch 1- Rate Base '!G41 -> 1969191 | E29: ='Sch 1- Rate Base '!H41 -> 687427.77 | F29: ='Sch 1- Rate Base '!I41 -> 0 | G29: ='Sch 1- Rate Base '!J41 -> 1281763.2 | Q29: =D29*Q$50 -> 607417.6 | R29: =D29*R$50 -> 80010.163 | S29: =SUM(Q29:R29) -> 687427.77
B30: Tools and Garage Equipment | C30: PTD | D30: ='Sch 1- Rate Base '!G42 -> 32372182 | E30: ='Sch 1- Rate Base '!H42 -> 11300852 | F30: ='Sch 1- Rate Base '!I42 -> 0 | G30: ='Sch 1- Rate Base '!J42 -> 21071330 | Q30: =D30*Q$50 -> 9985538.8 | R30: =D30*R$50 -> 1315313.5 | S30: =SUM(Q30:R30) -> 11300852
B31: Laboratory Equipment | C31: PTD | D31: ='Sch 1- Rate Base '!G43 -> 5973622 | E31: ='Sch 1- Rate Base '!H43 -> 2085340.4 | F31: ='Sch 1- Rate Base '!I43 -> 0 | G31: ='Sch 1- Rate Base '!J43 -> 3888281.6 | Q31: =D31*Q$50 -> 1842626.3 | R31: =D31*R$50 -> 242714.12 | S31: =SUM(Q31:R31) -> 2085340.4
B32: Power Operated Equipment | C32: TD | D32: ='Sch 1- Rate Base '!G44 -> 2715513 | E32: ='Sch 1- Rate Base '!H44 -> 0 | F32: ='Sch 1- Rate Base '!I44 -> 0 | G32: ='Sch 1- Rate Base '!J44 -> 2715513 | Q32: 0 | R32: 0
B33: Communication Equipment | C33: PTD | D33: ='Sch 1- Rate Base '!G45 -> 105832047 | E33: ='Sch 1- Rate Base '!H45 -> 36945064 | F33: ='Sch 1- Rate Base '!I45 -> 0 | G33: ='Sch 1- Rate Base '!J45 -> 68886983 | Q33: =D33*Q$50 -> 32645004 | R33: =D33*R$50 -> 4300059.9 | S33: =SUM(Q33:R33) -> 36945064
B34: Miscellaneous Equipment | C34: PTD | D34: ='Sch 1- Rate Base '!G46 -> 381575 | E34: ='Sch 1- Rate Base '!H46 -> 133204.57 | F34: ='Sch 1- Rate Base '!I46 -> 0 | G34: ='Sch 1- Rate Base '!J46 -> 248370.43 | Q34: =D34*Q$50 -> 117700.81 | R34: =D34*R$50 -> 15503.767 | S34: =SUM(Q34:R34) -> 133204.57
B35: Other Tangible Property | C35: ='Sch 1- Rate Base '!E47 -> DIRECT | D35: ='Sch 1- Rate Base '!G47 -> 0 | E35: ='Sch 1- Rate Base '!H47 -> 0 | F35: ='Sch 1- Rate Base '!I47 -> 0 | G35: ='Sch 1- Rate Base '!J47 -> 0 | Q35: =E35*R4 -> 0 | R35: =E35*R3 -> 0
B36: Asset Retirement Costs for General Plant | C36: PTD | D36: ='Sch 1- Rate Base '!G48 -> 0 | E36: ='Sch 1- Rate Base '!H48 -> 0 | F36: ='Sch 1- Rate Base '!I48 -> 0 | G36: ='Sch 1- Rate Base '!J48 -> 0 | Q36: =D36*Q$50 -> 0 | R36: =D36*R$50 -> 0 | S36: =SUM(Q36:R36) -> 0
B37: TOTAL | D37: =SUM(D25:D36) -> 316657583 | E37: =SUM(E25:E36) -> 1.0790757e+08 | F37: =SUM(F25:F36) -> 0 | G37: =SUM(G25:G36) -> 2.0875002e+08 | Q37: =SUM(Q25:Q36) -> 95516661 | R37: =SUM(R25:R36) -> 12390905 | S37: =SUM(Q37:R37) -> 1.0790757e+08
B38: RATIO (GP) | D38: =IF($D37=0,0,D37/$D37) -> 1 | E38: =IF($D37=0,0,E37/$D37) -> 0.34077051 | F38: =IF($D37=0,0,F37/$D37) -> 0 | G38: =IF($D37=0,0,G37/$D37) -> 0.65922949 | O38: GP Ratio | Q38: =IF(D37=0,0,Q37/D37) -> 0.30164021 | R38: =IF(D37=0,0,R37/D37) -> 0.039130297 | S38: =SUM(Q38:R38) -> 0.34077051
A41: PTD | B41: Production, Transmission, Distribution Ratio | C41: Ratio Used | D41: Total | E41: Production | F41: Transmission | G41: Distribution | Q41: Non-NLSL | R41: NLSL | S41: Total
B42: Steam Production | C42: PROD | D42: ='Sch 1- Rate Base '!G22 -> 1034308926 | E42: ='Sch 1- Rate Base '!H22 -> 1034308926 | F42: ='Sch 1- Rate Base '!I22 -> 0 | G42: ='Sch 1- Rate Base '!J22 -> 0 | Q42: =D42-R42 -> 1034308926 | R42: =SUMIF('Above-RHWM_Base_Calc'!B$11:Z$11,1,'Above-RHWM_Base_Calc'!B$17:Z$17) -> 0
B43: Nuclear Production | C43: PROD | D43: ='Sch 1- Rate Base '!G23 -> 0 | E43: ='Sch 1- Rate Base '!H23 -> 0 | F43: ='Sch 1- Rate Base '!I23 -> 0 | G43: ='Sch 1- Rate Base '!J23 -> 0 | Q43: =D43-R43 -> 0
B44: Hydraulic Production | C44: PROD | D44: ='Sch 1- Rate Base '!G24 -> 788941762 | E44: ='Sch 1- Rate Base '!H24 -> 788941762 | F44: ='Sch 1- Rate Base '!I24 -> 0 | G44: ='Sch 1- Rate Base '!J24 -> 0 | Q44: =D44-R44 -> 788941762 | R44: =SUMIF('Above-RHWM_Base_Calc'!B$11:Z$11,2,'Above-RHWM_Base_Calc'!B$17:Z$17) -> 0
B45: Other Production | C45: PROD | D45: ='Sch 1- Rate Base '!G25 -> 2079134143 | E45: ='Sch 1- Rate Base '!H25 -> 2079134143 | F45: ='Sch 1- Rate Base '!I25 -> 0 | G45: ='Sch 1- Rate Base '!J25 -> 0 | Q45: =D45-R45 -> 1624933045 | R45: =SUMIF('Above-RHWM_Base_Calc'!B$11:Z$11,3,'Above-RHWM_Base_Calc'!B$17:Z$17) -> 454201098
B46: Total Production Plant | D46: =SUM(D42:D45) -> 3902384831 | E46: =SUM(E42:E45) -> 3902384831 | F46: =SUM(F42:F45) -> 0 | G46: =SUM(G42:G45) -> 0 | Q46: =SUM(Q42:Q45) -> 3448183733 | R46: =SUM(R42:R45) -> 454201098 | S46: =Q46+R46 -> 3902384831
B47: Transmission Plant | C47: TRANS | D47: ='Sch 1- Rate Base '!G30 -> 1992381238 | E47: ='Sch 1- Rate Base '!H30 -> 0 | F47: ='Sch 1- Rate Base '!I30 -> 0 | G47: ='Sch 1- Rate Base '!J30 -> 1992381238
B48: Total Distribution Plant | C48: DIST | D48: ='Sch 1- Rate Base '!G34 -> 5283922742 | E48: ='Sch 1- Rate Base '!H34 -> 0 | F48: ='Sch 1- Rate Base '!I34 -> 0 | G48: ='Sch 1- Rate Base '!J34 -> 5283922742
B49: TOTAL | D49: =D46+D47+D48 -> 11178688811 | E49: =E46+E47+E48 -> 3902384831 | F49: =F46+F47+F48 -> 0 | G49: =G46+G47+G48 -> 7276303980 | Q49: =Q46 -> 3448183733 | R49: =R46 -> 454201098 | S49: =Q49+R49 -> 3902384831
B50: PTD Ratio | D50: =IF($D49=0,0,D49/$D49) -> 1 | E50: =IF($D49=0,0,E49/$D49) -> 0.34909146 | F50: =IF($D49=0,0,F49/$D49) -> 0 | G50: =IF($D49=0,0,G49/$D49) -> 0.65090854 | O50: PTD Ratio | Q50: =IF(D49=0,0,Q46/D49) -> 0.30846048 | R50: =IF(D49=0,0,R46/D49) -> 0.040630981 | S50: =Q50+R50 -> 0.34909146
A52: PTDG | B52: Production, Transmission, Distribution and General Plant Ratio | C52: Ratio Used | D52: Total | E52: Production | F52: Transmission | G52: Distribution | Q52: Non-NLSL | R52: NLSL | S52: Total
B53: PTD Total | D53: =D49 -> 11178688811 | E53: =E49 -> 3902384831 | F53: =F49 -> 0 | G53: =G49 -> 7276303980 | Q53: =Q49 -> 3448183733 | R53: =R49 -> 454201098 | S53: =Q53+R53 -> 3902384831
B54: Intangible Plant - Organization | C54: DIST | D54: ='Sch 1- Rate Base '!G16 -> 114202 | E54: ='Sch 1- Rate Base '!H16 -> 0 | F54: ='Sch 1- Rate Base '!I16 -> 0 | G54: ='Sch 1- Rate Base '!J16 -> 114202
B55: Intangible Plant - Franchises and Consents | C55: ='Sch 1- Rate Base '!E17 -> DIRECT | D55: ='Sch 1- Rate Base '!G17 -> 80196650 | E55: ='Sch 1- Rate Base '!H17 -> 55817303 | F55: ='Sch 1- Rate Base '!I17 -> 0 | G55: ='Sch 1- Rate Base '!J17 -> 24379346 | Q55: =E55*R$4 -> 49320691 | R55: =E55*R$3 -> 6496612.1 | S55: =Q55+R55 -> 55817303
B56: Intangible Plant - Miscellaneous | C56: ='Sch 1- Rate Base '!E18 -> DIRECT | D56: ='Sch 1- Rate Base '!G18 -> 75530269 | E56: ='Sch 1- Rate Base '!H18 -> 10321489 | F56: ='Sch 1- Rate Base '!I18 -> 0 | G56: ='Sch 1- Rate Base '!J18 -> 65208779 | Q56: =E56*R$4 -> 9120163.8 | R56: =E56*R$3 -> 1201324.7 | S56: =Q56+R56 -> 10321489
B57: General Plant Total | D57: =D37 -> 316657583 | E57: =E37 -> 1.0790757e+08 | F57: =F37 -> 0 | G57: =G37 -> 2.0875002e+08 | Q57: =Q37 -> 95516661 | R57: =R37 -> 12390905 | S57: =Q57+R57 -> 1.0790757e+08
B58: TOTAL | D58: =SUM(D53:D57) -> 11651187515 | E58: =SUM(E53:E57) -> 4.0764312e+09 | F58: =SUM(F53:F57) -> 0 | G58: =SUM(G53:G57) -> 7.5747563e+09 | Q58: =SUM(Q53:Q57) -> 3.6021412e+09 | R58: =SUM(R53:R57) -> 4.7428994e+08 | S58: =Q58+R58 -> 4.0764312e+09
B59: PTDG RATIO | D59: =IF($D58=0,0,D58/$D58) -> 1 | E59: =IF($D58=0,0,E58/$D58) -> 0.34987259 | F59: =IF($D58=0,0,F58/$D58) -> 0 | G59: =IF($D58=0,0,G58/$D58) -> 0.65012741 | O59: PTDG Ratio | Q59: =IF(D58=0,0,Q58/D58) -> 0.30916516 | R59: =IF(D58=0,0,R58/D58) -> 0.040707433 | S59: =Q59+R59 -> 0.34987259
A61: TD | B61: Transmission and Distribution Plant Ratio | C61: Ratio Used | D61: Total | E61: Production | F61: Transmission | G61: Distribution | Q61: Non-NLSL | R61: NLSL | S61: Total
B62: Total Transmission Plant | C62: TRANS | D62: =D47 -> 1992381238 | E62: =E47 -> 0 | F62: =F47 -> 0 | G62: =G47 -> 1992381238
B63: Total Distribution Plant | C63: DIST | D63: =D48 -> 5283922742 | E63: =E48 -> 0 | F63: =F48 -> 0 | G63: =G48 -> 5283922742
B64: TOTAL | D64: =SUM(D62:D63) -> 7276303980 | E64: =SUM(E62:E63) -> 0 | F64: =SUM(F62:F63) -> 0 | G64: =SUM(G62:G63) -> 7276303980 | Q64: =SUM(Q62:Q63) -> 0 | R64: =SUM(R62:R63) -> 0 | S64: =Q64+R64 -> 0
B65: TD RATIO | D65: =IF($D64=0,0,D64/$D64) -> 1 | E65: =IF($D64=0,0,E64/$D64) -> 0 | F65: =IF($D64=0,0,F64/$D64) -> 0 | G65: =IF($D64=0,0,G64/$D64) -> 1 | O65: TD Ratio | Q65: =IF(D64=0,0,Q64/D64) -> 0 | R65: =IF(D64=0,0,R64/D64) -> 0 | S65: =Q65+R65 -> 0
A68: GPM | B68: Maintenance of General Plant Ratio | C68: Ratio Used | D68: Total | E68: Production | F68: Transmission | G68: Distribution | Q68: Non-NLSL | R68: NLSL | S68: Total
B69: Structures and Improvements | C69: =C26 -> PTD | D69: =D26 -> 126721170 | E69: =E26 -> 44237279 | F69: =F26 -> 0 | G69: =G26 -> 82483891 | Q69: =D69*Q$50 -> 39088473 | R69: =D69*R$50 -> 5148805.5 | S69: =Q69+R69 -> 44237279
B70: Furniture and Equipment | C70: =C27 -> LABOR | D70: =D27 -> 31597697 | E70: =E27 -> 10737850 | F70: =F27 -> 0 | G70: =G27 -> 20859847 | Q70: =D70*Q$22 -> 9656590.5 | R70: =D70*R$22 -> 1081259 | S70: =Q70+R70 -> 10737850
B71: Communication Equipment | C71: =C33 -> PTD | D71: =D33 -> 105832047 | E71: =E33 -> 36945064 | F71: =F33 -> 0 | G71: =G33 -> 68886983 | Q71: =D71*Q$50 -> 32645004 | R71: =D71*R$50 -> 4300059.9 | S71: =Q71+R71 -> 36945064
B72: Miscellaneous Equipment | C72: =C34 -> PTD | D72: =D34 -> 381575 | E72: =E34 -> 133204.57 | F72: =F34 -> 0 | G72: =G34 -> 248370.43 | Q72: =D72*Q$50 -> 117700.81 | R72: =D72*R$50 -> 15503.767 | S72: =Q72+R72 -> 133204.57
B73: TOTAL | D73: =SUM(D69:D72) -> 264532489 | E73: =SUM(E69:E72) -> 92053397 | F73: =SUM(F69:F72) -> 0 | G73: =SUM(G69:G72) -> 1.7247909e+08 | Q73: =SUM(Q69:Q72) -> 81507769 | R73: =SUM(R69:R72) -> 10545628 | S73: =Q73+R73 -> 92053397
B74: GPM RATIO | D74: =IF($D73=0,0,D73/$D73) -> 1 | E74: =IF($D73=0,0,E73/$D73) -> 0.34798522 | F74: =IF($D73=0,0,F73/$D73) -> 0 | G74: =IF($D73=0,0,G73/$D73) -> 0.65201478 | O74: GPM Ratio | Q74: =IF(D73=0,0,Q73/D73) -> 0.30812007 | R74: =IF(D73=0,0,R73/D73) -> 0.039865153 | S74: =Q74+R74 -> 0.34798522
B76: SUMMARY RATIO TABLE | Q76: Non-NLSL | R76: NLSL | S76: Total
P77: CONS
B78: Direct to Distribution | D78: DIST | E78: 0 | F78: 0 | G78: 1 | H78: =ROW() -> 78 | J78: DIST | K78: =VLOOKUP(J78,$D$78:$H$87,5,FALSE) -> 78 | P78: DIST | Q78: 0
B79: Direct to Production | D79: PROD | E79: 1 | F79: 0 | G79: 0 | H79: =ROW() -> 79 | J79: PROD | K79: =VLOOKUP(J79,$D$78:$H$87,5,FALSE) -> 79 | P79: PROD
B80: Direct to Transmission | D80: TRANS | E80: 0 | F80: 1 | G80: 0 | H80: =ROW() -> 80 | J80: TRANS | K80: =VLOOKUP(J80,$D$78:$H$87,5,FALSE) -> 80 | P80: TRANS | Q80: 0
B81: Direct Allocation | D81: DIRECT | E81: 0 | F81: 0 | G81: 0 | H81: =ROW() -> 81 | J81: DIRECT | K81: =VLOOKUP(J81,$D$78:$H$87,5,FALSE) -> 81 | P81: DIRECT
B82: General Plant | D82: GP | E82: =E38 -> 0.34077051 | F82: =F38 -> 0 | G82: =G38 -> 0.65922949 | H82: =ROW() -> 82 | J82: GP | K82: =VLOOKUP(J82,$D$78:$H$87,5,FALSE) -> 82 | P82: GP | Q82: =Q38 -> 0.30164021 | R82: =R38 -> 0.039130297 | S82: =Q82+R82 -> 0.34077051
B83: Maintenance of General Plant | D83: GPM | E83: =E74 -> 0.34798522 | F83: =F74 -> 0 | G83: =G74 -> 0.65201478 | H83: =ROW() -> 83 | J83: GPM | K83: =VLOOKUP(J83,$D$78:$H$87,5,FALSE) -> 83 | P83: GPM | Q83: =Q74 -> 0.30812007 | R83: =R74 -> 0.039865153 | S83: =Q83+R83 -> 0.34798522
B84: Labor Ratios | D84: LABOR | E84: =E22 -> 0.33983013 | F84: =F22 -> 0.075128195 | G84: =G22 -> 0.58504167 | H84: =ROW() -> 84 | J84: LABOR | K84: =VLOOKUP(J84,$D$78:$H$87,5,FALSE) -> 84 | P84: LABOR | Q84: =Q22 -> 0.30561058 | R84: =R22 -> 0.034219552 | S84: =Q84+R84 -> 0.33983013
B85: Production, Transmission, Distribution | D85: PTD | E85: =E50 -> 0.34909146 | F85: =F50 -> 0 | G85: =G50 -> 0.65090854 | H85: =ROW() -> 85 | J85: PTD | K85: =VLOOKUP(J85,$D$78:$H$87,5,FALSE) -> 85 | P85: PTD | Q85: =Q50 -> 0.30846048 | R85: =R50 -> 0.040630981 | S85: =Q85+R85 -> 0.34909146
B86: Production, Transmission, Distribution, General | D86: PTDG | E86: =E59 -> 0.34987259 | F86: =F59 -> 0 | G86: =G59 -> 0.65012741 | H86: =ROW() -> 86 | J86: PTDG | K86: =VLOOKUP(J86,$D$78:$H$87,5,FALSE) -> 86 | P86: PTDG | Q86: =Q59 -> 0.30916516 | R86: =R59 -> 0.040707433 | S86: =Q86+R86 -> 0.34987259
B87: Transmission, Distribution | D87: TD | E87: =E65 -> 0 | F87: =F65 -> 0 | G87: =G65 -> 1 | H87: =ROW() -> 87 | J87: TD | K87: =VLOOKUP(J87,$D$78:$H$87,5,FALSE) -> 87 | P87: TD | Q87: =Q65 -> 0 | R87: =R65 -> 0 | S87: =Q87+R87 -> 0

Sheet New Resources - Individual
B1: ='Sch 1- Rate Base '!E5 -> PUGET SOUND ENERGY | AG1: 2008 | AH1: 1
A2: TOC | B2: Rate Period Mid-Point From ASC Tab | E2: Online Year | AG2: 2009 | AH2: 2
A3: é | B3: 46478 | E3: Online Month | AG3: 2010 | AH3: 3
E4: =B3 -> 46478 | F4: =IF(ISERROR(DATE(F2,F3,1)),"",(DATE(F2,F3,1))) | G4: =IF(ISERROR(DATE(G2,G3,1)),"",(DATE(G2,G3,1))) | H4: =IF(ISERROR(DATE(H2,H3,1)),"",(DATE(H2,H3,1))) | I4: =IF(ISERROR(DATE(I2,I3,1)),"",(DATE(I2,I3,1))) | J4: =IF(ISERROR(DATE(J2,J3,1)),"",(DATE(J2,J3,1))) | K4: =IF(ISERROR(DATE(K2,K3,1)),"",(DATE(K2,K3,1))) | L4: =IF(ISERROR(DATE(L2,L3,1)),"",(DATE(L2,L3,1))) | M4: =IF(ISERROR(DATE(M2,M3,1)),"",(DATE(M2,M3,1))) | ... Y4: =IF(ISERROR(DATE(Y2,Y3,1)),"",(DATE(Y2,Y3,1))) | AG4: 2011 | AH4: 4
A5: 1 | B5: 2 | C5: 3 | D5: 4 | E5: 5 | F5: 6 | G5: 7 | H5: 8 | I5: 9 | J5: 10 | K5: 11 | L5: 12 | M5: 13 | N5: 14 | O5: 15 | P5: 16 | Q5: 17 | R5: 18 | S5: 19 | T5: 20 | U5: 21 | V5: 22 | W5: 23 | X5: 24 | Y5: 25 | AA5: 1 | AB5: 5 | AC5: 5 | AD5: 5 | AG5: 2012 | AH5: 5
B6: New Resource Group Number | AG6: 2013 | AH6: 6
A7: 100 | B7: Steam Production Plant | C7: Accnt # | AH7: 7
A8: 110 | B8: Steam Production | C8: 310-316 | F8: 0 | G8: 0 | H8: 0 | I8: 0 | J8: 0 | K8: 0 | L8: 0 | M8: 0 | N8: 0 | O8: 0 | P8: 0 | Q8: 0 | R8: 0 | S8: 0 | T8: 0 | U8: 0 | V8: 0 | W8: 0 | X8: 0 | Y8: 0 | AH8: 8
A9: 120 | B9: Fuel (Stock) | C9: 151 | F9: 0 | G9: 0 | H9: 0 | I9: 0 | J9: 0 | K9: 0 | L9: 0 | M9: 0 | N9: 0 | O9: 0 | P9: 0 | Q9: 0 | R9: 0 | S9: 0 | T9: 0 | U9: 0 | V9: 0 | W9: 0 | X9: 0 | Y9: 0 | AH9: 9
A10: 130 | B10: Plant Materials and Operating Supplies | C10: 154 | F10: 0 | G10: 0 | H10: 0 | I10: 0 | J10: 0 | K10: 0 | L10: 0 | M10: 0 | N10: 0 | O10: 0 | P10: 0 | Q10: 0 | R10: 0 | S10: 0 | T10: 0 | U10: 0 | V10: 0 | W10: 0 | X10: 0 | Y10: 0 | AH10: 10
A11: 140 | B11: EPA Allowances | C11: 158.1-158.2 | F11: 0 | G11: 0 | H11: 0 | I11: 0 | J11: 0 | K11: 0 | L11: 0 | M11: 0 | N11: 0 | O11: 0 | P11: 0 | Q11: 0 | R11: 0 | S11: 0 | T11: 0 | U11: 0 | V11: 0 | W11: 0 | X11: 0 | Y11: 0 | AH11: 11
A12: 150 | B12: Steam Expense | AH12: 12
A13: 160 | B13: Steam Power - Fuel | C13: 501 | F13: 0 | G13: 0 | H13: 0 | I13: 0 | J13: =J141 -> 0 | K13: =K141 -> 0 | L13: =L141 -> 0 | M13: =M141 -> 0 | N13: =N141 -> 0 | O13: =O141 -> 0 | P13: =P141 -> 0 | Q13: =Q141 -> 0 | ... Y13: =Y141 -> 0
A14: 170 | B14: Steam Power - Op (Excluding 501 - Fuel) | C14: 500-509 | G14: 0 | H14: 0 | I14: 0 | J14: 0 | K14: 0 | L14: 0 | M14: 0 | N14: 0 | O14: 0 | P14: 0 | Q14: 0 | R14: 0 | S14: 0 | T14: 0 | U14: 0 | V14: 0 | W14: 0 | X14: 0 | Y14: 0
A15: 180 | B15: Steam Power - Maintenance | C15: 510-515 | G15: 0 | H15: 0 | I15: 0 | J15: 0 | K15: 0 | L15: 0 | M15: 0 | N15: 0 | O15: 0 | P15: 0 | Q15: 0 | R15: 0 | S15: 0 | T15: 0 | U15: 0 | V15: 0 | W15: 0 | X15: 0 | Y15: 0
A16: 190 | B16: Property Insurance | C16: 924 | F16: 0 | G16: 0 | H16: 0 | I16: 0 | J16: 0 | K16: 0 | L16: 0 | M16: 0 | N16: 0 | O16: 0 | P16: 0 | Q16: 0 | R16: 0 | S16: 0 | T16: 0 | U16: 0 | V16: 0 | W16: 0 | X16: 0 | Y16: 0
A17: 200 | B17: Depreciation | C17: 403 | D17: OK | G17: 0 | H17: 0 | I17: 0 | J17: 0 | K17: 0 | L17: 0 | M17: 0 | N17: 0 | O17: 0 | P17: 0 | Q17: 0 | R17: 0 | S17: 0 | T17: 0 | U17: 0 | V17: 0 | W17: 0 | X17: 0 | Y17: 0
A18: 210 | B18: Firm Sales for Resale ($) | C18: 447 | D18: OSS & PP | F18: 0 | G18: 0 | H18: 0 | I18: 0 | J18: 0 | K18: 0 | L18: 0 | M18: 0 | N18: 0 | O18: 0 | P18: 0 | Q18: 0 | R18: 0 | S18: 0 | T18: 0 | U18: 0 | V18: 0 | W18: 0 | X18: 0 | Y18: 0
A19: 220 | B19: Firm Sales for Resale (MWh) | D19: OSS & PP | F19: 0 | G19: 0 | H19: 0 | I19: 0 | J19: 0 | K19: 0 | L19: 0 | M19: 0 | N19: 0 | O19: 0 | P19: 0 | Q19: 0 | R19: 0 | S19: 0 | T19: 0 | U19: 0 | V19: 0 | W19: 0 | X19: 0 | Y19: 0
A20: 230 | B20: Expected Annual Generation (MWh) | D20: OSS & PP | F20: 0 | G20: 0 | H20: 0 | I20: 0 | J20: =J140 -> 0 | K20: =K140 -> 0 | L20: =L140 -> 0 | M20: =M140 -> 0 | N20: =N140 -> 0 | O20: =O140 -> 0 | P20: =P140 -> 0 | Q20: =Q140 -> 0 | ... Y20: =Y140 -> 0
A21: 240 | B21: Nuclear Production Plant
A22: 250 | B22: Nuclear Production | C22: 320-325 | F22: 0 | G22: 0 | H22: 0 | I22: 0 | J22: 0 | K22: 0 | L22: 0 | M22: 0 | N22: 0 | O22: 0 | P22: 0 | Q22: 0 | R22: 0 | S22: 0 | T22: 0 | U22: 0 | V22: 0 | W22: 0 | X22: 0 | Y22: 0
A23: 260 | B23: Nuclear Fuel (Stock) | C23: 120.1-120.6 | D23: OK | F23: 0 | G23: 0 | H23: 0 | I23: 0 | J23: 0 | K23: 0 | L23: 0 | M23: 0 | N23: 0 | O23: 0 | P23: 0 | Q23: 0 | R23: 0 | S23: 0 | T23: 0 | U23: 0 | V23: 0 | W23: 0 | X23: 0 | Y23: 0
A24: 270 | B24: Plant Materials and Operating Supplies | C24: 154 | F24: 0 | G24: 0 | H24: 0 | I24: 0 | J24: 0 | K24: 0 | L24: 0 | M24: 0 | N24: 0 | O24: 0 | P24: 0 | Q24: 0 | R24: 0 | S24: 0 | T24: 0 | U24: 0 | V24: 0 | W24: 0 | X24: 0 | Y24: 0
A25: 280 | B25: Nuclear Expense
A26: 290 | B26: Nuclear - Fuel (Expense) | C26: 518 | F26: 0 | G26: 0 | H26: 0 | I26: 0 | J26: =J150 -> 0 | K26: =K150 -> 0 | L26: =L150 -> 0 | M26: =M150 -> 0 | N26: =N150 -> 0 | O26: =O150 -> 0 | P26: =P150 -> 0 | Q26: =Q150 -> 0 | ... Y26: =Y150 -> 0
A27: 300 | B27: Nuclear - Operation ( Excluding 518 - Fuel) | C27: 517-525 | F27: 0 | G27: 0 | H27: 0 | I27: 0 | J27: 0 | K27: 0 | L27: 0 | M27: 0 | N27: 0 | O27: 0 | P27: 0 | Q27: 0 | R27: 0 | S27: 0 | T27: 0 | U27: 0 | V27: 0 | W27: 0 | X27: 0 | Y27: 0
A28: 310 | B28: Nuclear - Maintenance | C28: 528-532 | F28: 0 | G28: 0 | H28: 0 | I28: 0 | J28: 0 | K28: 0 | L28: 0 | M28: 0 | N28: 0 | O28: 0 | P28: 0 | Q28: 0 | R28: 0 | S28: 0 | T28: 0 | U28: 0 | V28: 0 | W28: 0 | X28: 0 | Y28: 0
A29: 320 | B29: Property Insurance | C29: 924 | F29: 0 | G29: 0 | H29: 0 | I29: 0 | J29: 0 | K29: 0 | L29: 0 | M29: 0 | N29: 0 | O29: 0 | P29: 0 | Q29: 0 | R29: 0 | S29: 0 | T29: 0 | U29: 0 | V29: 0 | W29: 0 | X29: 0 | Y29: 0
A30: 330 | B30: Depreciation | C30: 403 | D30: OK | F30: 0 | G30: 0 | H30: 0 | I30: 0 | J30: 0 | K30: 0 | L30: 0 | M30: 0 | N30: 0 | O30: 0 | P30: 0 | Q30: 0 | R30: 0 | S30: 0 | T30: 0 | U30: 0 | V30: 0 | W30: 0 | X30: 0 | Y30: 0
A31: 340 | B31: Firm Sales for Resale ($) | C31: 447 | D31: OSS & PP | F31: 0 | G31: 0 | H31: 0 | I31: 0 | J31: 0 | K31: 0 | L31: 0 | M31: 0 | N31: 0 | O31: 0 | P31: 0 | Q31: 0 | R31: 0 | S31: 0 | T31: 0 | U31: 0 | V31: 0 | W31: 0 | X31: 0 | Y31: 0
A32: 350 | B32: Firm Sales for Resale (MWh) | D32: OSS & PP | F32: 0 | G32: 0 | H32: 0 | I32: 0 | J32: 0 | K32: 0 | L32: 0 | M32: 0 | N32: 0 | O32: 0 | P32: 0 | Q32: 0 | R32: 0 | S32: 0 | T32: 0 | U32: 0 | V32: 0 | W32: 0 | X32: 0 | Y32: 0
A33: 360 | B33: Expected Annual Generation (MWh) | D33: OSS & PP | F33: 0 | G33: 0 | H33: 0 | I33: 0 | J33: =J149 -> 0 | K33: =K149 -> 0 | L33: =L149 -> 0 | M33: =M149 -> 0 | N33: =N149 -> 0 | O33: =O149 -> 0 | P33: =P149 -> 0 | Q33: =Q149 -> 0 | ... Y33: =Y149 -> 0
A34: 370 | B34: Hydraulic Production Plant
A35: 380 | B35: Hydraulic Production | C35: 330-336 | F35: 0 | G35: 0 | H35: 0 | I35: 0 | J35: 0 | K35: 0 | L35: 0 | M35: 0 | N35: 0 | O35: 0 | P35: 0 | Q35: 0 | R35: 0 | S35: 0 | T35: 0 | U35: 0 | V35: 0 | W35: 0 | X35: 0 | Y35: 0
A36: 390 | B36: Plant Materials and Operating Supplies | C36: 154 | F36: 0 | G36: 0 | H36: 0 | I36: 0 | J36: 0 | K36: 0 | L36: 0 | M36: 0 | N36: 0 | O36: 0 | P36: 0 | Q36: 0 | R36: 0 | S36: 0 | T36: 0 | U36: 0 | V36: 0 | W36: 0 | X36: 0 | Y36: 0
A37: 400 | B37: Hydraulic Expense
A38: 410 | B38: Hydraulic - Operation | C38: 535-540 | F38: 0 | G38: 0 | H38: 0 | I38: 0 | J38: 0 | K38: 0 | L38: 0 | M38: 0 | N38: 0 | O38: 0 | P38: 0 | Q38: 0 | R38: 0 | S38: 0 | T38: 0 | U38: 0 | V38: 0 | W38: 0 | X38: 0 | Y38: 0
A39: 420 | B39: Hydraulic - Maintenance | C39: 541-545 | F39: 0 | G39: 0 | H39: 0 | I39: 0 | J39: 0 | K39: 0 | L39: 0 | M39: 0 | N39: 0 | O39: 0 | P39: 0 | Q39: 0 | R39: 0 | S39: 0 | T39: 0 | U39: 0 | V39: 0 | W39: 0 | X39: 0 | Y39: 0
A40: 430 | B40: Property Insurance | C40: 924 | F40: 0 | G40: 0 | H40: 0 | I40: 0 | J40: 0 | K40: 0 | L40: 0 | M40: 0 | N40: 0 | O40: 0 | P40: 0 | Q40: 0 | R40: 0 | S40: 0 | T40: 0 | U40: 0 | V40: 0 | W40: 0 | X40: 0 | Y40: 0
A41: 520 | B41: Firm Sales for Resale ($) | C41: 447 | D41: OSS & PP | F41: 0 | G41: 0 | H41: 0 | I41: 0 | J41: 0 | K41: 0 | L41: 0 | M41: 0 | N41: 0 | O41: 0 | P41: 0 | Q41: 0 | R41: 0 | S41: 0 | T41: 0 | U41: 0 | V41: 0 | W41: 0 | X41: 0 | Y41: 0
A42: 530 | B42: Firm Sales for Resale (MWh) | D42: OSS & PP | F42: 0 | G42: 0 | H42: 0 | I42: 0 | J42: 0 | K42: 0 | L42: 0 | M42: 0 | N42: 0 | O42: 0 | P42: 0 | Q42: 0 | R42: 0 | S42: 0 | T42: 0 | U42: 0 | V42: 0 | W42: 0 | X42: 0 | Y42: 0
A43: 540 | B43: Expected Annual Generation (MWh) | D43: OSS & PP | F43: 0 | G43: 0 | H43: 0 | I43: 0 | J43: =J158 -> 0 | K43: =K158 -> 0 | L43: =L158 -> 0 | M43: =M158 -> 0 | N43: =N158 -> 0 | O43: =O158 -> 0 | P43: =P158 -> 0 | Q43: =Q158 -> 0 | ... Y43: =Y158 -> 0
A44: 440 | B44: Depreciation
A45: 450 | B45: Hydraulic Production Plant - Conventional | C45: 403 | F45: 0 | G45: 0 | H45: 0 | I45: 0 | J45: 0 | K45: 0 | L45: 0 | M45: 0 | N45: 0 | O45: 0 | P45: 0 | Q45: 0 | R45: 0 | S45: 0 | T45: 0 | U45: 0 | V45: 0 | W45: 0 | X45: 0 | Y45: 0
A46: 460 | B46: Hydraulic Production Plant - Pumped Storage | C46: 403 | F46: 0 | G46: 0 | H46: 0 | I46: 0 | J46: 0 | K46: 0 | L46: 0 | M46: 0 | N46: 0 | O46: 0 | P46: 0 | Q46: 0 | R46: 0 | S46: 0 | T46: 0 | U46: 0 | V46: 0 | W46: 0 | X46: 0 | Y46: 0
A47: 470 | B47: Other Production Plant
A48: 480 | B48: Other Production | C48: 340-346 | F48: 0 | G48: 0 | H48: 0 | I48: 0 | J48: 0 | K48: 0 | L48: 0 | M48: 0 | N48: 0 | O48: 0 | P48: 0 | Q48: 0 | R48: 0 | S48: 0 | T48: 0 | U48: 0 | V48: 0 | W48: 0 | X48: 0 | Y48: 0
A49: 490 | B49: Fuel Stock | C49: 151 | F49: 0 | G49: 0 | H49: 0 | I49: 0 | J49: 0 | K49: 0 | L49: 0 | M49: 0 | N49: 0 | O49: 0 | P49: 0 | Q49: 0 | R49: 0 | S49: 0 | T49: 0 | U49: 0 | V49: 0 | W49: 0 | X49: 0 | Y49: 0
A50: 500 | B50: Plant Materials and Operating Supplies | C50: 154 | F50: 0 | G50: 0 | H50: 0 | I50: 0 | J50: 0 | K50: 0 | L50: 0 | M50: 0 | N50: 0 | O50: 0 | P50: 0 | Q50: 0 | R50: 0 | S50: 0 | T50: 0 | U50: 0 | V50: 0 | W50: 0 | X50: 0 | Y50: 0
A51: 510 | B51: EPA Allowances | C51: 158.1-158.2 | F51: 0 | G51: 0 | H51: 0 | I51: 0 | J51: 0 | K51: 0 | L51: 0 | M51: 0 | N51: 0 | O51: 0 | P51: 0 | Q51: 0 | R51: 0 | S51: 0 | T51: 0 | U51: 0 | V51: 0 | W51: 0 | X51: 0 | Y51: 0
A52: 550 | B52: Other Expense
A53: 560 | B53: Other Power - Fuel | C53: 547 | F53: =F168+F177 -> 0 | G53: =G168+G177 -> 0 | H53: =H168+H177 -> 0 | I53: =I168+I177 -> 0 | J53: =J168+J177 -> 0 | K53: =K168+K177 -> 0 | L53: =L168+L177 -> 0 | M53: =M168+M177 -> 0 | ... Y53: =Y168+Y177 -> 0
A54: 570 | B54: Other Power - Operations (Excluding 547 - Fuel) | C54: 546-550 | F54: 0 | G54: 0 | H54: 0 | I54: 0 | J54: 0 | K54: 0 | L54: 0 | M54: 0 | N54: 0 | O54: 0 | P54: 0 | Q54: 0 | R54: 0 | S54: 0 | T54: 0 | U54: 0 | V54: 0 | W54: 0 | X54: 0 | Y54: 0
A55: 580 | B55: Other Power - Maintenance | C55: 551-554 | F55: 0 | G55: 0 | H55: 0 | I55: 0 | J55: 0 | K55: 0 | L55: 0 | M55: 0 | N55: 0 | O55: 0 | P55: 0 | Q55: 0 | R55: 0 | S55: 0 | T55: 0 | U55: 0 | V55: 0 | W55: 0 | X55: 0 | Y55: 0
A56: 590 | B56: Property Insurance | C56: 924 | F56: 0 | G56: 0 | H56: 0 | I56: 0 | J56: 0 | K56: 0 | L56: 0 | M56: 0 | N56: 0 | O56: 0 | P56: 0 | Q56: 0 | R56: 0 | S56: 0 | T56: 0 | U56: 0 | V56: 0 | W56: 0 | X56: 0 | Y56: 0
A57: 600 | B57: Depreciation | C57: 403 | D57: OK | F57: 0 | G57: 0 | H57: 0 | I57: 0 | J57: 0 | K57: 0 | L57: 0 | M57: 0 | N57: 0 | O57: 0 | P57: 0 | Q57: 0 | R57: 0 | S57: 0 | T57: 0 | U57: 0 | V57: 0 | W57: 0 | X57: 0 | Y57: 0
A58: 610 | B58: Firm Sales for Resale ($) | C58: 447 | D58: OSS & PP | F58: 0 | G58: 0 | H58: 0 | I58: 0 | J58: 0 | K58: 0 | L58: 0 | M58: 0 | N58: 0 | O58: 0 | P58: 0 | Q58: 0 | R58: 0 | S58: 0 | T58: 0 | U58: 0 | V58: 0 | W58: 0 | X58: 0 | Y58: 0
A59: 620 | B59: Firm Sales for Resale (MWh) | D59: OSS & PP | F59: 0 | G59: 0 | H59: 0 | I59: 0 | J59: 0 | K59: 0 | L59: 0 | M59: 0 | N59: 0 | O59: 0 | P59: 0 | Q59: 0 | R59: 0 | S59: 0 | T59: 0 | U59: 0 | V59: 0 | W59: 0 | X59: 0 | Y59: 0
A60: 630 | B60: Expected Annual Generation (MWh) | D60: OSS & PP | F60: =F167+F176+F185 -> 0 | G60: =G167+G176+G185 -> 0 | H60: =H167+H176+H185 -> 0 | I60: =I167+I176+I185 -> 0 | J60: =J167+J176+J185 -> 0 | K60: =K167+K176+K185 -> 0 | L60: =L167+L176+L185 -> 0 | M60: =M167+M176+M185 -> 0 | ... Y60: =Y167+Y176+Y185 -> 0
A61: 640 | B61: Property Taxes Production
A62: 650 | B62: Total Production Property | C62: 262 | F62: 0 | G62: 0 | H62: 0 | I62: 0 | J62: 0 | K62: 0 | L62: 0 | M62: 0 | N62: 0 | O62: 0 | P62: 0 | Q62: 0 | R62: 0 | S62: 0 | T62: 0 | U62: 0 | V62: 0 | W62: 0 | X62: 0 | Y62: 0
A63: 660 | B63: Purchased Power Contracts (From BPA) | F63: 0 | G63: 0 | H63: 0 | I63: 0 | J63: 0 | K63: 0 | L63: 0 | M63: 0 | N63: 0 | O63: 0 | P63: 0 | Q63: 0 | R63: 0 | S63: 0 | T63: 0 | U63: 0 | V63: 0 | W63: 0 | X63: 0 | Y63: 0
A64: 670 | B64: PF Purchase Cost ($) | F64: 0 | G64: 0 | H64: 0 | I64: 0 | J64: 0 | K64: 0 | L64: 0 | M64: 0 | N64: 0 | O64: 0 | P64: 0 | Q64: 0 | R64: 0 | S64: 0 | T64: 0 | U64: 0 | V64: 0 | W64: 0 | X64: 0 | Y64: 0
A65: 680 | B65: PF Purchased Power (MWh) | F65: 0 | G65: 0 | H65: 0 | I65: 0 | J65: 0 | K65: 0 | L65: 0 | M65: 0 | N65: 0 | O65: 0 | P65: 0 | Q65: 0 | R65: 0 | S65: 0 | T65: 0 | U65: 0 | V65: 0 | W65: 0 | X65: 0 | Y65: 0
A66: 690 | B66: Slice Purchase Cost ($) | F66: 0 | G66: 0 | H66: 0 | I66: 0 | J66: 0 | K66: 0 | L66: 0 | M66: 0 | N66: 0 | P66: 0 | Q66: 0 | R66: 0 | S66: 0 | T66: 0 | U66: 0 | V66: 0 | W66: 0 | X66: 0 | Y66: 0
A67: 700 | B67: Slice Purchased Power (MWh) | F67: 0 | G67: 0 | H67: 0 | I67: 0 | J67: 0 | K67: 0 | L67: 0 | M67: 0 | N67: 0 | P67: 0 | Q67: 0 | R67: 0 | S67: 0 | T67: 0 | U67: 0 | V67: 0 | W67: 0 | X67: 0 | Y67: 0
A68: 710 | B68: PF Generic #1 Purchase ($) | F68: 0 | G68: 0 | H68: 0 | I68: 0 | J68: 0 | K68: 0 | L68: 0 | M68: 0 | N68: 0 | P68: 0 | Q68: 0 | R68: 0 | S68: 0 | T68: 0 | U68: 0 | V68: 0 | W68: 0 | X68: 0 | Y68: 0
A69: 720 | B69: PF Generic #1 Purchasd Power (MWh) | F69: 0 | G69: 0 | H69: 0 | I69: 0 | J69: 0 | K69: 0 | L69: 0 | M69: 0 | N69: 0 | P69: 0 | Q69: 0 | R69: 0 | S69: 0 | T69: 0 | U69: 0 | V69: 0 | W69: 0 | X69: 0 | Y69: 0
A70: 730 | B70: PF Generic #2 Purchase ($) | F70: 0 | G70: 0 | H70: 0 | I70: 0 | J70: 0 | K70: 0 | L70: 0 | M70: 0 | N70: 0 | P70: 0 | Q70: 0 | R70: 0 | S70: 0 | T70: 0 | U70: 0 | V70: 0 | W70: 0 | X70: 0 | Y70: 0
A71: 740 | B71: PF Generic #2 Purchasd Power (MWh) | F71: 0 | G71: 0 | H71: 0 | I71: 0 | J71: 0 | K71: 0 | L71: 0 | M71: 0 | N71: 0 | P71: 0 | Q71: 0 | R71: 0 | S71: 0 | T71: 0 | U71: 0 | V71: 0 | W71: 0 | X71: 0 | Y71: 0
A72: 750 | B72: Contract Termination ($) | F72: 0 | G72: 0 | H72: 0 | I72: 0 | J72: 0 | K72: 0 | L72: 0 | M72: 0 | N72: 0 | P72: 0 | Q72: 0 | R72: 0 | S72: 0 | T72: 0 | U72: 0 | V72: 0 | W72: 0 | X72: 0 | Y72: 0
A73: 760 | B73: Contract Termination (MWh) | F73: 0 | G73: 0 | H73: 0 | I73: 0 | J73: 0 | K73: 0 | L73: 0 | M73: 0 | N73: 0 | P73: 0 | Q73: 0 | R73: 0 | S73: 0 | T73: 0 | U73: 0 | V73: 0 | W73: 0 | X73: 0 | Y73: 0
A74: 770 | F74: 0 | G74: 0 | H74: 0 | I74: 0 | J74: 0 | K74: 0 | L74: 0 | M74: 0 | N74: 0 | P74: 0 | Q74: 0 | R74: 0 | S74: 0 | T74: 0 | U74: 0 | V74: 0 | W74: 0 | X74: 0 | Y74: 0
A75: 780 | B75: Purchased Power Contracts (Market)
A76: 781 | B76: Contract Termination ($) | D76: OSS & PP | F76: 0 | G76: 0 | H76: 0 | I76: 0 | J76: 0 | K76: 0 | L76: 0 | M76: 0 | N76: 0 | O76: 0 | P76: 0 | Q76: 0 | R76: 0 | S76: 0 | T76: 0 | U76: 0 | V76: 0 | W76: 0 | X76: 0 | Y76: 0
A77: 782 | B77: Contract Termination (MWh) | F77: 0 | G77: 0 | H77: 0 | I77: 0 | J77: 0 | K77: 0 | L77: 0 | M77: 0 | N77: 0 | O77: 0 | P77: 0 | Q77: 0 | R77: 0 | S77: 0 | T77: 0 | U77: 0 | V77: 0 | W77: 0 | X77: 0 | Y77: 0
A78: 790 | B78: Purchased Power (Excluding REP Reversal) | C78: 555 | D78: OSS & PP | F78: 0 | G78: 0 | H78: 0 | I78: 0 | J78: 0 | K78: 0 | L78: 0 | M78: 0 | N78: 0 | O78: 0 | P78: 0 | Q78: 0 | R78: 0 | S78: 0 | T78: 0 | U78: 0 | V78: 0 | W78: 0 | X78: 0 | Y78: 0
A79: 800 | B79: Purchased Power (MWh) | D79: OSS & PP | F79: 0 | G79: 0 | H79: 0 | I79: 0 | J79: 0 | K79: 0 | L79: 0 | M79: 0 | N79: 0 | O79: 0 | P79: 0 | Q79: 0 | R79: 0 | S79: 0 | T79: 0 | U79: 0 | V79: 0 | W79: 0 | X79: 0 | Y79: 0
A80: 810 | B80: System Control and Load Dispatching | C80: 556 | F80: 0 | G80: 0 | H80: 0 | I80: 0 | J80: 0 | K80: 0 | L80: 0 | M80: 0 | N80: 0 | O80: 0 | P80: 0 | Q80: 0 | R80: 0 | S80: 0 | T80: 0 | U80: 0 | V80: 0 | W80: 0 | X80: 0 | Y80: 0
A81: 820 | B81: Other Expenses | C81: 557 | F81: 0 | G81: 0 | H81: 0 | I81: 0 | J81: 0 | K81: 0 | L81: 0 | M81: 0 | N81: 0 | O81: 0 | P81: 0 | Q81: 0 | R81: 0 | S81: 0 | T81: 0 | U81: 0 | V81: 0 | W81: 0 | X81: 0 | Y81: 0
A82: 830 | B82: Transmission Plant
A83: 840 | B83: Transmission Plant | C83: 350-359 | F83: 0 | G83: 0 | H83: 0 | I83: 0 | J83: 0 | K83: 0 | L83: 0 | M83: 0 | N83: 0 | O83: 0 | P83: 0 | Q83: 0 | R83: 0 | S83: 0 | T83: 0 | U83: 0 | V83: 0 | W83: 0 | X83: 0 | Y83: 0
A84: 850 | B84: Plant Materials and Operating Supplies | F84: 0 | G84: 0 | H84: 0 | I84: 0 | J84: 0 | K84: 0 | L84: 0 | M84: 0 | N84: 0 | O84: 0 | P84: 0 | Q84: 0 | R84: 0 | S84: 0 | T84: 0 | U84: 0 | V84: 0 | W84: 0 | X84: 0 | Y84: 0
A85: 860 | B85: Transmission Expenses
A86: 870 | B86: Transmission of Electricity to Others (Wheeling) | C86: 565 | F86: 0 | G86: 0 | H86: 0 | I86: 0 | J86: 0 | K86: 0 | L86: 0 | M86: 0 | N86: 0 | O86: 0 | P86: 0 | Q86: 0 | R86: 0 | S86: 0 | T86: 0 | U86: 0 | V86: 0 | W86: 0 | X86: 0 | Y86: 0
A87: 880 | B87: Total Operations less Wheeling | C87: 560-567 | F87: 0 | G87: 0 | H87: 0 | I87: 0 | J87: 0 | K87: 0 | L87: 0 | M87: 0 | N87: 0 | O87: 0 | P87: 0 | Q87: 0 | R87: 0 | S87: 0 | T87: 0 | U87: 0 | V87: 0 | W87: 0 | X87: 0 | Y87: 0
A88: 890 | B88: Total Maintenance | C88: 568-573 | F88: 0 | G88: 0 | H88: 0 | I88: 0 | J88: 0 | K88: 0 | L88: 0 | M88: 0 | N88: 0 | O88: 0 | P88: 0 | Q88: 0 | R88: 0 | S88: 0 | T88: 0 | U88: 0 | V88: 0 | W88: 0 | X88: 0 | Y88: 0
A89: 900 | B89: Property Insurance | C89: 924 | F89: 0 | G89: 0 | H89: 0 | I89: 0 | J89: 0 | K89: 0 | L89: 0 | M89: 0 | N89: 0 | O89: 0 | P89: 0 | Q89: 0 | R89: 0 | S89: 0 | T89: 0 | U89: 0 | V89: 0 | W89: 0 | X89: 0 | Y89: 0
A90: 910 | B90: Depreciation | C90: 403 | F90: 0 | G90: 0 | H90: 0 | I90: 0 | J90: 0 | K90: 0 | L90: 0 | M90: 0 | N90: 0 | O90: 0 | P90: 0 | Q90: 0 | R90: 0 | S90: 0 | T90: 0 | U90: 0 | V90: 0 | W90: 0 | X90: 0 | Y90: 0
A91: 920 | B91: Other Electric Revenues | C91: 456 | F91: 0 | G91: 0 | H91: 0 | I91: 0 | J91: 0 | K91: 0 | L91: 0 | M91: 0 | N91: 0 | O91: 0 | P91: 0 | Q91: 0 | R91: 0 | S91: 0 | T91: 0 | U91: 0 | V91: 0 | W91: 0 | X91: 0 | Y91: 0
A92: 930 | B92: Revenues from Transmission of Electricity of Others (i) | C92: 456.1 | F92: 0 | G92: 0 | H92: 0 | I92: 0 | J92: 0 | K92: 0 | L92: 0 | M92: 0 | N92: 0 | O92: 0 | P92: 0 | Q92: 0 | R92: 0 | S92: 0 | T92: 0 | U92: 0 | V92: 0 | W92: 0 | X92: 0 | Y92: 0
A93: 940 | B93: Property Taxes Transmission
A94: 950 | B94: Total Transmission Property | C94: 262 | F94: 0 | G94: 0 | H94: 0 | I94: 0 | J94: 0 | K94: 0 | L94: 0 | M94: 0 | N94: 0 | O94: 0 | P94: 0 | Q94: 0 | R94: 0 | S94: 0 | T94: 0 | U94: 0 | V94: 0 | W94: 0 | X94: 0 | Y94: 0
A95: 960
A96: 970
A97: 980
A98: 990
A99: 1000
A100: 1010
...

Sheet New Resources - Group
B1: ='Sch 1- Rate Base '!E5 -> PUGET SOUND ENERGY | AG1: 2008 | AH1: 1
A2: TOC | B2: Rate Period Mid-Point From ASC Tab | E2: Online Year | F2: =IF(F4>0,YEAR(F4),"") | G2: =IF(G4>0,YEAR(G4),"") | H2: =IF(H4>0,YEAR(H4),"") | I2: =IF(I4>0,YEAR(I4),"") | J2: =IF(J4>0,YEAR(J4),"") | K2: =IF(K4>0,YEAR(K4),"") | L2: =IF(L4>0,YEAR(L4),"") | M2: =IF(M4>0,YEAR(M4),"") | ... Y2: =IF(Y4>0,YEAR(Y4),"") | AG2: 2009 | AH2: 2
A3: é | B3: ='New Resources - Individual'!B3 -> 46478 | E3: Online Month | F3: =IF(F4>0,MONTH(F4),"") | G3: =IF(G4>0,MONTH(G4),"") | H3: =IF(H4>0,MONTH(H4),"") | I3: =IF(I4>0,MONTH(I4),"") | J3: =IF(J4>0,MONTH(J4),"") | K3: =IF(K4>0,MONTH(K4),"") | L3: =IF(L4>0,MONTH(L4),"") | M3: =IF(M4>0,MONTH(M4),"") | ... Y3: =IF(Y4>0,MONTH(Y4),"") | AG3: 2010 | AH3: 3
E4: =B3 -> 46478 | F4: {=MAX(IF(('New Resources - Individual'!$F$6:$Y$6=F$6),'New Resources - Individual'!$F$4:$Y$4))} -> 0 | G4: {=MAX(IF(('New Resources - Individual'!$F$6:$Y$6=G$6),'New Resources - Individual'!$F$4:$Y$4))} -> 0 | H4: {=MAX(IF(('New Resources - Individual'!$F$6:$Y$6=H$6),'New Resources - Individual'!$F$4:$Y$4))} -> 0 | I4: {=MAX(IF(('New Resources - Individual'!$F$6:$Y$6=I$6),'New Resources - Individual'!$F$4:$Y$4))} -> 0 | J4: {=MAX(IF(('New Resources - Individual'!$F$6:$Y$6=J$6),'New Resources - Individual'!$F$4:$Y$4))} -> 0 | K4: {=MAX(IF(('New Resources - Individual'!$F$6:$Y$6=K$6),'New Resources - Individual'!$F$4:$Y$4))} -> 0 | L4: {=MAX(IF(('New Resources - Individual'!$F$6:$Y$6=L$6),'New Resources - Individual'!$F$4:$Y$4))} -> 0 | M4: {=MAX(IF(('New Resources - Individual'!$F$6:$Y$6=M$6),'New Resources - Individual'!$F$4:$Y$4))} -> 0 | ... Y4: {=MAX(IF(('New Resources - Individual'!$F$6:$Y$6=Y$6),'New Resources - Individual'!$F$4:$Y$4))} -> 0 | AG4: 2011 | AH4: 4
A5: 1 | B5: 2 | C5: 3 | D5: 4 | E5: 5 | F5: 6 | G5: 7 | H5: 8 | I5: 9 | J5: 10 | K5: 11 | L5: 12 | M5: 13 | N5: 14 | O5: 15 | P5: 16 | Q5: 17 | R5: 18 | S5: 19 | T5: 20 | U5: 21 | V5: 22 | W5: 23 | X5: 24 | Y5: 25 | Z5: 5 | AA5: 5 | AB5: 5 | AC5: 5 | AD5: 5 | AG5: 2012 | AH5: 5
A6: é | B6: New Resource Group | D6: New Resource Switch (Input in ASCs Tab, 1=On, 0=Off) | F6: 1 | G6: 2 | H6: 3 | I6: 4 | J6: 5 | K6: 6 | L6: 7 | M6: 8 | N6: 9 | O6: 10 | P6: 11 | Q6: 12 | R6: 13 | S6: 14 | T6: 15 | U6: 16 | V6: 17 | W6: 18 | X6: 19 | Y6: 20 | AG6: 2013 | AH6: 6
A7: 100 | B7: Steam Production Plant | C7: Accnt # | AH7: 7
A8: 110 | B8: Steam Production | C8: 310-316 | F8: =SUMIF('New Resources - Individual'!$F$6:$Y$6,F$6,'New Resources - Individual'!$F8:$Y8) -> 0 | G8: =SUMIF('New Resources - Individual'!$F$6:$Y$6,G$6,'New Resources - Individual'!$F8:$Y8) -> 0 | H8: =SUMIF('New Resources - Individual'!$F$6:$Y$6,H$6,'New Resources - Individual'!$F8:$Y8) -> 0 | I8: =SUMIF('New Resources - Individual'!$F$6:$Y$6,I$6,'New Resources - Individual'!$F8:$Y8) -> 0 | J8: =SUMIF('New Resources - Individual'!$F$6:$Y$6,J$6,'New Resources - Individual'!$F8:$Y8) -> 0 | K8: =SUMIF('New Resources - Individual'!$F$6:$Y$6,K$6,'New Resources - Individual'!$F8:$Y8) -> 0 | L8: =SUMIF('New Resources - Individual'!$F$6:$Y$6,L$6,'New Resources - Individual'!$F8:$Y8) -> 0 | M8: =SUMIF('New Resources - Individual'!$F$6:$Y$6,M$6,'New Resources - Individual'!$F8:$Y8) -> 0 | ... Y8: =SUMIF('New Resources - Individual'!$F$6:$Y$6,Y$6,'New Resources - Individual'!$F8:$Y8) -> 0 | AH8: 8
A9: 120 | B9: Fuel (Stock) | C9: 151 | F9: =SUMIF('New Resources - Individual'!$F$6:$Y$6,F$6,'New Resources - Individual'!$F9:$Y9) -> 0 | G9: =('New Resources - Individual'!G9)-(SUMIF('New Resources - Individual'!$F$6:$Y$6,G$6,'New Resources - Individual'!$F9:$Y9)) -> 0 | H9: =0-(SUMIF('New Resources - Individual'!$F$6:$Y$6,H$6,'New Resources - Individual'!$F9:$Y9)) -> 0 | I9: =0-(SUMIF('New Resources - Individual'!$F$6:$Y$6,I$6,'New Resources - Individual'!$F9:$Y9)) -> 0 | J9: =0-(SUMIF('New Resources - Individual'!$F$6:$Y$6,J$6,'New Resources - Individual'!$F9:$Y9)) -> 0 | K9: =0-(SUMIF('New Resources - Individual'!$F$6:$Y$6,K$6,'New Resources - Individual'!$F9:$Y9)) -> 0 | L9: =0-(SUMIF('New Resources - Individual'!$F$6:$Y$6,L$6,'New Resources - Individual'!$F9:$Y9)) -> 0 | M9: =0-(SUMIF('New Resources - Individual'!$F$6:$Y$6,M$6,'New Resources - Individual'!$F9:$Y9)) -> 0 | N9: =0-(SUMIF('New Resources - Individual'!$F$6:$Y$6,N$6,'New Resources - Individual'!$F9:$Y9)) -> 0 | O9: =0-(SUMIF('New Resources - Individual'!$F$6:$Y$6,O$6,'New Resources - Individual'!$F9:$Y9)) -> 0 | ... Y9: =0-(SUMIF('New Resources - Individual'!$F$6:$Y$6,Y$6,'New Resources - Individual'!$F9:$Y9)) -> 0 | AH9: 9
A10: 130 | B10: Plant Materials and Operating Supplies | C10: 154 | F10: =SUMIF('New Resources - Individual'!$F$6:$Y$6,F$6,'New Resources - Individual'!$F10:$Y10) -> 0 | G10: =SUMIF('New Resources - Individual'!$F$6:$Y$6,G$6,'New Resources - Individual'!$F10:$Y10) -> 0 | H10: =SUMIF('New Resources - Individual'!$F$6:$Y$6,H$6,'New Resources - Individual'!$F10:$Y10) -> 0 | I10: =SUMIF('New Resources - Individual'!$F$6:$Y$6,I$6,'New Resources - Individual'!$F10:$Y10) -> 0 | J10: =SUMIF('New Resources - Individual'!$F$6:$Y$6,J$6,'New Resources - Individual'!$F10:$Y10) -> 0 | K10: =SUMIF('New Resources - Individual'!$F$6:$Y$6,K$6,'New Resources - Individual'!$F10:$Y10) -> 0 | L10: =SUMIF('New Resources - Individual'!$F$6:$Y$6,L$6,'New Resources - Individual'!$F10:$Y10) -> 0 | M10: =SUMIF('New Resources - Individual'!$F$6:$Y$6,M$6,'New Resources - Individual'!$F10:$Y10) -> 0 | ... Y10: =SUMIF('New Resources - Individual'!$F$6:$Y$6,Y$6,'New Resources - Individual'!$F10:$Y10) -> 0 | AH10: 10
A11: 140 | B11: EPA Allowances | C11: 158.1-158.2 | F11: =SUMIF('New Resources - Individual'!$F$6:$Y$6,F$6,'New Resources - Individual'!$F11:$Y11) -> 0 | G11: =SUMIF('New Resources - Individual'!$F$6:$Y$6,G$6,'New Resources - Individual'!$F11:$Y11) -> 0 | H11: =SUMIF('New Resources - Individual'!$F$6:$Y$6,H$6,'New Resources - Individual'!$F11:$Y11) -> 0 | I11: =SUMIF('New Resources - Individual'!$F$6:$Y$6,I$6,'New Resources - Individual'!$F11:$Y11) -> 0 | J11: =SUMIF('New Resources - Individual'!$F$6:$Y$6,J$6,'New Resources - Individual'!$F11:$Y11) -> 0 | K11: =SUMIF('New Resources - Individual'!$F$6:$Y$6,K$6,'New Resources - Individual'!$F11:$Y11) -> 0 | L11: =SUMIF('New Resources - Individual'!$F$6:$Y$6,L$6,'New Resources - Individual'!$F11:$Y11) -> 0 | M11: =SUMIF('New Resources - Individual'!$F$6:$Y$6,M$6,'New Resources - Individual'!$F11:$Y11) -> 0 | ... Y11: =SUMIF('New Resources - Individual'!$F$6:$Y$6,Y$6,'New Resources - Individual'!$F11:$Y11) -> 0 | AH11: 11
A12: 150 | B12: Steam Expense | AH12: 12
A13: 160 | B13: Steam Power - Fuel | C13: 501 | F13: =SUMIF('New Resources - Individual'!$F$6:$Y$6,F$6,'New Resources - Individual'!$F13:$Y13) -> 0 | G13: =SUMIF('New Resources - Individual'!$F$6:$Y$6,G$6,'New Resources - Individual'!$F13:$Y13) -> 0 | H13: =SUMIF('New Resources - Individual'!$F$6:$Y$6,H$6,'New Resources - Individual'!$F13:$Y13) -> 0 | I13: =SUMIF('New Resources - Individual'!$F$6:$Y$6,I$6,'New Resources - Individual'!$F13:$Y13) -> 0 | J13: =SUMIF('New Resources - Individual'!$F$6:$Y$6,J$6,'New Resources - Individual'!$F13:$Y13) -> 0 | K13: =SUMIF('New Resources - Individual'!$F$6:$Y$6,K$6,'New Resources - Individual'!$F13:$Y13) -> 0 | L13: =SUMIF('New Resources - Individual'!$F$6:$Y$6,L$6,'New Resources - Individual'!$F13:$Y13) -> 0 | M13: =SUMIF('New Resources - Individual'!$F$6:$Y$6,M$6,'New Resources - Individual'!$F13:$Y13) -> 0 | ... Y13: =SUMIF('New Resources - Individual'!$F$6:$Y$6,Y$6,'New Resources - Individual'!$F13:$Y13) -> 0
A14: 170 | B14: Steam Power - Op (Excluding 501 - Fuel) | C14: 500-509 | F14: =SUMIF('New Resources - Individual'!$F$6:$Y$6,F$6,'New Resources - Individual'!$F14:$Y14) -> 0 | G14: =SUMIF('New Resources - Individual'!$F$6:$Y$6,G$6,'New Resources - Individual'!$F14:$Y14) -> 0 | H14: =SUMIF('New Resources - Individual'!$F$6:$Y$6,H$6,'New Resources - Individual'!$F14:$Y14) -> 0 | I14: =SUMIF('New Resources - Individual'!$F$6:$Y$6,I$6,'New Resources - Individual'!$F14:$Y14) -> 0 | J14: =SUMIF('New Resources - Individual'!$F$6:$Y$6,J$6,'New Resources - Individual'!$F14:$Y14) -> 0 | K14: =SUMIF('New Resources - Individual'!$F$6:$Y$6,K$6,'New Resources - Individual'!$F14:$Y14) -> 0 | L14: =SUMIF('New Resources - Individual'!$F$6:$Y$6,L$6,'New Resources - Individual'!$F14:$Y14) -> 0 | M14: =SUMIF('New Resources - Individual'!$F$6:$Y$6,M$6,'New Resources - Individual'!$F14:$Y14) -> 0 | ... Y14: =SUMIF('New Resources - Individual'!$F$6:$Y$6,Y$6,'New Resources - Individual'!$F14:$Y14) -> 0
A15: 180 | B15: Steam Power - Maintenance | C15: 510-515 | F15: =SUMIF('New Resources - Individual'!$F$6:$Y$6,F$6,'New Resources - Individual'!$F15:$Y15) -> 0 | G15: =SUMIF('New Resources - Individual'!$F$6:$Y$6,G$6,'New Resources - Individual'!$F15:$Y15) -> 0 | H15: =SUMIF('New Resources - Individual'!$F$6:$Y$6,H$6,'New Resources - Individual'!$F15:$Y15) -> 0 | I15: =SUMIF('New Resources - Individual'!$F$6:$Y$6,I$6,'New Resources - Individual'!$F15:$Y15) -> 0 | J15: =SUMIF('New Resources - Individual'!$F$6:$Y$6,J$6,'New Resources - Individual'!$F15:$Y15) -> 0 | K15: =SUMIF('New Resources - Individual'!$F$6:$Y$6,K$6,'New Resources - Individual'!$F15:$Y15) -> 0 | L15: =SUMIF('New Resources - Individual'!$F$6:$Y$6,L$6,'New Resources - Individual'!$F15:$Y15) -> 0 | M15: =SUMIF('New Resources - Individual'!$F$6:$Y$6,M$6,'New Resources - Individual'!$F15:$Y15) -> 0 | ... Y15: =SUMIF('New Resources - Individual'!$F$6:$Y$6,Y$6,'New Resources - Individual'!$F15:$Y15) -> 0
A16: 190 | B16: Property Insurance | C16: 924 | F16: =SUMIF('New Resources - Individual'!$F$6:$Y$6,F$6,'New Resources - Individual'!$F16:$Y16) -> 0 | G16: =SUMIF('New Resources - Individual'!$F$6:$Y$6,G$6,'New Resources - Individual'!$F16:$Y16) -> 0 | H16: =SUMIF('New Resources - Individual'!$F$6:$Y$6,H$6,'New Resources - Individual'!$F16:$Y16) -> 0 | I16: =SUMIF('New Resources - Individual'!$F$6:$Y$6,I$6,'New Resources - Individual'!$F16:$Y16) -> 0 | J16: =SUMIF('New Resources - Individual'!$F$6:$Y$6,J$6,'New Resources - Individual'!$F16:$Y16) -> 0 | K16: =SUMIF('New Resources - Individual'!$F$6:$Y$6,K$6,'New Resources - Individual'!$F16:$Y16) -> 0 | L16: =SUMIF('New Resources - Individual'!$F$6:$Y$6,L$6,'New Resources - Individual'!$F16:$Y16) -> 0 | M16: =SUMIF('New Resources - Individual'!$F$6:$Y$6,M$6,'New Resources - Individual'!$F16:$Y16) -> 0 | ... Y16: =SUMIF('New Resources - Individual'!$F$6:$Y$6,Y$6,'New Resources - Individual'!$F16:$Y16) -> 0
A17: 200 | B17: Depreciation | C17: 403 | D17: OK | F17: =SUMIF('New Resources - Individual'!$F$6:$Y$6,F$6,'New Resources - Individual'!$F17:$Y17) -> 0 | G17: =SUMIF('New Resources - Individual'!$F$6:$Y$6,G$6,'New Resources - Individual'!$F17:$Y17) -> 0 | H17: =SUMIF('New Resources - Individual'!$F$6:$Y$6,H$6,'New Resources - Individual'!$F17:$Y17) -> 0 | I17: =SUMIF('New Resources - Individual'!$F$6:$Y$6,I$6,'New Resources - Individual'!$F17:$Y17) -> 0 | J17: =SUMIF('New Resources - Individual'!$F$6:$Y$6,J$6,'New Resources - Individual'!$F17:$Y17) -> 0 | K17: =SUMIF('New Resources - Individual'!$F$6:$Y$6,K$6,'New Resources - Individual'!$F17:$Y17) -> 0 | L17: =SUMIF('New Resources - Individual'!$F$6:$Y$6,L$6,'New Resources - Individual'!$F17:$Y17) -> 0 | M17: =SUMIF('New Resources - Individual'!$F$6:$Y$6,M$6,'New Resources - Individual'!$F17:$Y17) -> 0 | ... Y17: =SUMIF('New Resources - Individual'!$F$6:$Y$6,Y$6,'New Resources - Individual'!$F17:$Y17) -> 0
A18: 210 | B18: Firm Sales for Resale ($) | C18: 447 | D18: OSS & PP | F18: =SUMIF('New Resources - Individual'!$F$6:$Y$6,F$6,'New Resources - Individual'!$F18:$Y18) -> 0 | G18: =SUMIF('New Resources - Individual'!$F$6:$Y$6,G$6,'New Resources - Individual'!$F18:$Y18) -> 0 | H18: =SUMIF('New Resources - Individual'!$F$6:$Y$6,H$6,'New Resources - Individual'!$F18:$Y18) -> 0 | I18: =SUMIF('New Resources - Individual'!$F$6:$Y$6,I$6,'New Resources - Individual'!$F18:$Y18) -> 0 | J18: =SUMIF('New Resources - Individual'!$F$6:$Y$6,J$6,'New Resources - Individual'!$F18:$Y18) -> 0 | K18: =SUMIF('New Resources - Individual'!$F$6:$Y$6,K$6,'New Resources - Individual'!$F18:$Y18) -> 0 | L18: =SUMIF('New Resources - Individual'!$F$6:$Y$6,L$6,'New Resources - Individual'!$F18:$Y18) -> 0 | M18: =SUMIF('New Resources - Individual'!$F$6:$Y$6,M$6,'New Resources - Individual'!$F18:$Y18) -> 0 | ... Y18: =SUMIF('New Resources - Individual'!$F$6:$Y$6,Y$6,'New Resources - Individual'!$F18:$Y18) -> 0
A19: 220 | B19: Firm Sales for Resale (MWh) | D19: OSS & PP | F19: =SUMIF('New Resources - Individual'!$F$6:$Y$6,F$6,'New Resources - Individual'!$F19:$Y19) -> 0 | G19: =SUMIF('New Resources - Individual'!$F$6:$Y$6,G$6,'New Resources - Individual'!$F19:$Y19) -> 0 | H19: =SUMIF('New Resources - Individual'!$F$6:$Y$6,H$6,'New Resources - Individual'!$F19:$Y19) -> 0 | I19: =SUMIF('New Resources - Individual'!$F$6:$Y$6,I$6,'New Resources - Individual'!$F19:$Y19) -> 0 | J19: =SUMIF('New Resources - Individual'!$F$6:$Y$6,J$6,'New Resources - Individual'!$F19:$Y19) -> 0 | K19: =SUMIF('New Resources - Individual'!$F$6:$Y$6,K$6,'New Resources - Individual'!$F19:$Y19) -> 0 | L19: =SUMIF('New Resources - Individual'!$F$6:$Y$6,L$6,'New Resources - Individual'!$F19:$Y19) -> 0 | M19: =SUMIF('New Resources - Individual'!$F$6:$Y$6,M$6,'New Resources - Individual'!$F19:$Y19) -> 0 | ... Y19: =SUMIF('New Resources - Individual'!$F$6:$Y$6,Y$6,'New Resources - Individual'!$F19:$Y19) -> 0
A20: 230 | B20: Expected Annual Generation (MWh) | D20: OSS & PP | F20: =SUMIF('New Resources - Individual'!$F$6:$Y$6,F$6,'New Resources - Individual'!$F20:$Y20) -> 0 | G20: =SUMIF('New Resources - Individual'!$F$6:$Y$6,G$6,'New Resources - Individual'!$F20:$Y20) -> 0 | H20: =SUMIF('New Resources - Individual'!$F$6:$Y$6,H$6,'New Resources - Individual'!$F20:$Y20) -> 0 | I20: =SUMIF('New Resources - Individual'!$F$6:$Y$6,I$6,'New Resources - Individual'!$F20:$Y20) -> 0 | J20: =SUMIF('New Resources - Individual'!$F$6:$Y$6,J$6,'New Resources - Individual'!$F20:$Y20) -> 0 | K20: =SUMIF('New Resources - Individual'!$F$6:$Y$6,K$6,'New Resources - Individual'!$F20:$Y20) -> 0 | L20: =SUMIF('New Resources - Individual'!$F$6:$Y$6,L$6,'New Resources - Individual'!$F20:$Y20) -> 0 | M20: =SUMIF('New Resources - Individual'!$F$6:$Y$6,M$6,'New Resources - Individual'!$F20:$Y20) -> 0 | ... Y20: =SUMIF('New Resources - Individual'!$F$6:$Y$6,Y$6,'New Resources - Individual'!$F20:$Y20) -> 0
A21: 240 | B21: Nuclear Production Plant
A22: 250 | B22: Nuclear Production | C22: 320-325 | F22: =SUMIF('New Resources - Individual'!$F$6:$Y$6,F$6,'New Resources - Individual'!$F22:$Y22) -> 0 | G22: =SUMIF('New Resources - Individual'!$F$6:$Y$6,G$6,'New Resources - Individual'!$F22:$Y22) -> 0 | H22: =SUMIF('New Resources - Individual'!$F$6:$Y$6,H$6,'New Resources - Individual'!$F22:$Y22) -> 0 | I22: =SUMIF('New Resources - Individual'!$F$6:$Y$6,I$6,'New Resources - Individual'!$F22:$Y22) -> 0 | J22: =SUMIF('New Resources - Individual'!$F$6:$Y$6,J$6,'New Resources - Individual'!$F22:$Y22) -> 0 | K22: =SUMIF('New Resources - Individual'!$F$6:$Y$6,K$6,'New Resources - Individual'!$F22:$Y22) -> 0 | L22: =SUMIF('New Resources - Individual'!$F$6:$Y$6,L$6,'New Resources - Individual'!$F22:$Y22) -> 0 | M22: =SUMIF('New Resources - Individual'!$F$6:$Y$6,M$6,'New Resources - Individual'!$F22:$Y22) -> 0 | ... Y22: =SUMIF('New Resources - Individual'!$F$6:$Y$6,Y$6,'New Resources - Individual'!$F22:$Y22) -> 0
A23: 260 | B23: Nuclear Fuel (Stock) | C23: 120.1-120.6 | D23: OK | F23: =SUMIF('New Resources - Individual'!$F$6:$Y$6,F$6,'New Resources - Individual'!$F23:$Y23) -> 0 | G23: =SUMIF('New Resources - Individual'!$F$6:$Y$6,G$6,'New Resources - Individual'!$F23:$Y23) -> 0 | H23: =SUMIF('New Resources - Individual'!$F$6:$Y$6,H$6,'New Resources - Individual'!$F23:$Y23) -> 0 | I23: =SUMIF('New Resources - Individual'!$F$6:$Y$6,I$6,'New Resources - Individual'!$F23:$Y23) -> 0 | J23: =SUMIF('New Resources - Individual'!$F$6:$Y$6,J$6,'New Resources - Individual'!$F23:$Y23) -> 0 | K23: =SUMIF('New Resources - Individual'!$F$6:$Y$6,K$6,'New Resources - Individual'!$F23:$Y23) -> 0 | L23: =SUMIF('New Resources - Individual'!$F$6:$Y$6,L$6,'New Resources - Individual'!$F23:$Y23) -> 0 | M23: =SUMIF('New Resources - Individual'!$F$6:$Y$6,M$6,'New Resources - Individual'!$F23:$Y23) -> 0 | ... Y23: =SUMIF('New Resources - Individual'!$F$6:$Y$6,Y$6,'New Resources - Individual'!$F23:$Y23) -> 0
A24: 270 | B24: Plant Materials and Operating Supplies | C24: 154 | F24: =SUMIF('New Resources - Individual'!$F$6:$Y$6,F$6,'New Resources - Individual'!$F24:$Y24) -> 0 | G24: =SUMIF('New Resources - Individual'!$F$6:$Y$6,G$6,'New Resources - Individual'!$F24:$Y24) -> 0 | H24: =SUMIF('New Resources - Individual'!$F$6:$Y$6,H$6,'New Resources - Individual'!$F24:$Y24) -> 0 | I24: =SUMIF('New Resources - Individual'!$F$6:$Y$6,I$6,'New Resources - Individual'!$F24:$Y24) -> 0 | J24: =SUMIF('New Resources - Individual'!$F$6:$Y$6,J$6,'New Resources - Individual'!$F24:$Y24) -> 0 | K24: =SUMIF('New Resources - Individual'!$F$6:$Y$6,K$6,'New Resources - Individual'!$F24:$Y24) -> 0 | L24: =SUMIF('New Resources - Individual'!$F$6:$Y$6,L$6,'New Resources - Individual'!$F24:$Y24) -> 0 | M24: =SUMIF('New Resources - Individual'!$F$6:$Y$6,M$6,'New Resources - Individual'!$F24:$Y24) -> 0 | ... Y24: =SUMIF('New Resources - Individual'!$F$6:$Y$6,Y$6,'New Resources - Individual'!$F24:$Y24) -> 0
A25: 280 | B25: Nuclear Expense
A26: 290 | B26: Nuclear - Fuel (Expense) | C26: 518 | F26: =SUMIF('New Resources - Individual'!$F$6:$Y$6,F$6,'New Resources - Individual'!$F26:$Y26) -> 0 | G26: =SUMIF('New Resources - Individual'!$F$6:$Y$6,G$6,'New Resources - Individual'!$F26:$Y26) -> 0 | H26: =SUMIF('New Resources - Individual'!$F$6:$Y$6,H$6,'New Resources - Individual'!$F26:$Y26) -> 0 | I26: =SUMIF('New Resources - Individual'!$F$6:$Y$6,I$6,'New Resources - Individual'!$F26:$Y26) -> 0 | J26: =SUMIF('New Resources - Individual'!$F$6:$Y$6,J$6,'New Resources - Individual'!$F26:$Y26) -> 0 | K26: =SUMIF('New Resources - Individual'!$F$6:$Y$6,K$6,'New Resources - Individual'!$F26:$Y26) -> 0 | L26: =SUMIF('New Resources - Individual'!$F$6:$Y$6,L$6,'New Resources - Individual'!$F26:$Y26) -> 0 | M26: =SUMIF('New Resources - Individual'!$F$6:$Y$6,M$6,'New Resources - Individual'!$F26:$Y26) -> 0 | ... Y26: =SUMIF('New Resources - Individual'!$F$6:$Y$6,Y$6,'New Resources - Individual'!$F26:$Y26) -> 0
A27: 300 | B27: Nuclear - Operation ( Excluding 518 - Fuel) | C27: 517-525 | F27: =SUMIF('New Resources - Individual'!$F$6:$Y$6,F$6,'New Resources - Individual'!$F27:$Y27) -> 0 | G27: =SUMIF('New Resources - Individual'!$F$6:$Y$6,G$6,'New Resources - Individual'!$F27:$Y27) -> 0 | H27: =SUMIF('New Resources - Individual'!$F$6:$Y$6,H$6,'New Resources - Individual'!$F27:$Y27) -> 0 | I27: =SUMIF('New Resources - Individual'!$F$6:$Y$6,I$6,'New Resources - Individual'!$F27:$Y27) -> 0 | J27: =SUMIF('New Resources - Individual'!$F$6:$Y$6,J$6,'New Resources - Individual'!$F27:$Y27) -> 0 | K27: =SUMIF('New Resources - Individual'!$F$6:$Y$6,K$6,'New Resources - Individual'!$F27:$Y27) -> 0 | L27: =SUMIF('New Resources - Individual'!$F$6:$Y$6,L$6,'New Resources - Individual'!$F27:$Y27) -> 0 | M27: =SUMIF('New Resources - Individual'!$F$6:$Y$6,M$6,'New Resources - Individual'!$F27:$Y27) -> 0 | ... Y27: =SUMIF('New Resources - Individual'!$F$6:$Y$6,Y$6,'New Resources - Individual'!$F27:$Y27) -> 0
A28: 310 | B28: Nuclear - Maintenance | C28: 528-532 | F28: =SUMIF('New Resources - Individual'!$F$6:$Y$6,F$6,'New Resources - Individual'!$F28:$Y28) -> 0 | G28: =SUMIF('New Resources - Individual'!$F$6:$Y$6,G$6,'New Resources - Individual'!$F28:$Y28) -> 0 | H28: =SUMIF('New Resources - Individual'!$F$6:$Y$6,H$6,'New Resources - Individual'!$F28:$Y28) -> 0 | I28: =SUMIF('New Resources - Individual'!$F$6:$Y$6,I$6,'New Resources - Individual'!$F28:$Y28) -> 0 | J28: =SUMIF('New Resources - Individual'!$F$6:$Y$6,J$6,'New Resources - Individual'!$F28:$Y28) -> 0 | K28: =SUMIF('New Resources - Individual'!$F$6:$Y$6,K$6,'New Resources - Individual'!$F28:$Y28) -> 0 | L28: =SUMIF('New Resources - Individual'!$F$6:$Y$6,L$6,'New Resources - Individual'!$F28:$Y28) -> 0 | M28: =SUMIF('New Resources - Individual'!$F$6:$Y$6,M$6,'New Resources - Individual'!$F28:$Y28) -> 0 | ... Y28: =SUMIF('New Resources - Individual'!$F$6:$Y$6,Y$6,'New Resources - Individual'!$F28:$Y28) -> 0
A29: 320 | B29: Property Insurance | C29: 924 | F29: =SUMIF('New Resources - Individual'!$F$6:$Y$6,F$6,'New Resources - Individual'!$F29:$Y29) -> 0 | G29: =SUMIF('New Resources - Individual'!$F$6:$Y$6,G$6,'New Resources - Individual'!$F29:$Y29) -> 0 | H29: =SUMIF('New Resources - Individual'!$F$6:$Y$6,H$6,'New Resources - Individual'!$F29:$Y29) -> 0 | I29: =SUMIF('New Resources - Individual'!$F$6:$Y$6,I$6,'New Resources - Individual'!$F29:$Y29) -> 0 | J29: =SUMIF('New Resources - Individual'!$F$6:$Y$6,J$6,'New Resources - Individual'!$F29:$Y29) -> 0 | K29: =SUMIF('New Resources - Individual'!$F$6:$Y$6,K$6,'New Resources - Individual'!$F29:$Y29) -> 0 | L29: =SUMIF('New Resources - Individual'!$F$6:$Y$6,L$6,'New Resources - Individual'!$F29:$Y29) -> 0 | M29: =SUMIF('New Resources - Individual'!$F$6:$Y$6,M$6,'New Resources - Individual'!$F29:$Y29) -> 0 | ... Y29: =SUMIF('New Resources - Individual'!$F$6:$Y$6,Y$6,'New Resources - Individual'!$F29:$Y29) -> 0
A30: 330 | B30: Depreciation | C30: 403 | D30: OK | F30: =SUMIF('New Resources - Individual'!$F$6:$Y$6,F$6,'New Resources - Individual'!$F30:$Y30) -> 0 | G30: =SUMIF('New Resources - Individual'!$F$6:$Y$6,G$6,'New Resources - Individual'!$F30:$Y30) -> 0 | H30: =SUMIF('New Resources - Individual'!$F$6:$Y$6,H$6,'New Resources - Individual'!$F30:$Y30) -> 0 | I30: =SUMIF('New Resources - Individual'!$F$6:$Y$6,I$6,'New Resources - Individual'!$F30:$Y30) -> 0 | J30: =SUMIF('New Resources - Individual'!$F$6:$Y$6,J$6,'New Resources - Individual'!$F30:$Y30) -> 0 | K30: =SUMIF('New Resources - Individual'!$F$6:$Y$6,K$6,'New Resources - Individual'!$F30:$Y30) -> 0 | L30: =SUMIF('New Resources - Individual'!$F$6:$Y$6,L$6,'New Resources - Individual'!$F30:$Y30) -> 0 | M30: =SUMIF('New Resources - Individual'!$F$6:$Y$6,M$6,'New Resources - Individual'!$F30:$Y30) -> 0 | ... Y30: =SUMIF('New Resources - Individual'!$F$6:$Y$6,Y$6,'New Resources - Individual'!$F30:$Y30) -> 0
A31: 340 | B31: Firm Sales for Resale ($) | C31: 447 | D31: OSS & PP | F31: =SUMIF('New Resources - Individual'!$F$6:$Y$6,F$6,'New Resources - Individual'!$F31:$Y31) -> 0 | G31: =SUMIF('New Resources - Individual'!$F$6:$Y$6,G$6,'New Resources - Individual'!$F31:$Y31) -> 0 | H31: =SUMIF('New Resources - Individual'!$F$6:$Y$6,H$6,'New Resources - Individual'!$F31:$Y31) -> 0 | I31: =SUMIF('New Resources - Individual'!$F$6:$Y$6,I$6,'New Resources - Individual'!$F31:$Y31) -> 0 | J31: =SUMIF('New Resources - Individual'!$F$6:$Y$6,J$6,'New Resources - Individual'!$F31:$Y31) -> 0 | K31: =SUMIF('New Resources - Individual'!$F$6:$Y$6,K$6,'New Resources - Individual'!$F31:$Y31) -> 0 | L31: =SUMIF('New Resources - Individual'!$F$6:$Y$6,L$6,'New Resources - Individual'!$F31:$Y31) -> 0 | M31: =SUMIF('New Resources - Individual'!$F$6:$Y$6,M$6,'New Resources - Individual'!$F31:$Y31) -> 0 | ... Y31: =SUMIF('New Resources - Individual'!$F$6:$Y$6,Y$6,'New Resources - Individual'!$F31:$Y31) -> 0
A32: 350 | B32: Firm Sales for Resale (MWh) | D32: OSS & PP | F32: =SUMIF('New Resources - Individual'!$F$6:$Y$6,F$6,'New Resources - Individual'!$F32:$Y32) -> 0 | G32: =SUMIF('New Resources - Individual'!$F$6:$Y$6,G$6,'New Resources - Individual'!$F32:$Y32) -> 0 | H32: =SUMIF('New Resources - Individual'!$F$6:$Y$6,H$6,'New Resources - Individual'!$F32:$Y32) -> 0 | I32: =SUMIF('New Resources - Individual'!$F$6:$Y$6,I$6,'New Resources - Individual'!$F32:$Y32) -> 0 | J32: =SUMIF('New Resources - Individual'!$F$6:$Y$6,J$6,'New Resources - Individual'!$F32:$Y32) -> 0 | K32: =SUMIF('New Resources - Individual'!$F$6:$Y$6,K$6,'New Resources - Individual'!$F32:$Y32) -> 0 | L32: =SUMIF('New Resources - Individual'!$F$6:$Y$6,L$6,'New Resources - Individual'!$F32:$Y32) -> 0 | M32: =SUMIF('New Resources - Individual'!$F$6:$Y$6,M$6,'New Resources - Individual'!$F32:$Y32) -> 0 | ... Y32: =SUMIF('New Resources - Individual'!$F$6:$Y$6,Y$6,'New Resources - Individual'!$F32:$Y32) -> 0
A33: 360 | B33: Expected Annual Generation (MWh) | D33: OSS & PP | F33: =SUMIF('New Resources - Individual'!$F$6:$Y$6,F$6,'New Resources - Individual'!$F33:$Y33) -> 0 | G33: =SUMIF('New Resources - Individual'!$F$6:$Y$6,G$6,'New Resources - Individual'!$F33:$Y33) -> 0 | H33: =SUMIF('New Resources - Individual'!$F$6:$Y$6,H$6,'New Resources - Individual'!$F33:$Y33) -> 0 | I33: =SUMIF('New Resources - Individual'!$F$6:$Y$6,I$6,'New Resources - Individual'!$F33:$Y33) -> 0 | J33: =SUMIF('New Resources - Individual'!$F$6:$Y$6,J$6,'New Resources - Individual'!$F33:$Y33) -> 0 | K33: =SUMIF('New Resources - Individual'!$F$6:$Y$6,K$6,'New Resources - Individual'!$F33:$Y33) -> 0 | L33: =SUMIF('New Resources - Individual'!$F$6:$Y$6,L$6,'New Resources - Individual'!$F33:$Y33) -> 0 | M33: =SUMIF('New Resources - Individual'!$F$6:$Y$6,M$6,'New Resources - Individual'!$F33:$Y33) -> 0 | ... Y33: =SUMIF('New Resources - Individual'!$F$6:$Y$6,Y$6,'New Resources - Individual'!$F33:$Y33) -> 0
A34: 370 | B34: Hydraulic Production Plant
A35: 380 | B35: Hydraulic Production | C35: 330-336 | F35: =SUMIF('New Resources - Individual'!$F$6:$Y$6,F$6,'New Resources - Individual'!$F35:$Y35) -> 0 | G35: =SUMIF('New Resources - Individual'!$F$6:$Y$6,G$6,'New Resources - Individual'!$F35:$Y35) -> 0 | H35: =SUMIF('New Resources - Individual'!$F$6:$Y$6,H$6,'New Resources - Individual'!$F35:$Y35) -> 0 | I35: =SUMIF('New Resources - Individual'!$F$6:$Y$6,I$6,'New Resources - Individual'!$F35:$Y35) -> 0 | J35: =SUMIF('New Resources - Individual'!$F$6:$Y$6,J$6,'New Resources - Individual'!$F35:$Y35) -> 0 | K35: =SUMIF('New Resources - Individual'!$F$6:$Y$6,K$6,'New Resources - Individual'!$F35:$Y35) -> 0 | L35: =SUMIF('New Resources - Individual'!$F$6:$Y$6,L$6,'New Resources - Individual'!$F35:$Y35) -> 0 | M35: =SUMIF('New Resources - Individual'!$F$6:$Y$6,M$6,'New Resources - Individual'!$F35:$Y35) -> 0 | ... Y35: =SUMIF('New Resources - Individual'!$F$6:$Y$6,Y$6,'New Resources - Individual'!$F35:$Y35) -> 0
A36: 390 | B36: Plant Materials and Operating Supplies | C36: 154 | F36: =SUMIF('New Resources - Individual'!$F$6:$Y$6,F$6,'New Resources - Individual'!$F36:$Y36) -> 0 | G36: =SUMIF('New Resources - Individual'!$F$6:$Y$6,G$6,'New Resources - Individual'!$F36:$Y36) -> 0 | H36: =SUMIF('New Resources - Individual'!$F$6:$Y$6,H$6,'New Resources - Individual'!$F36:$Y36) -> 0 | I36: =SUMIF('New Resources - Individual'!$F$6:$Y$6,I$6,'New Resources - Individual'!$F36:$Y36) -> 0 | J36: =SUMIF('New Resources - Individual'!$F$6:$Y$6,J$6,'New Resources - Individual'!$F36:$Y36) -> 0 | K36: =SUMIF('New Resources - Individual'!$F$6:$Y$6,K$6,'New Resources - Individual'!$F36:$Y36) -> 0 | L36: =SUMIF('New Resources - Individual'!$F$6:$Y$6,L$6,'New Resources - Individual'!$F36:$Y36) -> 0 | M36: =SUMIF('New Resources - Individual'!$F$6:$Y$6,M$6,'New Resources - Individual'!$F36:$Y36) -> 0 | ... Y36: =SUMIF('New Resources - Individual'!$F$6:$Y$6,Y$6,'New Resources - Individual'!$F36:$Y36) -> 0
A37: 400 | B37: Hydraulic Expense
A38: 410 | B38: Hydraulic - Operation | C38: 535-540 | F38: =SUMIF('New Resources - Individual'!$F$6:$Y$6,F$6,'New Resources - Individual'!$F38:$Y38) -> 0 | G38: =SUMIF('New Resources - Individual'!$F$6:$Y$6,G$6,'New Resources - Individual'!$F38:$Y38) -> 0 | H38: =SUMIF('New Resources - Individual'!$F$6:$Y$6,H$6,'New Resources - Individual'!$F38:$Y38) -> 0 | I38: =SUMIF('New Resources - Individual'!$F$6:$Y$6,I$6,'New Resources - Individual'!$F38:$Y38) -> 0 | J38: =SUMIF('New Resources - Individual'!$F$6:$Y$6,J$6,'New Resources - Individual'!$F38:$Y38) -> 0 | K38: =SUMIF('New Resources - Individual'!$F$6:$Y$6,K$6,'New Resources - Individual'!$F38:$Y38) -> 0 | L38: =SUMIF('New Resources - Individual'!$F$6:$Y$6,L$6,'New Resources - Individual'!$F38:$Y38) -> 0 | M38: =SUMIF('New Resources - Individual'!$F$6:$Y$6,M$6,'New Resources - Individual'!$F38:$Y38) -> 0 | ... Y38: =SUMIF('New Resources - Individual'!$F$6:$Y$6,Y$6,'New Resources - Individual'!$F38:$Y38) -> 0
A39: 420 | B39: Hydraulic - Maintenance | C39: 541-545 | F39: =SUMIF('New Resources - Individual'!$F$6:$Y$6,F$6,'New Resources - Individual'!$F39:$Y39) -> 0 | G39: =SUMIF('New Resources - Individual'!$F$6:$Y$6,G$6,'New Resources - Individual'!$F39:$Y39) -> 0 | H39: =SUMIF('New Resources - Individual'!$F$6:$Y$6,H$6,'New Resources - Individual'!$F39:$Y39) -> 0 | I39: =SUMIF('New Resources - Individual'!$F$6:$Y$6,I$6,'New Resources - Individual'!$F39:$Y39) -> 0 | J39: =SUMIF('New Resources - Individual'!$F$6:$Y$6,J$6,'New Resources - Individual'!$F39:$Y39) -> 0 | K39: =SUMIF('New Resources - Individual'!$F$6:$Y$6,K$6,'New Resources - Individual'!$F39:$Y39) -> 0 | L39: =SUMIF('New Resources - Individual'!$F$6:$Y$6,L$6,'New Resources - Individual'!$F39:$Y39) -> 0 | M39: =SUMIF('New Resources - Individual'!$F$6:$Y$6,M$6,'New Resources - Individual'!$F39:$Y39) -> 0 | ... Y39: =SUMIF('New Resources - Individual'!$F$6:$Y$6,Y$6,'New Resources - Individual'!$F39:$Y39) -> 0
A40: 430 | B40: Property Insurance | C40: 924 | F40: =SUMIF('New Resources - Individual'!$F$6:$Y$6,F$6,'New Resources - Individual'!$F40:$Y40) -> 0 | G40: =SUMIF('New Resources - Individual'!$F$6:$Y$6,G$6,'New Resources - Individual'!$F40:$Y40) -> 0 | H40: =SUMIF('New Resources - Individual'!$F$6:$Y$6,H$6,'New Resources - Individual'!$F40:$Y40) -> 0 | I40: =SUMIF('New Resources - Individual'!$F$6:$Y$6,I$6,'New Resources - Individual'!$F40:$Y40) -> 0 | J40: =SUMIF('New Resources - Individual'!$F$6:$Y$6,J$6,'New Resources - Individual'!$F40:$Y40) -> 0 | K40: =SUMIF('New Resources - Individual'!$F$6:$Y$6,K$6,'New Resources - Individual'!$F40:$Y40) -> 0 | L40: =SUMIF('New Resources - Individual'!$F$6:$Y$6,L$6,'New Resources - Individual'!$F40:$Y40) -> 0 | M40: =SUMIF('New Resources - Individual'!$F$6:$Y$6,M$6,'New Resources - Individual'!$F40:$Y40) -> 0 | ... Y40: =SUMIF('New Resources - Individual'!$F$6:$Y$6,Y$6,'New Resources - Individual'!$F40:$Y40) -> 0
A41: 520 | B41: Firm Sales for Resale ($) | C41: 447 | D41: OSS & PP | F41: =SUMIF('New Resources - Individual'!$F$6:$Y$6,F$6,'New Resources - Individual'!$F41:$Y41) -> 0 | G41: =SUMIF('New Resources - Individual'!$F$6:$Y$6,G$6,'New Resources - Individual'!$F41:$Y41) -> 0 | H41: =SUMIF('New Resources - Individual'!$F$6:$Y$6,H$6,'New Resources - Individual'!$F41:$Y41) -> 0 | I41: =SUMIF('New Resources - Individual'!$F$6:$Y$6,I$6,'New Resources - Individual'!$F41:$Y41) -> 0 | J41: =SUMIF('New Resources - Individual'!$F$6:$Y$6,J$6,'New Resources - Individual'!$F41:$Y41) -> 0 | K41: =SUMIF('New Resources - Individual'!$F$6:$Y$6,K$6,'New Resources - Individual'!$F41:$Y41) -> 0 | L41: =SUMIF('New Resources - Individual'!$F$6:$Y$6,L$6,'New Resources - Individual'!$F41:$Y41) -> 0 | M41: =SUMIF('New Resources - Individual'!$F$6:$Y$6,M$6,'New Resources - Individual'!$F41:$Y41) -> 0 | ... Y41: =SUMIF('New Resources - Individual'!$F$6:$Y$6,Y$6,'New Resources - Individual'!$F41:$Y41) -> 0
A42: 530 | B42: Firm Sales for Resale (MWh) | D42: OSS & PP | F42: =SUMIF('New Resources - Individual'!$F$6:$Y$6,F$6,'New Resources - Individual'!$F42:$Y42) -> 0 | G42: =SUMIF('New Resources - Individual'!$F$6:$Y$6,G$6,'New Resources - Individual'!$F42:$Y42) -> 0 | H42: =SUMIF('New Resources - Individual'!$F$6:$Y$6,H$6,'New Resources - Individual'!$F42:$Y42) -> 0 | I42: =SUMIF('New Resources - Individual'!$F$6:$Y$6,I$6,'New Resources - Individual'!$F42:$Y42) -> 0 | J42: =SUMIF('New Resources - Individual'!$F$6:$Y$6,J$6,'New Resources - Individual'!$F42:$Y42) -> 0 | K42: =SUMIF('New Resources - Individual'!$F$6:$Y$6,K$6,'New Resources - Individual'!$F42:$Y42) -> 0 | L42: =SUMIF('New Resources - Individual'!$F$6:$Y$6,L$6,'New Resources - Individual'!$F42:$Y42) -> 0 | M42: =SUMIF('New Resources - Individual'!$F$6:$Y$6,M$6,'New Resources - Individual'!$F42:$Y42) -> 0 | ... Y42: =SUMIF('New Resources - Individual'!$F$6:$Y$6,Y$6,'New Resources - Individual'!$F42:$Y42) -> 0
A43: 540 | B43: Expected Annual Generation (MWh) | D43: OSS & PP | F43: =SUMIF('New Resources - Individual'!$F$6:$Y$6,F$6,'New Resources - Individual'!$F43:$Y43) -> 0 | G43: =SUMIF('New Resources - Individual'!$F$6:$Y$6,G$6,'New Resources - Individual'!$F43:$Y43) -> 0 | H43: =SUMIF('New Resources - Individual'!$F$6:$Y$6,H$6,'New Resources - Individual'!$F43:$Y43) -> 0 | I43: =SUMIF('New Resources - Individual'!$F$6:$Y$6,I$6,'New Resources - Individual'!$F43:$Y43) -> 0 | J43: =SUMIF('New Resources - Individual'!$F$6:$Y$6,J$6,'New Resources - Individual'!$F43:$Y43) -> 0 | K43: =SUMIF('New Resources - Individual'!$F$6:$Y$6,K$6,'New Resources - Individual'!$F43:$Y43) -> 0 | L43: =SUMIF('New Resources - Individual'!$F$6:$Y$6,L$6,'New Resources - Individual'!$F43:$Y43) -> 0 | M43: =SUMIF('New Resources - Individual'!$F$6:$Y$6,M$6,'New Resources - Individual'!$F43:$Y43) -> 0 | ... Y43: =SUMIF('New Resources - Individual'!$F$6:$Y$6,Y$6,'New Resources - Individual'!$F43:$Y43) -> 0
A44: 440 | B44: Depreciation
A45: 450 | B45: Hydraulic Production Plant - Conventional | C45: 403 | F45: =SUMIF('New Resources - Individual'!$F$6:$Y$6,F$6,'New Resources - Individual'!$F45:$Y45) -> 0 | G45: =SUMIF('New Resources - Individual'!$F$6:$Y$6,G$6,'New Resources - Individual'!$F45:$Y45) -> 0 | H45: =SUMIF('New Resources - Individual'!$F$6:$Y$6,H$6,'New Resources - Individual'!$F45:$Y45) -> 0 | I45: =SUMIF('New Resources - Individual'!$F$6:$Y$6,I$6,'New Resources - Individual'!$F45:$Y45) -> 0 | J45: =SUMIF('New Resources - Individual'!$F$6:$Y$6,J$6,'New Resources - Individual'!$F45:$Y45) -> 0 | K45: =SUMIF('New Resources - Individual'!$F$6:$Y$6,K$6,'New Resources - Individual'!$F45:$Y45) -> 0 | L45: =SUMIF('New Resources - Individual'!$F$6:$Y$6,L$6,'New Resources - Individual'!$F45:$Y45) -> 0 | M45: =SUMIF('New Resources - Individual'!$F$6:$Y$6,M$6,'New Resources - Individual'!$F45:$Y45) -> 0 | ... Y45: =SUMIF('New Resources - Individual'!$F$6:$Y$6,Y$6,'New Resources - Individual'!$F45:$Y45) -> 0
A46: 460 | B46: Hydraulic Production Plant - Pumped Storage | C46: 403 | F46: =SUMIF('New Resources - Individual'!$F$6:$Y$6,F$6,'New Resources - Individual'!$F46:$Y46) -> 0 | G46: =SUMIF('New Resources - Individual'!$F$6:$Y$6,G$6,'New Resources - Individual'!$F46:$Y46) -> 0 | H46: =SUMIF('New Resources - Individual'!$F$6:$Y$6,H$6,'New Resources - Individual'!$F46:$Y46) -> 0 | I46: =SUMIF('New Resources - Individual'!$F$6:$Y$6,I$6,'New Resources - Individual'!$F46:$Y46) -> 0 | J46: =SUMIF('New Resources - Individual'!$F$6:$Y$6,J$6,'New Resources - Individual'!$F46:$Y46) -> 0 | K46: =SUMIF('New Resources - Individual'!$F$6:$Y$6,K$6,'New Resources - Individual'!$F46:$Y46) -> 0 | L46: =SUMIF('New Resources - Individual'!$F$6:$Y$6,L$6,'New Resources - Individual'!$F46:$Y46) -> 0 | M46: =SUMIF('New Resources - Individual'!$F$6:$Y$6,M$6,'New Resources - Individual'!$F46:$Y46) -> 0 | ... Y46: =SUMIF('New Resources - Individual'!$F$6:$Y$6,Y$6,'New Resources - Individual'!$F46:$Y46) -> 0
A47: 470 | B47: Other Production Plant
A48: 480 | B48: Other Production | C48: 340-346 | F48: =SUMIF('New Resources - Individual'!$F$6:$Y$6,F$6,'New Resources - Individual'!$F48:$Y48) -> 0 | G48: =SUMIF('New Resources - Individual'!$F$6:$Y$6,G$6,'New Resources - Individual'!$F48:$Y48) -> 0 | H48: =SUMIF('New Resources - Individual'!$F$6:$Y$6,H$6,'New Resources - Individual'!$F48:$Y48) -> 0 | I48: =SUMIF('New Resources - Individual'!$F$6:$Y$6,I$6,'New Resources - Individual'!$F48:$Y48) -> 0 | J48: =SUMIF('New Resources - Individual'!$F$6:$Y$6,J$6,'New Resources - Individual'!$F48:$Y48) -> 0 | K48: =SUMIF('New Resources - Individual'!$F$6:$Y$6,K$6,'New Resources - Individual'!$F48:$Y48) -> 0 | L48: =SUMIF('New Resources - Individual'!$F$6:$Y$6,L$6,'New Resources - Individual'!$F48:$Y48) -> 0 | M48: =SUMIF('New Resources - Individual'!$F$6:$Y$6,M$6,'New Resources - Individual'!$F48:$Y48) -> 0 | ... Y48: =SUMIF('New Resources - Individual'!$F$6:$Y$6,Y$6,'New Resources - Individual'!$F48:$Y48) -> 0
A49: 490 | B49: Fuel Stock | C49: 151 | F49: =SUMIF('New Resources - Individual'!$F$6:$Y$6,F$6,'New Resources - Individual'!$F49:$Y49) -> 0 | G49: =SUMIF('New Resources - Individual'!$F$6:$Y$6,G$6,'New Resources - Individual'!$F49:$Y49) -> 0 | H49: =SUMIF('New Resources - Individual'!$F$6:$Y$6,H$6,'New Resources - Individual'!$F49:$Y49) -> 0 | I49: =SUMIF('New Resources - Individual'!$F$6:$Y$6,I$6,'New Resources - Individual'!$F49:$Y49) -> 0 | J49: =SUMIF('New Resources - Individual'!$F$6:$Y$6,J$6,'New Resources - Individual'!$F49:$Y49) -> 0 | K49: =SUMIF('New Resources - Individual'!$F$6:$Y$6,K$6,'New Resources - Individual'!$F49:$Y49) -> 0 | L49: =SUMIF('New Resources - Individual'!$F$6:$Y$6,L$6,'New Resources - Individual'!$F49:$Y49) -> 0 | M49: =SUMIF('New Resources - Individual'!$F$6:$Y$6,M$6,'New Resources - Individual'!$F49:$Y49) -> 0 | ... Y49: =SUMIF('New Resources - Individual'!$F$6:$Y$6,Y$6,'New Resources - Individual'!$F49:$Y49) -> 0
A50: 500 | B50: Plant Materials and Operating Supplies | C50: 154 | F50: =SUMIF('New Resources - Individual'!$F$6:$Y$6,F$6,'New Resources - Individual'!$F50:$Y50) -> 0 | G50: =SUMIF('New Resources - Individual'!$F$6:$Y$6,G$6,'New Resources - Individual'!$F50:$Y50) -> 0 | H50: =SUMIF('New Resources - Individual'!$F$6:$Y$6,H$6,'New Resources - Individual'!$F50:$Y50) -> 0 | I50: =SUMIF('New Resources - Individual'!$F$6:$Y$6,I$6,'New Resources - Individual'!$F50:$Y50) -> 0 | J50: =SUMIF('New Resources - Individual'!$F$6:$Y$6,J$6,'New Resources - Individual'!$F50:$Y50) -> 0 | K50: =SUMIF('New Resources - Individual'!$F$6:$Y$6,K$6,'New Resources - Individual'!$F50:$Y50) -> 0 | L50: =SUMIF('New Resources - Individual'!$F$6:$Y$6,L$6,'New Resources - Individual'!$F50:$Y50) -> 0 | M50: =SUMIF('New Resources - Individual'!$F$6:$Y$6,M$6,'New Resources - Individual'!$F50:$Y50) -> 0 | ... Y50: =SUMIF('New Resources - Individual'!$F$6:$Y$6,Y$6,'New Resources - Individual'!$F50:$Y50) -> 0
A51: 510 | B51: EPA Allowances | C51: 158.1-158.2 | F51: =SUMIF('New Resources - Individual'!$F$6:$Y$6,F$6,'New Resources - Individual'!$F51:$Y51) -> 0 | G51: =SUMIF('New Resources - Individual'!$F$6:$Y$6,G$6,'New Resources - Individual'!$F51:$Y51) -> 0 | H51: =SUMIF('New Resources - Individual'!$F$6:$Y$6,H$6,'New Resources - Individual'!$F51:$Y51) -> 0 | I51: =SUMIF('New Resources - Individual'!$F$6:$Y$6,I$6,'New Resources - Individual'!$F51:$Y51) -> 0 | J51: =SUMIF('New Resources - Individual'!$F$6:$Y$6,J$6,'New Resources - Individual'!$F51:$Y51) -> 0 | K51: =SUMIF('New Resources - Individual'!$F$6:$Y$6,K$6,'New Resources - Individual'!$F51:$Y51) -> 0 | L51: =SUMIF('New Resources - Individual'!$F$6:$Y$6,L$6,'New Resources - Individual'!$F51:$Y51) -> 0 | M51: =SUMIF('New Resources - Individual'!$F$6:$Y$6,M$6,'New Resources - Individual'!$F51:$Y51) -> 0 | ... Y51: =SUMIF('New Resources - Individual'!$F$6:$Y$6,Y$6,'New Resources - Individual'!$F51:$Y51) -> 0
A52: 550 | B52: Other Expense
A53: 560 | B53: Other Power - Fuel | C53: 547 | F53: =SUMIF('New Resources - Individual'!$F$6:$Y$6,F$6,'New Resources - Individual'!$F53:$Y53) -> 0 | G53: =SUMIF('New Resources - Individual'!$F$6:$Y$6,G$6,'New Resources - Individual'!$F53:$Y53) -> 0 | H53: =SUMIF('New Resources - Individual'!$F$6:$Y$6,H$6,'New Resources - Individual'!$F53:$Y53) -> 0 | I53: =SUMIF('New Resources - Individual'!$F$6:$Y$6,I$6,'New Resources - Individual'!$F53:$Y53) -> 0 | J53: =SUMIF('New Resources - Individual'!$F$6:$Y$6,J$6,'New Resources - Individual'!$F53:$Y53) -> 0 | K53: =SUMIF('New Resources - Individual'!$F$6:$Y$6,K$6,'New Resources - Individual'!$F53:$Y53) -> 0 | L53: =SUMIF('New Resources - Individual'!$F$6:$Y$6,L$6,'New Resources - Individual'!$F53:$Y53) -> 0 | M53: =SUMIF('New Resources - Individual'!$F$6:$Y$6,M$6,'New Resources - Individual'!$F53:$Y53) -> 0 | ... Y53: =SUMIF('New Resources - Individual'!$F$6:$Y$6,Y$6,'New Resources - Individual'!$F53:$Y53) -> 0
A54: 570 | B54: Other Power - Operations (Excluding 547 - Fuel) | C54: 546-550 | F54: =SUMIF('New Resources - Individual'!$F$6:$Y$6,F$6,'New Resources - Individual'!$F54:$Y54) -> 0 | G54: =SUMIF('New Resources - Individual'!$F$6:$Y$6,G$6,'New Resources - Individual'!$F54:$Y54) -> 0 | H54: =SUMIF('New Resources - Individual'!$F$6:$Y$6,H$6,'New Resources - Individual'!$F54:$Y54) -> 0 | I54: =SUMIF('New Resources - Individual'!$F$6:$Y$6,I$6,'New Resources - Individual'!$F54:$Y54) -> 0 | J54: =SUMIF('New Resources - Individual'!$F$6:$Y$6,J$6,'New Resources - Individual'!$F54:$Y54) -> 0 | K54: =SUMIF('New Resources - Individual'!$F$6:$Y$6,K$6,'New Resources - Individual'!$F54:$Y54) -> 0 | L54: =SUMIF('New Resources - Individual'!$F$6:$Y$6,L$6,'New Resources - Individual'!$F54:$Y54) -> 0 | M54: =SUMIF('New Resources - Individual'!$F$6:$Y$6,M$6,'New Resources - Individual'!$F54:$Y54) -> 0 | ... Y54: =SUMIF('New Resources - Individual'!$F$6:$Y$6,Y$6,'New Resources - Individual'!$F54:$Y54) -> 0
A55: 580 | B55: Other Power - Maintenance | C55: 551-554 | F55: =SUMIF('New Resources - Individual'!$F$6:$Y$6,F$6,'New Resources - Individual'!$F55:$Y55) -> 0 | G55: =SUMIF('New Resources - Individual'!$F$6:$Y$6,G$6,'New Resources - Individual'!$F55:$Y55) -> 0 | H55: =SUMIF('New Resources - Individual'!$F$6:$Y$6,H$6,'New Resources - Individual'!$F55:$Y55) -> 0 | I55: =SUMIF('New Resources - Individual'!$F$6:$Y$6,I$6,'New Resources - Individual'!$F55:$Y55) -> 0 | J55: =SUMIF('New Resources - Individual'!$F$6:$Y$6,J$6,'New Resources - Individual'!$F55:$Y55) -> 0 | K55: =SUMIF('New Resources - Individual'!$F$6:$Y$6,K$6,'New Resources - Individual'!$F55:$Y55) -> 0 | L55: =SUMIF('New Resources - Individual'!$F$6:$Y$6,L$6,'New Resources - Individual'!$F55:$Y55) -> 0 | M55: =SUMIF('New Resources - Individual'!$F$6:$Y$6,M$6,'New Resources - Individual'!$F55:$Y55) -> 0 | ... Y55: =SUMIF('New Resources - Individual'!$F$6:$Y$6,Y$6,'New Resources - Individual'!$F55:$Y55) -> 0
A56: 590 | B56: Property Insurance | C56: 924 | F56: =SUMIF('New Resources - Individual'!$F$6:$Y$6,F$6,'New Resources - Individual'!$F56:$Y56) -> 0 | G56: =SUMIF('New Resources - Individual'!$F$6:$Y$6,G$6,'New Resources - Individual'!$F56:$Y56) -> 0 | H56: =SUMIF('New Resources - Individual'!$F$6:$Y$6,H$6,'New Resources - Individual'!$F56:$Y56) -> 0 | I56: =SUMIF('New Resources - Individual'!$F$6:$Y$6,I$6,'New Resources - Individual'!$F56:$Y56) -> 0 | J56: =SUMIF('New Resources - Individual'!$F$6:$Y$6,J$6,'New Resources - Individual'!$F56:$Y56) -> 0 | K56: =SUMIF('New Resources - Individual'!$F$6:$Y$6,K$6,'New Resources - Individual'!$F56:$Y56) -> 0 | L56: =SUMIF('New Resources - Individual'!$F$6:$Y$6,L$6,'New Resources - Individual'!$F56:$Y56) -> 0 | M56: =SUMIF('New Resources - Individual'!$F$6:$Y$6,M$6,'New Resources - Individual'!$F56:$Y56) -> 0 | ... Y56: =SUMIF('New Resources - Individual'!$F$6:$Y$6,Y$6,'New Resources - Individual'!$F56:$Y56) -> 0
A57: 600 | B57: Depreciation | C57: 403 | D57: OK | F57: =SUMIF('New Resources - Individual'!$F$6:$Y$6,F$6,'New Resources - Individual'!$F57:$Y57) -> 0 | G57: =SUMIF('New Resources - Individual'!$F$6:$Y$6,G$6,'New Resources - Individual'!$F57:$Y57) -> 0 | H57: =SUMIF('New Resources - Individual'!$F$6:$Y$6,H$6,'New Resources - Individual'!$F57:$Y57) -> 0 | I57: =SUMIF('New Resources - Individual'!$F$6:$Y$6,I$6,'New Resources - Individual'!$F57:$Y57) -> 0 | J57: =SUMIF('New Resources - Individual'!$F$6:$Y$6,J$6,'New Resources - Individual'!$F57:$Y57) -> 0 | K57: =SUMIF('New Resources - Individual'!$F$6:$Y$6,K$6,'New Resources - Individual'!$F57:$Y57) -> 0 | L57: =SUMIF('New Resources - Individual'!$F$6:$Y$6,L$6,'New Resources - Individual'!$F57:$Y57) -> 0 | M57: =SUMIF('New Resources - Individual'!$F$6:$Y$6,M$6,'New Resources - Individual'!$F57:$Y57) -> 0 | ... Y57: =SUMIF('New Resources - Individual'!$F$6:$Y$6,Y$6,'New Resources - Individual'!$F57:$Y57) -> 0
A58: 610 | B58: Firm Sales for Resale ($) | C58: 447 | D58: OSS & PP | F58: =SUMIF('New Resources - Individual'!$F$6:$Y$6,F$6,'New Resources - Individual'!$F58:$Y58) -> 0 | G58: =SUMIF('New Resources - Individual'!$F$6:$Y$6,G$6,'New Resources - Individual'!$F58:$Y58) -> 0 | H58: =SUMIF('New Resources - Individual'!$F$6:$Y$6,H$6,'New Resources - Individual'!$F58:$Y58) -> 0 | I58: =SUMIF('New Resources - Individual'!$F$6:$Y$6,I$6,'New Resources - Individual'!$F58:$Y58) -> 0 | J58: =SUMIF('New Resources - Individual'!$F$6:$Y$6,J$6,'New Resources - Individual'!$F58:$Y58) -> 0 | K58: =SUMIF('New Resources - Individual'!$F$6:$Y$6,K$6,'New Resources - Individual'!$F58:$Y58) -> 0 | L58: =SUMIF('New Resources - Individual'!$F$6:$Y$6,L$6,'New Resources - Individual'!$F58:$Y58) -> 0 | M58: =SUMIF('New Resources - Individual'!$F$6:$Y$6,M$6,'New Resources - Individual'!$F58:$Y58) -> 0 | ... Y58: =SUMIF('New Resources - Individual'!$F$6:$Y$6,Y$6,'New Resources - Individual'!$F58:$Y58) -> 0
A59: 620 | B59: Firm Sales for Resale (MWh) | D59: OSS & PP | F59: =SUMIF('New Resources - Individual'!$F$6:$Y$6,F$6,'New Resources - Individual'!$F59:$Y59) -> 0 | G59: =SUMIF('New Resources - Individual'!$F$6:$Y$6,G$6,'New Resources - Individual'!$F59:$Y59) -> 0 | H59: =SUMIF('New Resources - Individual'!$F$6:$Y$6,H$6,'New Resources - Individual'!$F59:$Y59) -> 0 | I59: =SUMIF('New Resources - Individual'!$F$6:$Y$6,I$6,'New Resources - Individual'!$F59:$Y59) -> 0 | J59: =SUMIF('New Resources - Individual'!$F$6:$Y$6,J$6,'New Resources - Individual'!$F59:$Y59) -> 0 | K59: =SUMIF('New Resources - Individual'!$F$6:$Y$6,K$6,'New Resources - Individual'!$F59:$Y59) -> 0 | L59: =SUMIF('New Resources - Individual'!$F$6:$Y$6,L$6,'New Resources - Individual'!$F59:$Y59) -> 0 | M59: =SUMIF('New Resources - Individual'!$F$6:$Y$6,M$6,'New Resources - Individual'!$F59:$Y59) -> 0 | ... Y59: =SUMIF('New Resources - Individual'!$F$6:$Y$6,Y$6,'New Resources - Individual'!$F59:$Y59) -> 0
A60: 630 | B60: Expected Annual Generation (MWh) | D60: OSS & PP | F60: =SUMIF('New Resources - Individual'!$F$6:$Y$6,F$6,'New Resources - Individual'!$F60:$Y60) -> 0 | G60: =SUMIF('New Resources - Individual'!$F$6:$Y$6,G$6,'New Resources - Individual'!$F60:$Y60) -> 0 | H60: =SUMIF('New Resources - Individual'!$F$6:$Y$6,H$6,'New Resources - Individual'!$F60:$Y60) -> 0 | I60: =SUMIF('New Resources - Individual'!$F$6:$Y$6,I$6,'New Resources - Individual'!$F60:$Y60) -> 0 | J60: =SUMIF('New Resources - Individual'!$F$6:$Y$6,J$6,'New Resources - Individual'!$F60:$Y60) -> 0 | K60: =SUMIF('New Resources - Individual'!$F$6:$Y$6,K$6,'New Resources - Individual'!$F60:$Y60) -> 0 | L60: =SUMIF('New Resources - Individual'!$F$6:$Y$6,L$6,'New Resources - Individual'!$F60:$Y60) -> 0 | M60: =SUMIF('New Resources - Individual'!$F$6:$Y$6,M$6,'New Resources - Individual'!$F60:$Y60) -> 0 | ... Y60: =SUMIF('New Resources - Individual'!$F$6:$Y$6,Y$6,'New Resources - Individual'!$F60:$Y60) -> 0
A61: 640 | B61: Property Taxes Production
A62: 650 | B62: Total Production Property | C62: 262 | F62: =SUMIF('New Resources - Individual'!$F$6:$Y$6,F$6,'New Resources - Individual'!$F62:$Y62) -> 0 | G62: =SUMIF('New Resources - Individual'!$F$6:$Y$6,G$6,'New Resources - Individual'!$F62:$Y62) -> 0 | H62: =SUMIF('New Resources - Individual'!$F$6:$Y$6,H$6,'New Resources - Individual'!$F62:$Y62) -> 0 | I62: =SUMIF('New Resources - Individual'!$F$6:$Y$6,I$6,'New Resources - Individual'!$F62:$Y62) -> 0 | J62: =SUMIF('New Resources - Individual'!$F$6:$Y$6,J$6,'New Resources - Individual'!$F62:$Y62) -> 0 | K62: =SUMIF('New Resources - Individual'!$F$6:$Y$6,K$6,'New Resources - Individual'!$F62:$Y62) -> 0 | L62: =SUMIF('New Resources - Individual'!$F$6:$Y$6,L$6,'New Resources - Individual'!$F62:$Y62) -> 0 | M62: =SUMIF('New Resources - Individual'!$F$6:$Y$6,M$6,'New Resources - Individual'!$F62:$Y62) -> 0 | ... Y62: =SUMIF('New Resources - Individual'!$F$6:$Y$6,Y$6,'New Resources - Individual'!$F62:$Y62) -> 0
A63: 660 | B63: Purchased Power Contracts (From BPA) | F63: =SUMIF('New Resources - Individual'!$F$6:$Y$6,F$6,'New Resources - Individual'!$F63:$Y63) -> 0 | G63: =SUMIF('New Resources - Individual'!$F$6:$Y$6,G$6,'New Resources - Individual'!$F63:$Y63) -> 0 | H63: =SUMIF('New Resources - Individual'!$F$6:$Y$6,H$6,'New Resources - Individual'!$F63:$Y63) -> 0 | I63: =SUMIF('New Resources - Individual'!$F$6:$Y$6,I$6,'New Resources - Individual'!$F63:$Y63) -> 0 | J63: =SUMIF('New Resources - Individual'!$F$6:$Y$6,J$6,'New Resources - Individual'!$F63:$Y63) -> 0 | K63: =SUMIF('New Resources - Individual'!$F$6:$Y$6,K$6,'New Resources - Individual'!$F63:$Y63) -> 0 | L63: =SUMIF('New Resources - Individual'!$F$6:$Y$6,L$6,'New Resources - Individual'!$F63:$Y63) -> 0 | M63: =SUMIF('New Resources - Individual'!$F$6:$Y$6,M$6,'New Resources - Individual'!$F63:$Y63) -> 0 | ... Y63: =SUMIF('New Resources - Individual'!$F$6:$Y$6,Y$6,'New Resources - Individual'!$F63:$Y63) -> 0
A64: 670 | B64: PF Purchase Cost ($) | F64: =SUMIF('New Resources - Individual'!$F$6:$Y$6,F$6,'New Resources - Individual'!$F64:$Y64) -> 0 | G64: =SUMIF('New Resources - Individual'!$F$6:$Y$6,G$6,'New Resources - Individual'!$F64:$Y64) -> 0 | H64: =SUMIF('New Resources - Individual'!$F$6:$Y$6,H$6,'New Resources - Individual'!$F64:$Y64) -> 0 | I64: =SUMIF('New Resources - Individual'!$F$6:$Y$6,I$6,'New Resources - Individual'!$F64:$Y64) -> 0 | J64: =SUMIF('New Resources - Individual'!$F$6:$Y$6,J$6,'New Resources - Individual'!$F64:$Y64) -> 0 | K64: =SUMIF('New Resources - Individual'!$F$6:$Y$6,K$6,'New Resources - Individual'!$F64:$Y64) -> 0 | L64: =SUMIF('New Resources - Individual'!$F$6:$Y$6,L$6,'New Resources - Individual'!$F64:$Y64) -> 0 | M64: =SUMIF('New Resources - Individual'!$F$6:$Y$6,M$6,'New Resources - Individual'!$F64:$Y64) -> 0 | ... Y64: =SUMIF('New Resources - Individual'!$F$6:$Y$6,Y$6,'New Resources - Individual'!$F64:$Y64) -> 0
A65: 680 | B65: PF Purchased Power (MWh) | F65: =SUMIF('New Resources - Individual'!$F$6:$Y$6,F$6,'New Resources - Individual'!$F65:$Y65) -> 0 | G65: =SUMIF('New Resources - Individual'!$F$6:$Y$6,G$6,'New Resources - Individual'!$F65:$Y65) -> 0 | H65: =SUMIF('New Resources - Individual'!$F$6:$Y$6,H$6,'New Resources - Individual'!$F65:$Y65) -> 0 | I65: =SUMIF('New Resources - Individual'!$F$6:$Y$6,I$6,'New Resources - Individual'!$F65:$Y65) -> 0 | J65: =SUMIF('New Resources - Individual'!$F$6:$Y$6,J$6,'New Resources - Individual'!$F65:$Y65) -> 0 | K65: =SUMIF('New Resources - Individual'!$F$6:$Y$6,K$6,'New Resources - Individual'!$F65:$Y65) -> 0 | L65: =SUMIF('New Resources - Individual'!$F$6:$Y$6,L$6,'New Resources - Individual'!$F65:$Y65) -> 0 | M65: =SUMIF('New Resources - Individual'!$F$6:$Y$6,M$6,'New Resources - Individual'!$F65:$Y65) -> 0 | ... Y65: =SUMIF('New Resources - Individual'!$F$6:$Y$6,Y$6,'New Resources - Individual'!$F65:$Y65) -> 0
A66: 690 | B66: Slice Purchase Cost ($) | F66: =SUMIF('New Resources - Individual'!$F$6:$Y$6,F$6,'New Resources - Individual'!$F66:$Y66) -> 0 | G66: =SUMIF('New Resources - Individual'!$F$6:$Y$6,G$6,'New Resources - Individual'!$F66:$Y66) -> 0 | H66: =SUMIF('New Resources - Individual'!$F$6:$Y$6,H$6,'New Resources - Individual'!$F66:$Y66) -> 0 | I66: =SUMIF('New Resources - Individual'!$F$6:$Y$6,I$6,'New Resources - Individual'!$F66:$Y66) -> 0 | J66: =SUMIF('New Resources - Individual'!$F$6:$Y$6,J$6,'New Resources - Individual'!$F66:$Y66) -> 0 | K66: =SUMIF('New Resources - Individual'!$F$6:$Y$6,K$6,'New Resources - Individual'!$F66:$Y66) -> 0 | L66: =SUMIF('New Resources - Individual'!$F$6:$Y$6,L$6,'New Resources - Individual'!$F66:$Y66) -> 0 | M66: =SUMIF('New Resources - Individual'!$F$6:$Y$6,M$6,'New Resources - Individual'!$F66:$Y66) -> 0 | ... Y66: =SUMIF('New Resources - Individual'!$F$6:$Y$6,Y$6,'New Resources - Individual'!$F66:$Y66) -> 0
A67: 700 | B67: Slice Purchased Power (MWh) | F67: =SUMIF('New Resources - Individual'!$F$6:$Y$6,F$6,'New Resources - Individual'!$F67:$Y67) -> 0 | G67: =SUMIF('New Resources - Individual'!$F$6:$Y$6,G$6,'New Resources - Individual'!$F67:$Y67) -> 0 | H67: =SUMIF('New Resources - Individual'!$F$6:$Y$6,H$6,'New Resources - Individual'!$F67:$Y67) -> 0 | I67: =SUMIF('New Resources - Individual'!$F$6:$Y$6,I$6,'New Resources - Individual'!$F67:$Y67) -> 0 | J67: =SUMIF('New Resources - Individual'!$F$6:$Y$6,J$6,'New Resources - Individual'!$F67:$Y67) -> 0 | K67: =SUMIF('New Resources - Individual'!$F$6:$Y$6,K$6,'New Resources - Individual'!$F67:$Y67) -> 0 | L67: =SUMIF('New Resources - Individual'!$F$6:$Y$6,L$6,'New Resources - Individual'!$F67:$Y67) -> 0 | M67: =SUMIF('New Resources - Individual'!$F$6:$Y$6,M$6,'New Resources - Individual'!$F67:$Y67) -> 0 | ... Y67: =SUMIF('New Resources - Individual'!$F$6:$Y$6,Y$6,'New Resources - Individual'!$F67:$Y67) -> 0
A68: 710 | B68: PF Generic #1 Purchase ($) | F68: =SUMIF('New Resources - Individual'!$F$6:$Y$6,F$6,'New Resources - Individual'!$F68:$Y68) -> 0 | G68: =SUMIF('New Resources - Individual'!$F$6:$Y$6,G$6,'New Resources - Individual'!$F68:$Y68) -> 0 | H68: =SUMIF('New Resources - Individual'!$F$6:$Y$6,H$6,'New Resources - Individual'!$F68:$Y68) -> 0 | I68: =SUMIF('New Resources - Individual'!$F$6:$Y$6,I$6,'New Resources - Individual'!$F68:$Y68) -> 0 | J68: =SUMIF('New Resources - Individual'!$F$6:$Y$6,J$6,'New Resources - Individual'!$F68:$Y68) -> 0 | K68: =SUMIF('New Resources - Individual'!$F$6:$Y$6,K$6,'New Resources - Individual'!$F68:$Y68) -> 0 | L68: =SUMIF('New Resources - Individual'!$F$6:$Y$6,L$6,'New Resources - Individual'!$F68:$Y68) -> 0 | M68: =SUMIF('New Resources - Individual'!$F$6:$Y$6,M$6,'New Resources - Individual'!$F68:$Y68) -> 0 | ... Y68: =SUMIF('New Resources - Individual'!$F$6:$Y$6,Y$6,'New Resources - Individual'!$F68:$Y68) -> 0
A69: 720 | B69: PF Generic #1 Purchasd Power (MWh) | F69: =SUMIF('New Resources - Individual'!$F$6:$Y$6,F$6,'New Resources - Individual'!$F69:$Y69) -> 0 | G69: =SUMIF('New Resources - Individual'!$F$6:$Y$6,G$6,'New Resources - Individual'!$F69:$Y69) -> 0 | H69: =SUMIF('New Resources - Individual'!$F$6:$Y$6,H$6,'New Resources - Individual'!$F69:$Y69) -> 0 | I69: =SUMIF('New Resources - Individual'!$F$6:$Y$6,I$6,'New Resources - Individual'!$F69:$Y69) -> 0 | J69: =SUMIF('New Resources - Individual'!$F$6:$Y$6,J$6,'New Resources - Individual'!$F69:$Y69) -> 0 | K69: =SUMIF('New Resources - Individual'!$F$6:$Y$6,K$6,'New Resources - Individual'!$F69:$Y69) -> 0 | L69: =SUMIF('New Resources - Individual'!$F$6:$Y$6,L$6,'New Resources - Individual'!$F69:$Y69) -> 0 | M69: =SUMIF('New Resources - Individual'!$F$6:$Y$6,M$6,'New Resources - Individual'!$F69:$Y69) -> 0 | ... Y69: =SUMIF('New Resources - Individual'!$F$6:$Y$6,Y$6,'New Resources - Individual'!$F69:$Y69) -> 0
A70: 730 | B70: PF Generic #2 Purchase ($) | F70: =SUMIF('New Resources - Individual'!$F$6:$Y$6,F$6,'New Resources - Individual'!$F70:$Y70) -> 0 | G70: =SUMIF('New Resources - Individual'!$F$6:$Y$6,G$6,'New Resources - Individual'!$F70:$Y70) -> 0 | H70: =SUMIF('New Resources - Individual'!$F$6:$Y$6,H$6,'New Resources - Individual'!$F70:$Y70) -> 0 | I70: =SUMIF('New Resources - Individual'!$F$6:$Y$6,I$6,'New Resources - Individual'!$F70:$Y70) -> 0 | J70: =SUMIF('New Resources - Individual'!$F$6:$Y$6,J$6,'New Resources - Individual'!$F70:$Y70) -> 0 | K70: =SUMIF('New Resources - Individual'!$F$6:$Y$6,K$6,'New Resources - Individual'!$F70:$Y70) -> 0 | L70: =SUMIF('New Resources - Individual'!$F$6:$Y$6,L$6,'New Resources - Individual'!$F70:$Y70) -> 0 | M70: =SUMIF('New Resources - Individual'!$F$6:$Y$6,M$6,'New Resources - Individual'!$F70:$Y70) -> 0 | ... Y70: =SUMIF('New Resources - Individual'!$F$6:$Y$6,Y$6,'New Resources - Individual'!$F70:$Y70) -> 0
A71: 740 | B71: PF Generic #2 Purchasd Power (MWh) | F71: =SUMIF('New Resources - Individual'!$F$6:$Y$6,F$6,'New Resources - Individual'!$F71:$Y71) -> 0 | G71: =SUMIF('New Resources - Individual'!$F$6:$Y$6,G$6,'New Resources - Individual'!$F71:$Y71) -> 0 | H71: =SUMIF('New Resources - Individual'!$F$6:$Y$6,H$6,'New Resources - Individual'!$F71:$Y71) -> 0 | I71: =SUMIF('New Resources - Individual'!$F$6:$Y$6,I$6,'New Resources - Individual'!$F71:$Y71) -> 0 | J71: =SUMIF('New Resources - Individual'!$F$6:$Y$6,J$6,'New Resources - Individual'!$F71:$Y71) -> 0 | K71: =SUMIF('New Resources - Individual'!$F$6:$Y$6,K$6,'New Resources - Individual'!$F71:$Y71) -> 0 | L71: =SUMIF('New Resources - Individual'!$F$6:$Y$6,L$6,'New Resources - Individual'!$F71:$Y71) -> 0 | M71: =SUMIF('New Resources - Individual'!$F$6:$Y$6,M$6,'New Resources - Individual'!$F71:$Y71) -> 0 | ... Y71: =SUMIF('New Resources - Individual'!$F$6:$Y$6,Y$6,'New Resources - Individual'!$F71:$Y71) -> 0
A72: 750 | B72: Contract Termination ($) | F72: =SUMIF('New Resources - Individual'!$F$6:$Y$6,F$6,'New Resources - Individual'!$F72:$Y72) -> 0 | G72: =SUMIF('New Resources - Individual'!$F$6:$Y$6,G$6,'New Resources - Individual'!$F72:$Y72) -> 0 | H72: =SUMIF('New Resources - Individual'!$F$6:$Y$6,H$6,'New Resources - Individual'!$F72:$Y72) -> 0 | I72: =SUMIF('New Resources - Individual'!$F$6:$Y$6,I$6,'New Resources - Individual'!$F72:$Y72) -> 0 | J72: =SUMIF('New Resources - Individual'!$F$6:$Y$6,J$6,'New Resources - Individual'!$F72:$Y72) -> 0 | K72: =SUMIF('New Resources - Individual'!$F$6:$Y$6,K$6,'New Resources - Individual'!$F72:$Y72) -> 0 | L72: =SUMIF('New Resources - Individual'!$F$6:$Y$6,L$6,'New Resources - Individual'!$F72:$Y72) -> 0 | M72: =SUMIF('New Resources - Individual'!$F$6:$Y$6,M$6,'New Resources - Individual'!$F72:$Y72) -> 0 | ... Y72: =SUMIF('New Resources - Individual'!$F$6:$Y$6,Y$6,'New Resources - Individual'!$F72:$Y72) -> 0
A73: 760 | B73: Contract Termination (MWh) | F73: =SUMIF('New Resources - Individual'!$F$6:$Y$6,F$6,'New Resources - Individual'!$F73:$Y73) -> 0 | G73: =SUMIF('New Resources - Individual'!$F$6:$Y$6,G$6,'New Resources - Individual'!$F73:$Y73) -> 0 | H73: =SUMIF('New Resources - Individual'!$F$6:$Y$6,H$6,'New Resources - Individual'!$F73:$Y73) -> 0 | I73: =SUMIF('New Resources - Individual'!$F$6:$Y$6,I$6,'New Resources - Individual'!$F73:$Y73) -> 0 | J73: =SUMIF('New Resources - Individual'!$F$6:$Y$6,J$6,'New Resources - Individual'!$F73:$Y73) -> 0 | K73: =SUMIF('New Resources - Individual'!$F$6:$Y$6,K$6,'New Resources - Individual'!$F73:$Y73) -> 0 | L73: =SUMIF('New Resources - Individual'!$F$6:$Y$6,L$6,'New Resources - Individual'!$F73:$Y73) -> 0 | M73: =SUMIF('New Resources - Individual'!$F$6:$Y$6,M$6,'New Resources - Individual'!$F73:$Y73) -> 0 | ... Y73: =SUMIF('New Resources - Individual'!$F$6:$Y$6,Y$6,'New Resources - Individual'!$F73:$Y73) -> 0
A74: 770
A75: 780 | B75: Purchased Power Contracts (Market)
